Workbook
Name ____xlnm.Print_Area_2: #REF!
Name ____xlnm.Print_Area_3: #REF!
Name ____xlnm.Print_Area_3_1: #REF!
Name ____xlnm.Print_Titles_2: #REF!
Name ____xlnm.Print_Titles_3: #REF!
Name ___xlnm.Print_Area_2: #REF!
Name ___xlnm.Print_Area_3: #REF!
Name ___xlnm.Print_Area_3_1: #REF!
Name ___xlnm.Print_Titles_2: #REF!
Name ___xlnm.Print_Titles_3: #REF!
Name __Anonymous_Sheet_DB__0: 'CURVA ABC'!$C$9:$O$816
Name __Anonymous_Sheet_DB__0: PLANILHA_SINTÉTICA!$F$9:$P$1018
Name __xlnm.Print_Area_1: INSUMOS!$A$1:$D$6
Name __xlnm.Print_Area_2: #REF!
Name __xlnm.Print_Area_2: #REF!
Name __xlnm.Print_Area_2: #REF!
Name __xlnm.Print_Area_2: #REF!
Name __xlnm.Print_Area_2: #REF!
Name __xlnm.Print_Area_3: #REF!
Name __xlnm.Print_Area_3: #REF!
Name __xlnm.Print_Area_3: #REF!
Name __xlnm.Print_Area_3: #REF!
Name __xlnm.Print_Area_3: #REF!
Name __xlnm.Print_Area_3_1: #REF!
Name __xlnm.Print_Area_3_1: #REF!
Name __xlnm.Print_Area_3_1: #REF!
Name __xlnm.Print_Area_3_1: #REF!
Name __xlnm.Print_Titles_1: INSUMOS!$1:$2
Name __xlnm.Print_Titles_2: #REF!
Name __xlnm.Print_Titles_2: #REF!
Name __xlnm.Print_Titles_2: #REF!
Name __xlnm.Print_Titles_2: #REF!
Name __xlnm.Print_Titles_2: #REF!
Name __xlnm.Print_Titles_3: #REF!
Name __xlnm.Print_Titles_3: #REF!
Name __xlnm.Print_Titles_3: #REF!
Name __xlnm.Print_Titles_3: #REF!
Name __xlnm.Print_Titles_3: #REF!
Name _R10P: #REF!
Name _R10P: #REF!
Name _R10P: #REF!
Name _R10P: #REF!
Name _R10P: #REF!
Name _R10R: #REF!
Name _R10R: #REF!
Name _R10R: #REF!
Name _R10R: #REF!
Name _R10R: #REF!
Name _R11P: #REF!
Name _R11P: #REF!
Name _R11P: #REF!
Name _R11P: #REF!
Name _R11P: #REF!
Name _R11R: #REF!
Name _R11R: #REF!
Name _R11R: #REF!
Name _R11R: #REF!
Name _R11R: #REF!
Name _R12P: #REF!
Name _R12P: #REF!

Sheet DADOS
U2: ABATIÁ
U3: ADRIANÓPOLIS
U4: AGUDOS DO SUL
U5: ALMIRANTE TAMANDARÉ
U6: ALTAMIRA DO PARANÁ
U7: ALTO PARAÍSO
U8: ALTO PARANÁ
U9: ALTO PIQUIRI
B10: Identificação da Obra: | U10: ALTÔNIA
U11: ALVORADA DO SUL
B12: Objeto | D12: PRONTO ATENDIMENTO MUNICIPAL | K12: Órgão | M12: SESA | U12: ALVORADA DO SUL
U13: AMAPORÃ
B14: Endereço | D14: RUA DO SOL, S/N - BAIRRO DO SOL - IMBAU/PR 84250-000 | U14: AMPÉRE
U15: ANAHY
B16: Município | D16: IMBAÚ | H16: Preço Máximo | M16: =+'FOLHA FECHAMENTO'!H28 -> 6698621.8 | U16: ANDIRÁ
U17: ÂNGULO
B18: Área Construída | D18: 812.89 | H18: R$ / m² | M18: =IF(D18<>"",M16/D18," ") -> 8240.5022 | U18: ANTONINA
U19: ANTÔNIO OLINTO
B20: Data | D20: =TODAY() -> 46142 | U20: APUCARANA
U21: ARAPONGAS
B22: Identificação do Orçamentista: | U22: ARAPOTI
U23: ARAPUÃ
B24: Nome Completo | D24: Erick William da Silva Damaceno | U24: ARARUNA
U25: ARAUCÁRIA
B26: Profissão | D26: Engenheiro Civil | U26: ARIRANHA DO IVAÍ
U27: ASSAÍ
B28: CREA / CAU N° | D28: 211052/D | U28: ASSIS CHATEAUBRIAND
U29: ASTORGA
B30: ART / RRT N° | D30: 1720261230534 | U30: ATALAIA
U31: BALSA NOVA
B32: Empresa | D32: Prefeitura Municipal de Imbaú | U32: BANDEIRANTES
U33: BARBOSA FERRAZ
B34: Telefone | D34: (41) 9 8737-8029 | U34: BARRACÃO
U35: BELA VISTA DA CAROBA
B36: E-mail | D36: engerickdamaceno@gmail.com | U36: BITURUNA
U37: BOA ESPERANÇA
B38: Check-list da Documentação | U38: BOA ESPERANÇA DO IGUAÇU
U39: BOA VENTURA DE SÃO ROQUE
B40: Documento | H40: SIM | K40: NÃO | U40: BOA VISTA DA APARECIDA
U41: BOCAIÚVA DO SUL
B42: Folha de Fechamento | H42: X | U42: BOM JESUS DO SUL
U43: BOM SUCESSO
B44: Folha Resumo | H44: X | U44: BOM SUCESSO
U45: BOM SUCESSO
B46: Planilha Orçamentária | H46: X | U46: BOM SUCESSO DO SUL
U47: BORRAZÓPOLIS
B48: Cronograma Físico Financeiro | H48: X | U48: BRAGANEY
U49: BRASILÂNDIA DO SUL
B50: Composições Complementares (Analítica) | H50: X | U50: CAFEARA
U51: CAFELÂNDIA
B52: Cotações de Insumos / Proposta de Serviços Terceirizados | H52: X | U52: CAFEZAL DO SUL
U53: CALIFÓRNIA
B54: Curva ABC de Serviços | H54: X | U54: CAMBARÁ
U55: CAMBÉ
B56: Composição do BDI | H56: X | U56: CAMBIRA
U57: CAMPINA DA LAGOA
B58: ART ou RRT Quitada | H58: X | U58: CAMPINA DO SIMÃO
U59: CAMPINA GRANDE DO SUL
B60: Memória de Cálculo do Orçamento | H60: X | U60: CAMPO BONITO
U61: CAMPO DO TENENTE
B62: Lista de Projetos aprovados utilizados no Orçamento | H62: X | U62: CAMPO LARGO
U63: CAMPO MAGRO
B64: Termo de Responsabilidade: | H64: X | U64: CAMPO MOURÃO
B65: Correto uso dos modelos e da tabela SECID | U65: CÂNDIDO DE ABREU
H66: X | U66: CANDÓI
B67: Declaração de Liberação do Direito Autoral: | U67: CANTAGALO
U68: CAPANEMA
U73: CARLÓPOLIS
U74: CASCAVEL
B75: =D24 -> Erick William da Silva Damaceno | U75: CASTRO
B76: Responsável Técnico | U76: CATANDUVAS
B77: Carimbo e Assinatura | U77: CENTENÁRIO DO SUL
U78: CERRO AZUL
U79: CÉU AZUL
U80: CHOPINZINHO
U81: CIANORTE
U82: CIDADE GAÚCHA
U83: CLEVELÂNDIA
U84: COLOMBO
U85: COLORADO
U86: CONGONHINHAS
U87: CONSELHEIRO MAIRINCK
U88: CONTENDA
U89: CORBÉLIA
... U403: XAMBRÊ

Sheet FOLHA FECHAMENTO
O2: AMPLIAÇÃO
O3: CONSTRUÇÃO
O4: FABRICAÇÃO
O5: RECUPERAÇÃO
O6: REFORMA
O7: REPAROS
O8: CONSERVAÇÃO
A9: FOLHA RESUMO PARA FECHAMENTO DE ORÇAMENTO | K9: DATA: | L9: =IF(DADOS!D20<>"",DADOS!D20," ") -> 46142 | O9: DEMOLIÇÃO
A10: PRÓPRIO: | C10: =IF(DADOS!$D$12<>"",DADOS!$D$12," ") -> PRONTO ATENDIMENTO MUNICIPAL | J10: TIPO DE OBRA/SERVIÇO: | K10: CONSTRUÇÃO | O10: INSTALAÇÃO
A11: ENDEREÇO: | C11: =IF(DADOS!D14<>"",DADOS!D14," ") -> RUA DO SOL, S/N - BAIRRO DO SOL - IMBAU/PR 84250-000 | J11: MUNICÍPIO: | K11: =IF(DADOS!$D$16<>"",DADOS!$D$16," ") -> IMBAÚ | O11: MANUTENÇÃO
A12: ORGÃO: | C12: =IF(DADOS!M12<>"",DADOS!M12," ") -> SESA | J12: PROTOCOLO: | O12: MONTAGEM
O13: OPERAÇÃO
O14: AMPLIAÇÃO
A15: Nº LEVANTº: | C15: REV00 | F15: ORGANIZADO POR: | O15: CONSERTO
F16: RESPONSÁVEL TÉCNICO: | G16: =IF(DADOS!D24<>"",DADOS!D24," ") -> Erick William da Silva Damaceno | K16: CREA / CAU: | L16: =IF(DADOS!D28<>"",DADOS!D28," ") -> 211052/D
F17: NÚCLEO REGIONAL DAS CIDADES | G17: PONTA GROSSA | K17: ART / RRT N°: | L17: =IF(DADOS!D30<>"",DADOS!D30," ") -> 1720261230534 | O17: CAMPO MOURÃO
A18: OBSERVAÇÃO: | O18: CASCAVEL
O19: CURITIBA
O20: GUARAPUAVA
O21: LONDRINA
E22: CUSTO (R$) | G22: BDI (%) | H22: VALOR COM BDI (R$) | O22: MARINGÁ
B23: Custo dos Serviços Convencionais | E23: =RESUMO!$H$42 -> 4572351.6 | G23: =BDI!$D$27 -> 0.2037366 | H23: =$E$23+($E$23*$G$23) -> 5503907 | O23: PATO BRANCO
B24: Custos dos Serviços de Natureza Específica | E24: =RESUMO!$H$50 -> 1075290.9 | G24: =BDI!$D$47 -> 0.11106199 | H24: =$E$24+($E$24*$G$24) -> 1194714.9 | O24: PONTA GROSSA
O25: SANTO ANTÔNIO DA PLATINA
B26: Custo Total da Obra | H26: =E23+E24 -> 5647642.5 | O26: UMUARAMA
O27: UNIÃO DA VITÓRIA
B28: Valor Total da Obra com BDI | H28: =H23+H24 -> 6698621.8 | P28: =+CRONOGRAMA!AB51 -> 6698621.8
A30: Lista de serviços considerados de Natureza Específica:
A31: EQUIPAMENTOS DE CLIMATIZAÇÃO, EQUIPAMENTOS DE GASES MEDICINAIS E GRUPO GERADOR
E33: Prazo de execução : | F33: 300 | G33: DIAS CORRIDOS
E35: Relatório MAT+MO : | F35: MATERIAL = | H35: =IF(RESUMO!$F$52<>"",RESUMO!$F$52," ") -> 0.79170745
F37: MÃO-DE-OBRA = | H37: =IF(H35=0,"",1-H35) -> 0.20829255
A41: Referencial utilizado: | G41: SINAPI FEVEREIRO DE 2025 - NÃO DESONERADA
A43: Data-base: | G43: Vigência: SECID - MARÇO DE 2025
G45: Resolução SECID N°027/2025
B55: _________________________ | G55: _______________________ | I55: __________________________
A56: =IF(DADOS!D24<>"",DADOS!D24,"") -> Erick William da Silva Damaceno
B57: Responsável Técnico | G57: Resp. Aprovação | I57: Gerente
B58: Carimbo e Assinatura | G58: Carimbo e Assinatura | I58: Carimbo e Assinatura

Sheet BDI
C7: PRÓPRIO: | D7: =IF(DADOS!$D$12<>"",DADOS!$D$12," ") -> PRONTO ATENDIMENTO MUNICIPAL
C8: PRAZO DE OBRA: | D8: =IF('FOLHA FECHAMENTO'!F33<>"",'FOLHA FECHAMENTO'!F33," ") -> 300 | E8: DIAS CORRIDOS
C9: COMPOSIÇÃO DE BDI PARA EDIFICAÇÕES NÃO DESONERADA | H9: Vigência: 01/12/2015
A11: CUSTO TOTAL DO SERVIÇO (R$): | I11: ='FOLHA FECHAMENTO'!$E$23 -> 4572351.6
A13: ITEM | B13: DISCRIMINAÇÃO | C13: VALOR (R$) | D13: TAXA (%) | E13: OBSERVAÇÃO | F13: SITUAÇÃO DO INTERVALO ADMISSIVEL | G13: PARCELAS DO BDI (%)
G14: 1 Quartil | H14: Médio | I14: 3 Quartil
A15: 1 | B15: AC - ADMINISTRAÇÃO CENTRAL | C15: =D15*$I$11 -> 171463.19 | D15: 0.0375 | F15: =IF(AND(D15>=G15,D15<=I15),"OK","DIFERE") -> OK | G15: 0.03 | H15: 0.04 | I15: 0.055 | J15: AC | K15: ADMINISTRAÇÃO CENTRAL
A16: 2 | B16: SG - SEGUROS + GARANTIA | C16: =D16*$I$11 -> 36578.813 | D16: 0.008 | F16: =IF(AND(D16>=G16,D16<=I16),"OK","DIFERE") -> OK | G16: 0.008 | H16: 0.008 | I16: 0.01 | J16: SG | K16: SEGUROS + GARANTIA
A17: 3 | B17: R - RISCOS | C17: =D17*$I$11 -> 44351.811 | D17: 0.0097 | F17: =IF(AND(D17>=G17,D17<=I17),"OK","DIFERE") -> OK | G17: 0.0097 | H17: 0.0127 | I17: 0.0127 | J17: R | K17: RISCOS
A18: 4 | B18: DF - DESPESAS FINANCEIRAS | C18: =D18*($I$11+C15+C16+C17) -> 28465.998 | D18: 0.0059 | F18: =IF(AND(D18>=G18,D18<=I18),"OK","DIFERE") -> OK | G18: 0.0059 | H18: 0.0123 | I18: 0.0139 | J18: DF | K18: DESPESAS FINANCEIRAS
A19: 5 | B19: L - LUCRO BRUTO | C19: =D19*($I$11+C15+C16+C17+C18) -> 339724.8 | D19: 0.07 | F19: =IF(AND(D19>=G19,D19<=I19),"OK","DIFERE") -> OK | G19: 0.0616 | H19: 0.074 | I19: 0.0896 | J19: L | K19: LUCRO BRUTO
A20: 6 | B20: I - IMPOSTOS | C20: =D20*$I$11*(1+D27) -> 310970.74 | D20: =SUM(D21:D24) -> 0.0565 | J20: I | K20: IMPOSTOS
A21: 6.1 | B21: PIS | D21: 0.0065
A22: 6.2 | B22: COFINS | D22: 0.03
A23: 6.3 | B23: ISS (CONFORME LEGISLAÇÃO MUNICIPAL) | D23: 0.02
A24: 6.4 | B24: CONTRIB.PREV. SOBRE REC. BRUTA - CPRB | D24: 0
A25: TOTAL DO BDI (R$) | C25: =SUM(C15:C20) -> 931555.35 | F25: Parâmetros do Acórdão 2.622/2013 - Plenário
A26: PREÇO DE VENDA (R$) | C26: =C25+I11 -> 5503907 | F26: Sem CPRB | G26: 0.2034 | H26: 0.2212 | I26: 0.25
A27: BDI (%) | D27: =(((1+$D15+$D16+$D17)*(1+$D18)*(1+$D19)/(1-$D20)))-1 -> 0.2037366 | E27: =IF(AND($D27>=$G27,$D27<=$I27),"OK","DIFERE") -> OK | F27: Com CPRB | G27: =((G26+1))/(1-$D$24)-1 -> 0.2034 | H27: =((H26+1))/(1-$D$24)-1 -> 0.2212 | I27: =((I26+1))/(1-$D$24)-1 -> 0.25
B30: COMPOSIÇÃO DE BDI PARA EQUIPAMENTOS E SERVIÇOS DE NATUREZA ESPECÍFICA
A32: CUSTO TOTAL NATUREZA ESPECÍFICA (R$): | I32: ='FOLHA FECHAMENTO'!$E$24 -> 1075290.9
A33: ITEM | B33: DISCRIMINAÇÃO | C33: VALOR (R$) | D33: TAXA (%) | E33: OBSERVAÇÃO | F33: SITUAÇÃO DO INTERVALO ADMISSIVEL | G33: PARCELAS DO BDI (%)
G34: 1 Quartil | H34: Médio | I34: 3 Quartil
A35: 1 | B35: AC - ADMINISTRAÇÃO CENTRAL | C35: =D35*$I$32 -> 17204.655 | D35: 0.016 | F35: =IF(AND(D35>=G35,D35<=I35),"OK","DIFERE") -> OK | G35: 0.015 | H35: 0.0345 | I35: 0.0449 | J35: AC | K35: ADMINISTRAÇÃO CENTRAL
A36: 2 | B36: SG - SEGUROS + GARANTIA | C36: =D36*$I$32 -> 3225.8728 | D36: 0.003 | F36: =IF(AND(D36>=G36,D36<=I36),"OK","DIFERE") -> OK | G36: 0.003 | H36: 0.0048 | I36: 0.0082 | J36: SG | K36: SEGUROS + GARANTIA
A37: 3 | B37: R - RISCOS | C37: =D37*$I$32 -> 6021.6292 | D37: 0.0056 | F37: =IF(AND(D37>=G37,D37<=I37),"OK","DIFERE") -> OK | G37: 0.0056 | H37: 0.0085 | I37: 0.0089 | J37: R | K37: RISCOS
A38: 4 | B38: DF - DESPESAS FINANCEIRAS | C38: =D38*($I$32+C35+C36+C37) -> 9364.8162 | D38: 0.0085 | F38: =IF(AND(D38>=G38,D38<=I38),"OK","DIFERE") -> OK | G38: 0.0085 | H38: 0.0085 | I38: 0.0111 | J38: DF | K38: DESPESAS FINANCEIRAS
A39: 5 | B39: L - LUCRO BRUTO | C39: =D39*($I$32+C35+C36+C37+C38) -> 39999.885 | D39: 0.036 | F39: =IF(AND(D39>=G39,D39<=I39),"OK","DIFERE") -> OK | G39: 0.035 | H39: 0.0511 | I39: 0.0622 | J39: L | K39: LUCRO BRUTO
A40: 6 | B40: I - IMPOSTOS | C40: =D40*$I$32*(1+D47) -> 43607.093 | D40: =SUM(D41:D44) -> 0.0365 | J40: I | K40: IMPOSTOS
A41: 6.1 | B41: PIS | D41: 0.0065
A42: 6.2 | B42: COFINS | D42: 0.03
A43: 6.3 | B43: ISS (CONFORME LEGISLAÇÃO MUNICIPAL) | D43: 0
A44: 6.4 | B44: CONTRIB.PREV. SOBRE REC. BRUTA - CPRB | D44: 0
A45: TOTAL DO BDI (R$) | C45: =SUM(C35:C40) -> 119423.95 | F45: Parâmetros do Acórdão 2.622/2013 - Plenário
A46: PREÇO DE VENDA (R$) | C46: =C45+I32 -> 1194714.9 | F46: Sem CPRB | G46: 0.111 | H46: 0.1402 | I46: 0.168
A47: BDI (%) | D47: =(((1+$D35+$D36+$D37)*(1+$D38)*(1+$D39)/(1-$D40)))-1 -> 0.11106199 | E47: =IF(AND($D47>=$G47,$D47<=$I47),"OK","DIFERE") -> OK | F47: Com CPRB | G47: =((G46+1))/(1-$D$44)-1 -> 0.111 | H47: =((H46+1))/(1-$D$44)-1 -> 0.1402 | I47: =((I46+1))/(1-$D$44)-1 -> 0.168
E49: Equação Acordão TCU 2.622/2013 - Plenário
A53: Onde:
A54: AC: taxa de administração central;
A55: S: taxa de seguros;
A56: G: taxa de garantias;
A57: R: taxa de riscos;
A58: DF: taxa de despesas financeiras;
A59: L: taxa de lucro/remuneração;
A60: I: taxa de incidência de impostos (PIS, COFINS, ISS, CPRB).
F64: =IF(DADOS!$D$24<>"",DADOS!$D$24," ") -> Erick William da Silva Damaceno
F65: Responsável Técnico
F66: Carimbo e Assinatura

Sheet RESUMO
C7: ENDEREÇO: | D7: =IF(DADOS!D14<>"",DADOS!D14," ") -> RUA DO SOL, S/N - BAIRRO DO SOL - IMBAU/PR 84250-000 | G7: DATA: | H7: =IF(DADOS!$D$20<>"",DADOS!$D$20," ") -> 46142
C8: MUNICÍPIO: | D8: =IF(DADOS!$D$16<>"",DADOS!$D$16," ") -> IMBAÚ | G8: TIPO DE OBRA/SERVIÇO: | H8: =IF('FOLHA FECHAMENTO'!K10<>"",'FOLHA FECHAMENTO'!K10," ") -> CONSTRUÇÃO
C9: OBRA: | D9: =IF(DADOS!D12<>"",DADOS!D12," ") -> PRONTO ATENDIMENTO MUNICIPAL | G9: RESP. TÉCNICO: | H9: =IF(DADOS!$D$24<>"",DADOS!$D$24," ") -> Erick William da Silva Damaceno
C10: ÓRGÃO PROP.: | D10: =IF(DADOS!M12<>"",DADOS!M12," ") -> SESA | G10: BDI: | H10: =IF('FOLHA FECHAMENTO'!G23<>"",'FOLHA FECHAMENTO'!G23," ") -> 0.2037366 | I10: BDI DIFERENCIADO: | J10: =IF('FOLHA FECHAMENTO'!$G$24<>"",'FOLHA FECHAMENTO'!G24," ") -> 0.11106199
B12: ITEM | C12: DESCRIÇÃO | F12: SEM BDI | I12: TOTAL COM BDI | J12: %
F13: MATERIAL | G13: MÃO DE OBRA | H13: TOTAL
C14: CONSTRUÇÃO EDIFICAÇÃO PADRÃO
B15: 1 | C15: =IF($B15<>"",VLOOKUP($B15,PLANILHA_SINTÉTICA!$E:$P,3,0),"") -> ADMINISTRAÇÃO LOCAL | F15: =IF($B15<>"",VLOOKUP($B15,PLANILHA_SINTÉTICA!$E:$P,9,0),"") -> 6517 | G15: =IF($B15<>"",VLOOKUP($B15,PLANILHA_SINTÉTICA!$E:$P,10,0),"") -> 172946 | H15: =IF($B15<>"",VLOOKUP($B15,PLANILHA_SINTÉTICA!$E:$P,12,0),"") -> 179463 | I15: =IF($B15<>"",(1+$H$10)*$H15," ") -> 216026.18 | J15: =IF($B15<>"",IF(OR($B15="",H15=0),0,$I15/$I$51),"") -> 0.032249347
B16: 2 | C16: =IF($B16<>"",VLOOKUP($B16,PLANILHA_SINTÉTICA!$E:$P,3,0),"") -> SERVIÇOS PRELIMINARES | F16: =IF($B16<>"",VLOOKUP($B16,PLANILHA_SINTÉTICA!$E:$P,9,0),"") -> 21162.82 | G16: =IF($B16<>"",VLOOKUP($B16,PLANILHA_SINTÉTICA!$E:$P,10,0),"") -> 10513.74 | H16: =IF($B16<>"",VLOOKUP($B16,PLANILHA_SINTÉTICA!$E:$P,12,0),"") -> 31676.56 | I16: =IF($B16<>"",(1+$H$10)*$H16," ") -> 38130.234 | J16: =IF($B16<>"",IF(OR($B16="",H16=0),0,$I16/$I$51),"") -> 0.0056922506
B17: 3 | C17: =IF($B17<>"",VLOOKUP($B17,PLANILHA_SINTÉTICA!$E:$P,3,0),"") -> MOVIMENTO DE TERRA | F17: =IF($B17<>"",VLOOKUP($B17,PLANILHA_SINTÉTICA!$E:$P,9,0),"") -> 4527.82 | G17: =IF($B17<>"",VLOOKUP($B17,PLANILHA_SINTÉTICA!$E:$P,10,0),"") -> 7211.91 | H17: =IF($B17<>"",VLOOKUP($B17,PLANILHA_SINTÉTICA!$E:$P,12,0),"") -> 11739.73 | I17: =IF($B17<>"",(1+$H$10)*$H17," ") -> 14131.543 | J17: =IF($B17<>"",IF(OR($B17="",H17=0),0,$I17/$I$51),"") -> 0.0021096194
B18: 4 | C18: =IF($B18<>"",VLOOKUP($B18,PLANILHA_SINTÉTICA!$E:$P,3,0),"") -> FUNDAÇÃO | F18: =IF($B18<>"",VLOOKUP($B18,PLANILHA_SINTÉTICA!$E:$P,9,0),"") -> 108118.09 | G18: =IF($B18<>"",VLOOKUP($B18,PLANILHA_SINTÉTICA!$E:$P,10,0),"") -> 29889.93 | H18: =IF($B18<>"",VLOOKUP($B18,PLANILHA_SINTÉTICA!$E:$P,12,0),"") -> 138008.02 | I18: =IF($B18<>"",(1+$H$10)*$H18," ") -> 166125.3 | J18: =IF($B18<>"",IF(OR($B18="",H18=0),0,$I18/$I$51),"") -> 0.024799923
B19: 5 | C19: =IF($B19<>"",VLOOKUP($B19,PLANILHA_SINTÉTICA!$E:$P,3,0),"") -> SUPRAESTRUTURA | F19: =IF($B19<>"",VLOOKUP($B19,PLANILHA_SINTÉTICA!$E:$P,9,0),"") -> 339164.7 | G19: =IF($B19<>"",VLOOKUP($B19,PLANILHA_SINTÉTICA!$E:$P,10,0),"") -> 98037.71 | H19: =IF($B19<>"",VLOOKUP($B19,PLANILHA_SINTÉTICA!$E:$P,12,0),"") -> 437202.41 | I19: =IF($B19<>"",(1+$H$10)*$H19," ") -> 526276.54 | J19: =IF($B19<>"",IF(OR($B19="",H19=0),0,$I19/$I$51),"") -> 0.078564898
B20: 6 | C20: =IF($B20<>"",VLOOKUP($B20,PLANILHA_SINTÉTICA!$E:$P,3,0),"") -> ALVENARIAS - VEDAÇÃO | F20: =IF($B20<>"",VLOOKUP($B20,PLANILHA_SINTÉTICA!$E:$P,9,0),"") -> 247317.62 | G20: =IF($B20<>"",VLOOKUP($B20,PLANILHA_SINTÉTICA!$E:$P,10,0),"") -> 42380.72 | H20: =IF($B20<>"",VLOOKUP($B20,PLANILHA_SINTÉTICA!$E:$P,12,0),"") -> 289698.34 | I20: =IF($B20<>"",(1+$H$10)*$H20," ") -> 348720.49 | J20: =IF($B20<>"",IF(OR($B20="",H20=0),0,$I20/$I$51),"") -> 0.052058543
B21: 7 | C21: =IF($B21<>"",VLOOKUP($B21,PLANILHA_SINTÉTICA!$E:$P,3,0),"") -> COBERTURA | F21: =IF($B21<>"",VLOOKUP($B21,PLANILHA_SINTÉTICA!$E:$P,9,0),"") -> 247254.12 | G21: =IF($B21<>"",VLOOKUP($B21,PLANILHA_SINTÉTICA!$E:$P,10,0),"") -> 24844.66 | H21: =IF($B21<>"",VLOOKUP($B21,PLANILHA_SINTÉTICA!$E:$P,12,0),"") -> 272098.78 | I21: =IF($B21<>"",(1+$H$10)*$H21," ") -> 327535.26 | J21: =IF($B21<>"",IF(OR($B21="",H21=0),0,$I21/$I$51),"") -> 0.048895917
B22: 8 | C22: =IF($B22<>"",VLOOKUP($B22,PLANILHA_SINTÉTICA!$E:$P,3,0),"") -> IMPERMEABILIZAÇÃO E ISOLAMENTOS | F22: =IF($B22<>"",VLOOKUP($B22,PLANILHA_SINTÉTICA!$E:$P,9,0),"") -> 18538.39 | G22: =IF($B22<>"",VLOOKUP($B22,PLANILHA_SINTÉTICA!$E:$P,10,0),"") -> 10601.63 | H22: =IF($B22<>"",VLOOKUP($B22,PLANILHA_SINTÉTICA!$E:$P,12,0),"") -> 29140.02 | I22: =IF($B22<>"",(1+$H$10)*$H22," ") -> 35076.908 | J22: =IF($B22<>"",IF(OR($B22="",H22=0),0,$I22/$I$51),"") -> 0.0052364366
B23: 9 | C23: =IF($B23<>"",VLOOKUP($B23,PLANILHA_SINTÉTICA!$E:$P,3,0),"") -> REVESTIMENTOS | F23: =IF($B23<>"",VLOOKUP($B23,PLANILHA_SINTÉTICA!$E:$P,9,0),"") -> 281805.12 | G23: =IF($B23<>"",VLOOKUP($B23,PLANILHA_SINTÉTICA!$E:$P,10,0),"") -> 114370.09 | H23: =IF($B23<>"",VLOOKUP($B23,PLANILHA_SINTÉTICA!$E:$P,12,0),"") -> 396175.21 | I23: =IF($B23<>"",(1+$H$10)*$H23," ") -> 476890.6 | J23: =IF($B23<>"",IF(OR($B23="",H23=0),0,$I23/$I$51),"") -> 0.071192345
B24: 10 | C24: =IF($B24<>"",VLOOKUP($B24,PLANILHA_SINTÉTICA!$E:$P,3,0),"") -> ESQUADRIAS | F24: =IF($B24<>"",VLOOKUP($B24,PLANILHA_SINTÉTICA!$E:$P,9,0),"") -> 260494.23 | G24: =IF($B24<>"",VLOOKUP($B24,PLANILHA_SINTÉTICA!$E:$P,10,0),"") -> 44365.75 | H24: =IF($B24<>"",VLOOKUP($B24,PLANILHA_SINTÉTICA!$E:$P,12,0),"") -> 304859.98 | I24: =IF($B24<>"",(1+$H$10)*$H24," ") -> 366971.11 | J24: =IF($B24<>"",IF(OR($B24="",H24=0),0,$I24/$I$51),"") -> 0.054783077
B25: 11 | C25: =IF($B25<>"",VLOOKUP($B25,PLANILHA_SINTÉTICA!$E:$P,3,0),"") -> PINTURAS | F25: =IF($B25<>"",VLOOKUP($B25,PLANILHA_SINTÉTICA!$E:$P,9,0),"") -> 55477.31 | G25: =IF($B25<>"",VLOOKUP($B25,PLANILHA_SINTÉTICA!$E:$P,10,0),"") -> 52205.7 | H25: =IF($B25<>"",VLOOKUP($B25,PLANILHA_SINTÉTICA!$E:$P,12,0),"") -> 107683.01 | I25: =IF($B25<>"",(1+$H$10)*$H25," ") -> 129621.98 | J25: =IF($B25<>"",IF(OR($B25="",H25=0),0,$I25/$I$51),"") -> 0.019350544
B26: 12 | C26: =IF($B26<>"",VLOOKUP($B26,PLANILHA_SINTÉTICA!$E:$P,3,0),"") -> DIVERSOS | F26: =IF($B26<>"",VLOOKUP($B26,PLANILHA_SINTÉTICA!$E:$P,9,0),"") -> 191282.5 | G26: =IF($B26<>"",VLOOKUP($B26,PLANILHA_SINTÉTICA!$E:$P,10,0),"") -> 20714.89 | H26: =IF($B26<>"",VLOOKUP($B26,PLANILHA_SINTÉTICA!$E:$P,12,0),"") -> 211997.39 | I26: =IF($B26<>"",(1+$H$10)*$H26," ") -> 255189.02 | J26: =IF($B26<>"",IF(OR($B26="",H26=0),0,$I26/$I$51),"") -> 0.038095749
... B32: 18 | C32: =IF($B32<>"",VLOOKUP($B32,PLANILHA_SINTÉTICA!$E:$P,3,0),"") -> SERVIÇOS FINAIS | F32: =IF($B32<>"",VLOOKUP($B32,PLANILHA_SINTÉTICA!$E:$P,9,0),"") -> 3444.54 | G32: =IF($B32<>"",VLOOKUP($B32,PLANILHA_SINTÉTICA!$E:$P,10,0),"") -> 3701.39 | H32: =IF($B32<>"",VLOOKUP($B32,PLANILHA_SINTÉTICA!$E:$P,12,0),"") -> 7145.93 | I32: =IF($B32<>"",(1+$H$10)*$H32," ") -> 8601.8174 | J32: =IF($B32<>"",IF(OR($B32="",H32=0),0,$I32/$I$51),"") -> 0.0012841175
C33: IMPLANTAÇÃO
B34: 19 | C34: =IF($B34<>"",VLOOKUP($B34,PLANILHA_SINTÉTICA!$E:$P,3,0),"") -> MOVIMENTO DE TERRA | F34: =IF($B34<>"",VLOOKUP($B34,PLANILHA_SINTÉTICA!$E:$P,9,0),"") -> 56550.56 | G34: =IF($B34<>"",VLOOKUP($B34,PLANILHA_SINTÉTICA!$E:$P,10,0),"") -> 10005.83 | H34: =IF($B34<>"",VLOOKUP($B34,PLANILHA_SINTÉTICA!$E:$P,12,0),"") -> 66556.39 | I34: =IF($B34<>"",(1+$H$10)*$H34," ") -> 80116.362 | J34: =IF($B34<>"",IF(OR($B34="",H34=0),0,$I34/$I$51),"") -> 0.011960126
B35: 20 | C35: =IF($B35<>"",VLOOKUP($B35,PLANILHA_SINTÉTICA!$E:$P,3,0),"") -> MUROS | F35: =IF($B35<>"",VLOOKUP($B35,PLANILHA_SINTÉTICA!$E:$P,9,0),"") -> 381535.55 | G35: =IF($B35<>"",VLOOKUP($B35,PLANILHA_SINTÉTICA!$E:$P,10,0),"") -> 84575.02 | H35: =IF($B35<>"",VLOOKUP($B35,PLANILHA_SINTÉTICA!$E:$P,12,0),"") -> 466110.57 | I35: =IF($B35<>"",(1+$H$10)*$H35," ") -> 561074.35 | J35: =IF($B35<>"",IF(OR($B35="",H35=0),0,$I35/$I$51),"") -> 0.083759669
B36: 21 | C36: =IF($B36<>"",VLOOKUP($B36,PLANILHA_SINTÉTICA!$E:$P,3,0),"") -> CALÇADA EXTERNA | F36: =IF($B36<>"",VLOOKUP($B36,PLANILHA_SINTÉTICA!$E:$P,9,0),"") -> 186369.53 | G36: =IF($B36<>"",VLOOKUP($B36,PLANILHA_SINTÉTICA!$E:$P,10,0),"") -> 35638.19 | H36: =IF($B36<>"",VLOOKUP($B36,PLANILHA_SINTÉTICA!$E:$P,12,0),"") -> 222007.72 | I36: =IF($B36<>"",(1+$H$10)*$H36," ") -> 267238.82 | J36: =IF($B36<>"",IF(OR($B36="",H36=0),0,$I36/$I$51),"") -> 0.039894597
B37: 22 | C37: =IF($B37<>"",VLOOKUP($B37,PLANILHA_SINTÉTICA!$E:$P,3,0),"") -> INSTALAÇÃO ELÉTRICA - (POSTO TRANSFORMAÇÃO, INFRA PARA CABEAMENTO CAT) | F37: =IF($B37<>"",VLOOKUP($B37,PLANILHA_SINTÉTICA!$E:$P,9,0),"") -> 62137.88 | G37: =IF($B37<>"",VLOOKUP($B37,PLANILHA_SINTÉTICA!$E:$P,10,0),"") -> 10509.5 | H37: =IF($B37<>"",VLOOKUP($B37,PLANILHA_SINTÉTICA!$E:$P,12,0),"") -> 72647.38 | I37: =IF($B37<>"",(1+$H$10)*$H37," ") -> 87448.31 | J37: =IF($B37<>"",IF(OR($B37="",H37=0),0,$I37/$I$51),"") -> 0.013054672
B38: 23 | C38: =IF($B38<>"",VLOOKUP($B38,PLANILHA_SINTÉTICA!$E:$P,3,0),"") -> ESQUADRIAS | F38: =IF($B38<>"",VLOOKUP($B38,PLANILHA_SINTÉTICA!$E:$P,9,0),"") -> 11340.58 | G38: =IF($B38<>"",VLOOKUP($B38,PLANILHA_SINTÉTICA!$E:$P,10,0),"") -> 1790.4 | H38: =IF($B38<>"",VLOOKUP($B38,PLANILHA_SINTÉTICA!$E:$P,12,0),"") -> 13130.98 | I38: =IF($B38<>"",(1+$H$10)*$H38," ") -> 15806.241 | J38: =IF($B38<>"",IF(OR($B38="",H38=0),0,$I38/$I$51),"") -> 0.0023596258
B39: 27 | C39: =IF($B39<>"",VLOOKUP($B39,PLANILHA_SINTÉTICA!$E:$P,3,0),"") -> PAISAGISMO, SINALIZAÇÃO VIÁRIA E MOBILIÁRIO URBANO | F39: =IF($B39<>"",VLOOKUP($B39,PLANILHA_SINTÉTICA!$E:$P,9,0),"") -> 29173.31 | G39: =IF($B39<>"",VLOOKUP($B39,PLANILHA_SINTÉTICA!$E:$P,10,0),"") -> 10829.59 | H39: =IF($B39<>"",VLOOKUP($B39,PLANILHA_SINTÉTICA!$E:$P,12,0),"") -> 40002.9 | I39: =IF($B39<>"",(1+$H$10)*$H39," ") -> 48152.955 | J39: =IF($B39<>"",IF(OR($B39="",H39=0),0,$I39/$I$51),"") -> 0.0071884868
B40: 28 | C40: =IF($B40<>"",VLOOKUP($B40,PLANILHA_SINTÉTICA!$E:$P,3,0),"") -> CANTEIRO DE OBRAS - BARRACÕES | F40: =IF($B40<>"",VLOOKUP($B40,PLANILHA_SINTÉTICA!$E:$P,9,0),"") -> 77254.73 | G40: =IF($B40<>"",VLOOKUP($B40,PLANILHA_SINTÉTICA!$E:$P,10,0),"") -> 16097.24 | H40: =IF($B40<>"",VLOOKUP($B40,PLANILHA_SINTÉTICA!$E:$P,12,0),"") -> 93351.97 | I40: =IF($B40<>"",(1+$H$10)*$H40," ") -> 112371.18 | J40: =IF($B40<>"",IF(OR($B40="",H40=0),0,$I40/$I$51),"") -> 0.016775269
B41: 31 | C41: =IF($B41<>"",VLOOKUP($B41,PLANILHA_SINTÉTICA!$E:$P,3,0),"") -> SISTEMA DE TRATAMENTO DE EFLUENTES | F41: =IF($B41<>"",VLOOKUP($B41,PLANILHA_SINTÉTICA!$E:$P,9,0),"") -> 13857.64 | G41: =IF($B41<>"",VLOOKUP($B41,PLANILHA_SINTÉTICA!$E:$P,10,0),"") -> 1792.96 | H41: =IF($B41<>"",VLOOKUP($B41,PLANILHA_SINTÉTICA!$E:$P,12,0),"") -> 15650.6 | I41: =IF($B41<>"",(1+$H$10)*$H41," ") -> 18839.2 | J41: =IF($B41<>"",IF(OR($B41="",H41=0),0,$I41/$I$51),"") -> 0.0028123994
D42: TOTAL (R$) SERVIÇOS | F42: =SUMIF(F15:F41,">0",F15:F41) -> 3448257.8 | G42: =SUMIF(G15:G41,">0",G15:G41) -> 1124093.9 | H42: =SUMIF(H15:H41,">0",H15:H41) -> 4572351.6 | I42: =SUMIF(I15:I41,">0",I15:I41) -> 5503907 | J42: =SUMIF(J15:J41,">0",J15:J41) -> 0.82164766
C43: RESUMO DOS SERVIÇOS DE NATUREZA ESPECÍFICA
C44: IMPLANTAÇÃO | F44: =IF($B44<>"",VLOOKUP($B44,PLANILHA_SINTÉTICA!$E:$P,9,0),"") | G44: =IF($B44<>"",VLOOKUP($B44,PLANILHA_SINTÉTICA!$E:$P,10,0),"") | H44: =IF($B44<>"",VLOOKUP($B44,PLANILHA_SINTÉTICA!$E:$P,12,0),"") | I44: =IF($B44<>"",(1+$J$10)*$H44," ") | J44: =IF($B44<>"",IF(OR($B44="",H44=0),0,$I44/$I$51),"")
B45: 24 | C45: =IF($B45<>"",VLOOKUP($B45,PLANILHA_SINTÉTICA!$E:$P,3,0),"") -> GRUPO GERADOR | F45: =IF($B45<>"",VLOOKUP($B45,PLANILHA_SINTÉTICA!$E:$P,9,0),"") -> 174370.05 | G45: =IF($B45<>"",VLOOKUP($B45,PLANILHA_SINTÉTICA!$E:$P,10,0),"") -> 0 | H45: =IF($B45<>"",VLOOKUP($B45,PLANILHA_SINTÉTICA!$E:$P,12,0),"") -> 174370.05 | I45: =IF($B45<>"",(1+$J$10)*$H45," ") -> 193735.93 | J45: =IF($B45<>"",IF(OR($B45="",H45=0),0,$I45/$I$51),"") -> 0.02892176
B46: 25 | C46: =IF($B46<>"",VLOOKUP($B46,PLANILHA_SINTÉTICA!$E:$P,3,0),"") -> EQUIPAMENTOS CABEAMENTO ESTRUTURADO | F46: =IF($B46<>"",VLOOKUP($B46,PLANILHA_SINTÉTICA!$E:$P,9,0),"") -> 41801.59 | G46: =IF($B46<>"",VLOOKUP($B46,PLANILHA_SINTÉTICA!$E:$P,10,0),"") -> 8260.98 | H46: =IF($B46<>"",VLOOKUP($B46,PLANILHA_SINTÉTICA!$E:$P,12,0),"") -> 50062.57 | I46: =IF($B46<>"",(1+$J$10)*$H46," ") -> 55622.619 | J46: =IF($B46<>"",IF(OR($B46="",H46=0),0,$I46/$I$51),"") -> 0.0083035914
B47: 26 | C47: =IF($B47<>"",VLOOKUP($B47,PLANILHA_SINTÉTICA!$E:$P,3,0),"") -> EQUIPAMENTOS CHAMADA DE ENFERMAGEM | F47: =IF($B47<>"",VLOOKUP($B47,PLANILHA_SINTÉTICA!$E:$P,9,0),"") -> 5029.54 | G47: =IF($B47<>"",VLOOKUP($B47,PLANILHA_SINTÉTICA!$E:$P,10,0),"") -> 736.15 | H47: =IF($B47<>"",VLOOKUP($B47,PLANILHA_SINTÉTICA!$E:$P,12,0),"") -> 5765.69 | I47: =IF($B47<>"",(1+$J$10)*$H47," ") -> 6406.039 | J47: =IF($B47<>"",IF(OR($B47="",H47=0),0,$I47/$I$51),"") -> 0.00095632194
B48: 29 | C48: =IF($B48<>"",VLOOKUP($B48,PLANILHA_SINTÉTICA!$E:$P,3,0),"") -> INSTALAÇÃO DE CLIMATIZAÇÃO - EQUIPAMENTOS (FANCOIL, UTAS, VENTILADORES, EVAPORADORES, CONDENSADORES, COMANDO) | F48: =IF($B48<>"",VLOOKUP($B48,PLANILHA_SINTÉTICA!$E:$P,9,0),"") -> 674639.26 | G48: =IF($B48<>"",VLOOKUP($B48,PLANILHA_SINTÉTICA!$E:$P,10,0),"") -> 41725.3 | H48: =IF($B48<>"",VLOOKUP($B48,PLANILHA_SINTÉTICA!$E:$P,12,0),"") -> 716364.56 | I48: =IF($B48<>"",(1+$J$10)*$H48," ") -> 795925.43 | J48: =IF($B48<>"",IF(OR($B48="",H48=0),0,$I48/$I$51),"") -> 0.11881928
B49: 30 | C49: =IF($B49<>"",VLOOKUP($B49,PLANILHA_SINTÉTICA!$E:$P,3,0),"") -> INSTALAÇÃO DE GASES MEDICIAIS - EQUIPAMENTOS | F49: =IF($B49<>"",VLOOKUP($B49,PLANILHA_SINTÉTICA!$E:$P,9,0),"") -> 127182.5 | G49: =IF($B49<>"",VLOOKUP($B49,PLANILHA_SINTÉTICA!$E:$P,10,0),"") -> 1545.56 | H49: =IF($B49<>"",VLOOKUP($B49,PLANILHA_SINTÉTICA!$E:$P,12,0),"") -> 128728.06 | I49: =IF($B49<>"",(1+$J$10)*$H49," ") -> 143024.85 | J49: =IF($B49<>"",IF(OR($B49="",H49=0),0,$I49/$I$51),"") -> 0.021351385
D50: TOTAL (R$) NATUREZA ESPECIFICA | F50: =SUMIF(F44:F49,">0",F44:F49) -> 1023022.9 | G50: =SUMIF(G44:G49,">0",G44:G49) -> 52267.99 | H50: =SUMIF(H44:H49,">0",H44:H49) -> 1075290.9 | I50: =SUMIF(I44:I49,">0",I44:I49) -> 1194714.9 | J50: =SUMIF(J44:J49,">0",J44:J49) -> 0.17835234
B51: TOTAL (R$) GERAL DA OBRA | F51: =F42+F50 -> 4471280.7 | G51: =G42+G50 -> 1176361.8 | H51: =H42+H50 -> 5647642.5 | I51: =I42+I50 -> 6698621.8 | J51: =J42+J50 -> 1
B52: PERCENTAGEM (%) | F52: =IF(H51=0,0,F51/$H$51) -> 0.79170745 | G52: =IF(H51=0,0,G51/$H$51) -> 0.20829255 | H52: =F52+G52 -> 1 | I52: - | J52: -
B53: PRAZO DE EXECUÇÃO (DIAS CORRIDOS): | E53: =IF('FOLHA FECHAMENTO'!$F$33<>"",'FOLHA FECHAMENTO'!$F$33," ") -> 300
C58: =IF(DADOS!$D$24<>"",DADOS!$D$24," ") -> Erick William da Silva Damaceno
D59: Ass. Responsável pelo Orçamento
D60: Carimbo

Sheet SERVIÇOS
C1: SERVIÇOS DE EDIFICAÇÕES - NÃO DESONERADA RESOLUÇÃO SECID N° 027/2025 Referência SINAPI: FEVEREIRO de 2025 - Vigência: MARÇO de 2025
A2: GRUPO | B2: CODIGO | C2: DESCRIÇÃO DO SERVIÇO | D2: UNID. MEDIDA | E2: CUSTOS
E3: MATERIAL | F3: MÃO DE OBRA | G3: TOTAL
A5: Acessibilidade | B5: 104658 | C5: PISO PODOTÁTIL DE ALERTA OU DIRECIONAL, DE CONCRETO, ASSENTADO SOBRE ARGAMASSA. AF_03/2024 | D5: M2 | E5: 104.37 | F5: 42.6 | G5: 146.97
A6: Acessibilidade | B6: 105002 | C6: RAMPA DE ACESSIBILIDADE EM CONCRETO MOLDADO IN LOCO, EM CALÇADA NOVA COM LARGURA MAIOR OU IGUAL À 3,00 M, FCK 25MPA, COM PISO PODOTÁTIL. AF_03/2024 | D6: UN | E6: 447.96 | F6: 315.03 | G6: 762.99
A7: Acessibilidade | B7: 105004 | C7: RAMPA DE ACESSIBILIDADE EM CONCRETO MOLDADO IN LOCO, EM CALÇADA NOVA COM LARGURA MENOR À 3,00 M, FCK 25MPA, COM PISO PODOTÁTIL. AF_03/2024 | D7: M2 | E7: 76.35 | F7: 54.51 | G7: 130.86
A8: Acessibilidade | B8: 105003 | C8: RAMPA DE ACESSIBILIDADE EM CONCRETO MOLDADO IN LOCO, EM CALÇADA PRÉ EXISTENTE COM LARGURA MAIOR OU IGUAL À 3,00 M, FCK 25MPA, COM PISO PODOTÁTIL. AF_03/2024 | D8: UN | E8: 679.48 | F8: 618.21 | G8: 1297.69
A9: Acessibilidade | B9: 105005 | C9: RAMPA DE ACESSIBILIDADE EM CONCRETO MOLDADO IN LOCO, EM CALÇADA PRÉ EXISTENTE COM LARGURA MENOR À 3,00 M, FCK 25MPA, COM PISO PODOTÁTIL. AF_03/2024 | D9: M2 | E9: 119.21 | F9: 110.64 | G9: 229.85
A10: Acessibilidade | B10: 105000 | C10: RAMPA DE ACESSIBILIDADE PARA ACESSO A EDIFICAÇÕES COM INCLINAÇÃO DE 8,33% EM CONCRETO MOLDADO IN LOCO, COM LARGURA DE 1,20M, FCK 25MPA, NÃO ARMADA, COM JUNTA A CADA 2M COM CORTE À SECO. AF_03/2024 | D10: M | E10: 996.55 | F10: 529.32 | G10: 1525.87
A11: Acessibilidade | B11: 105001 | C11: RAMPA DE ACESSIBILIDADE PARA ACESSO A EDIFICAÇÕES COM INCLINAÇÃO DE 8,33% EM CONCRETO MOLDADO IN LOCO, COM LARGURA DE 1,50M, FCK 25MPA, NÃO ARMADA, COM JUNTA A CADA 2M COM CORTE À SECO. AF_03/2024 | D11: M | E11: 1020.82 | F11: 534.59 | G11: 1555.41
A12: Alvenaria Estrutural - Blocos Cerâmicos | B12: 89306 | C12: ALVENARIA ESTRUTURAL DE BLOCOS CERÂMICOS 14X19X29, (ESPESSURA DE 14 CM), UTILIZANDO COLHER DE PEDREIRO E ARGAMASSA DE ASSENTAMENTO COM PREPARO EM BETONEIRA. AF_03/2023 | D12: M2 | E12: 60.79 | F12: 47.33 | G12: 108.12
A13: Alvenaria Estrutural - Blocos Cerâmicos | B13: 89307 | C13: ALVENARIA ESTRUTURAL DE BLOCOS CERÂMICOS 14X19X29, (ESPESSURA DE 14 CM), UTILIZANDO COLHER DE PEDREIRO E ARGAMASSA DE ASSENTAMENTO COM PREPARO MANUAL. AF_03/2023 | D13: M2 | E13: 61.86 | F13: 49.05 | G13: 110.91
A14: Alvenaria Estrutural - Blocos Cerâmicos | B14: 89290 | C14: ALVENARIA ESTRUTURAL DE BLOCOS CERÂMICOS 14X19X29, (ESPESSURA DE 14 CM), UTILIZANDO PALHETA E ARGAMASSA DE ASSENTAMENTO COM PREPARO EM BETONEIRA. AF_03/2023 | D14: M2 | E14: 53.82 | F14: 33.98 | G14: 87.8
A15: Alvenaria Estrutural - Blocos Cerâmicos | B15: 89291 | C15: ALVENARIA ESTRUTURAL DE BLOCOS CERÂMICOS 14X19X29, (ESPESSURA DE 14 CM), UTILIZANDO PALHETA E ARGAMASSA DE ASSENTAMENTO COM PREPARO MANUAL. AF_03/2023 | D15: M2 | E15: 54.61 | F15: 35.27 | G15: 89.88
A16: Alvenaria Estrutural - Blocos Cerâmicos | B16: 89298 | C16: ALVENARIA ESTRUTURAL DE BLOCOS CERÂMICOS 14X19X39, (ESPESSURA DE 14 CM), UTILIZANDO COLHER DE PEDREIRO E ARGAMASSA DE ASSENTAMENTO COM PREPARO EM BETONEIRA. AF_03/2023 | D16: M2 | E16: 56.34 | F16: 35.1 | G16: 91.44
... A7801: Válvulas e Registros para Sistemas Prediais | B7801: 103017 | C7801: VÁLVULA DE RETENÇÃO, DE BRONZE, PÉ COM CRIVOS, ROSCÁVEL, 4" - FORNECIMENTO E INSTALAÇÃO. AF_08/2021 | D7801: UN | E7801: 1003.56 | F7801: 17.56 | G7801: 1021.12

Sheet INSUMOS
B1: INSUMOS DE EDIFICAÇÕES - NÃO DESONERADA RESOLUÇÃO SECID N° 027/2025 Referência SINAPI: FEVEREIRO de 2025 - Vigência: MARÇO de 2025
A2: CODIGO | B2: DESCRICAO DO INSUMO | C2: UNID. MEDIDA | D2: R$/UN
A3: 11270 | B3: ABRACADEIRA DE LATAO PARA FIXACAO DE CABO PARA-RAIO, DIMENSOES 32 X 24 X 24 MM | C3: UN | D3: 2.34
A4: 412 | B4: ABRACADEIRA DE NYLON PARA AMARRACAO DE CABOS, COMPRIMENTO DE *230* X *7,6* MM | C4: UN | D4: 1.02
A5: 414 | B5: ABRACADEIRA DE NYLON PARA AMARRACAO DE CABOS, COMPRIMENTO DE 100 X 2,5 MM | C5: UN | D5: 0.06
A6: 410 | B6: ABRACADEIRA DE NYLON PARA AMARRACAO DE CABOS, COMPRIMENTO DE 150 X *3,6* MM | C6: UN | D6: 0.15
A7: 411 | B7: ABRACADEIRA DE NYLON PARA AMARRACAO DE CABOS, COMPRIMENTO DE 200 X *4,6* MM | C7: UN | D7: 0.2
A8: 408 | B8: ABRACADEIRA DE NYLON PARA AMARRACAO DE CABOS, COMPRIMENTO DE 390 X *4,6* MM | C8: UN | D8: 0.99
A9: 39131 | B9: ABRACADEIRA EM ACO PARA AMARRACAO DE ELETRODUTOS, TIPO D, COM 1 1/2" E CUNHA DE FIXACAO | C9: UN | D9: 4.59
A10: 394 | B10: ABRACADEIRA EM ACO PARA AMARRACAO DE ELETRODUTOS, TIPO D, COM 1 1/2" E PARAFUSO DE FIXACAO | C10: UN | D10: 4.65
A11: 39130 | B11: ABRACADEIRA EM ACO PARA AMARRACAO DE ELETRODUTOS, TIPO D, COM 1 1/4" E CUNHA DE FIXACAO | C11: UN | D11: 4.19
A12: 395 | B12: ABRACADEIRA EM ACO PARA AMARRACAO DE ELETRODUTOS, TIPO D, COM 1 1/4" E PARAFUSO DE FIXACAO | C12: UN | D12: 4.48
A13: 39129 | B13: ABRACADEIRA EM ACO PARA AMARRACAO DE ELETRODUTOS, TIPO D, COM 1" E CUNHA DE FIXACAO | C13: UN | D13: 2.58
A14: 393 | B14: ABRACADEIRA EM ACO PARA AMARRACAO DE ELETRODUTOS, TIPO D, COM 1" E PARAFUSO DE FIXACAO | C14: UN | D14: 2.7
... A3382: 41096 | B3382: VIGIA DIURNO (MENSALISTA) | C3382: MES | D3382: 3755.13

Sheet PLANILHA_SINTÉTICA
A1: 1 | H1: PLANILHA DE SERVIÇOS SINTÉTICA NÃO DESONERADA
A2: =1+A1 -> 2 | G2: SECRETARIA DE ESTADO DAS CIDADES | M2: PROTOCOLO Nº: | N2: =IF('FOLHA FECHAMENTO'!K12<>"",'FOLHA FECHAMENTO'!K12," ")
A3: =1+A2 -> 3 | G3: DIRETORIA DE EDIFICAÇÕES | H3: ENDEREÇO: | I3: =IF(DADOS!D14<>"",DADOS!D14," ") -> RUA DO SOL, S/N - BAIRRO DO SOL - IMBAU/PR 84250-000 | M3: ORGÃO: | N3: =IF(DADOS!M12<>"",DADOS!M12," ") -> SESA | AC3: Nº de COLUNAS
A4: =1+A3 -> 4 | H4: MUNICIPIO: | I4: =IF(DADOS!$D$16<>"",DADOS!$D$16," ") -> IMBAÚ | M4: TIPO DE OBRA/SERVIÇO: | N4: =IF('FOLHA FECHAMENTO'!K10<>"",'FOLHA FECHAMENTO'!K10," ") -> CONSTRUÇÃO | Z4: TOTAL MEDIDO
A5: =1+A4 -> 5 | G5: TABELAS DE REFERÊNCIA: SINAPI/PR (FEVEREIRO/2025) E SECID (MARÇO/2025) NÃO DESONERADA | H5: LEVANTAMENTO Nº: | J5: =IF('FOLHA FECHAMENTO'!C15<>"",'FOLHA FECHAMENTO'!C15," ") -> REV00 | M5: ART N°: | N5: =IF(DADOS!D30<>"",DADOS!D30," ") -> 1720261230534 | U5: =((2+$AC$5)-COLUMNS(U$7:$Z$7))/2&"ª" -> 1ª | W5: =((2+$AC$5)-COLUMNS(W$7:$Z$7))/2&"ª" -> 2ª | Y5: =((2+$AC$5)-COLUMNS(Y$7:$Z$7))/2&"ª" -> 3ª | Z5: ACUMULADO | AC5: =COLUMNS($Y7:$AD7) -> 6
A6: =1+A5 -> 6 | G6: =IF(DADOS!D12<>"",DADOS!D12," ") -> PRONTO ATENDIMENTO MUNICIPAL | H6: RESPONSÁVEL TÉCNICO: | J6: =IF(DADOS!D24<>"",DADOS!D24," ") -> Erick William da Silva Damaceno | M6: REG. CREA: | N6: =IF(DADOS!D28<>"",DADOS!D28," ") -> 211052/D | T6: MEDIÇÃO | V6: MEDIÇÃO | X6: MEDIÇÃO | Z6: 1ª | AA6: MEDIÇÃO
A7: =1+A6 -> 7 | T7: DATA: | U7: xx/xx/xxxx | V7: DATA: | W7: xx/xx/xxxx | X7: DATA: | Y7: xx/xx/xxxx | Z7: DATA: | AA7: =HLOOKUP(Z6,$T$5:$Z$8,3) -> xx/xx/xxxx | AD7: VALOR R$ A MEDIR / DIFERENÇA DE TRUNCARONDAMENTO
A8: =1+A7 -> 8 | E8: ITEM | F8: CÓDIGO DO SERVIÇO | G8: DESCRIÇÃO DO SERVIÇO | H8: UNIDADE DE MEDIDA | I8: QUANTI DADE | J8: MATERIAL | K8: MÃO DE OBRA | L8: CUSTO UNITÁRIO | M8: MATERIAL | N8: MÃO DE OBRA | O8: CUSTO TOTAL | P8: SUBTOTAL | T8: QUANT. | U8: CUSTO | V8: QUANT. | W8: CUSTO | X8: QUANT. | Y8: CUSTO | Z8: QUANT. | AA8: CUSTO | AC8: QUANTIDADE A MEDIR
A9: =1+A8 -> 9 | G9: CONSTRUÇÃO EDIFICAÇÃO PADRÃO | U9: =IF(OR(T9="",$O9=""),"",(T9/$I9)*$O9) | W9: =IF(OR(V9="",$O9=""),"",(V9/$I9)*$O9) | Y9: =IF(OR(X9="",$O9=""),"",(X9/$I9)*$O9) | Z9: =SUMIF($T$8:Y$1018,"QUANT.",T9:Y9) -> 0 | AA9: =SUMIF($T$8:$Y$1018,"CUSTO",T9:Y9) -> 0 | AB9: =IF(F9<>"",IF(AA9=0,"MEDIR",IF(O9-AA9=0,"OK",IF(O9-AA9>0,"MEDIR","ALERTA!"))),"") | AC9: =IF(Z9="",0,I9-Z9) -> 0 | AD9: =IF(AA9="",0,O9-AA9) -> 0
A10: =1+A9 -> 10 | C10: =+E10 -> 1 | E10: 1 | G10: ADMINISTRAÇÃO LOCAL | M10: =TRUNC(SUMIF(M11,">0",M11),2) -> 6517 | N10: =TRUNC(SUMIF(N11,">0",N11),2) -> 172946 | P10: =SUMIF(O11,">0",O11) -> 179463 | U10: =IF(OR(T10="",$O10=""),"",(T10/$I10)*$O10) | W10: =IF(OR(V10="",$O10=""),"",(V10/$I10)*$O10) | Y10: =IF(OR(X10="",$O10=""),"",(X10/$I10)*$O10) | Z10: =SUMIF($T$8:Y$1018,"QUANT.",T10:Y10) -> 0 | AA10: =SUMIF($T$8:$Y$1018,"CUSTO",T10:Y10) -> 0 | AB10: =IF(F10<>"",IF(AA10=0,"MEDIR",IF(O10-AA10=0,"OK",IF(O10-AA10>0,"MEDIR","ALERTA!"))),"") | AC10: =IF(Z10="",0,I10-Z10) -> 0 | AD10: =IF(AA10="",0,O10-AA10) -> 0
A11: =1+A10 -> 11 | C11: =+C10 -> 1 | D11: =1+D10 -> 1 | E11: =C11&"."&D11 -> 1.1 | F11: C100002 | G11: =IF($F11="","",IFERROR(VLOOKUP($F11,SERVIÇOS!$B:$G,2,0),IFERROR(VLOOKUP($F11,'COMPOSIÇÕES COMPLEMENTARES '!$D:$L,2,0),IFERROR(VLOOKUP($F11,INSUMOS!$A:$D,2,0),"")))) -> ADMINISTRAÇÃO DE OBRA - EQUIPE DE APOIO | H11: =IF($F11="","",IFERROR(VLOOKUP($F11,SERVIÇOS!$B:$G,3,0),IFERROR(VLOOKUP($F11,'COMPOSIÇÕES COMPLEMENTARES '!$D:$L,3,0),IFERROR(VLOOKUP($F11,INSUMOS!$A:$D,3,0),"")))) -> % | I11: 100 | J11: =IF($F11="","",IFERROR(VLOOKUP($F11,SERVIÇOS!$B:$G,4,0),IFERROR(VLOOKUP($F11,'COMPOSIÇÕES COMPLEMENTARES '!$D:$L,6,0),IFERROR(VLOOKUP($F11,INSUMOS!$A:$D,4,0),"")))) -> 65.17 | K11: =IF($F11="","",IFERROR(VLOOKUP($F11,SERVIÇOS!$B:$G,5,0),IFERROR(VLOOKUP($F11,'COMPOSIÇÕES COMPLEMENTARES '!$D:$L,7,0),0))) -> 1729.46 | L11: =IF(I11="","",J11+K11) -> 1794.63 | M11: =IF(I11="","",TRUNC((I11*J11),2)) -> 6517 | N11: =IF(I11="","",TRUNC((I11*K11),2)) -> 172946 | O11: =IF(I11="","",TRUNC((M11+N11),2)) -> 179463 | U11: =IF(OR(T11="",$O11=""),"",(T11/$I11)*$O11) | W11: =IF(OR(V11="",$O11=""),"",(V11/$I11)*$O11) | Y11: =IF(OR(X11="",$O11=""),"",(X11/$I11)*$O11) | Z11: =SUMIF($T$8:Y$1018,"QUANT.",T11:Y11) -> 0 | AA11: =SUMIF($T$8:$Y$1018,"CUSTO",T11:Y11) -> 0 | AB11: =IF(F11<>"",IF(AA11=0,"MEDIR",IF(O11-AA11=0,"OK",IF(O11-AA11>0,"MEDIR","ALERTA!"))),"") -> MEDIR | AC11: =IF(Z11="",0,I11-Z11) -> 100 | AD11: =IF(AA11="",0,O11-AA11) -> 179463
A12: =1+A11 -> 12 | C12: =+E12 -> 2 | E12: 2 | G12: SERVIÇOS PRELIMINARES | L12: =IF(I12="","",J12+K12) | M12: =TRUNC(SUMIF(M13:M20,">0",M13:M20),2) -> 21162.82 | N12: =TRUNC(SUMIF(N13:N20,">0",N13:N20),2) -> 10513.74 | P12: =SUMIF(O13:O20,">0",O13:O20) -> 31676.56 | U12: =IF(OR(T12="",$O12=""),"",(T12/$I12)*$O12) | W12: =IF(OR(V12="",$O12=""),"",(V12/$I12)*$O12) | Y12: =IF(OR(X12="",$O12=""),"",(X12/$I12)*$O12) | Z12: =SUMIF($T$8:Y$1018,"QUANT.",T12:Y12) -> 0 | AA12: =SUMIF($T$8:$Y$1018,"CUSTO",T12:Y12) -> 0 | AB12: =IF(F12<>"",IF(AA12=0,"MEDIR",IF(O12-AA12=0,"OK",IF(O12-AA12>0,"MEDIR","ALERTA!"))),"") | AC12: =IF(Z12="",0,I12-Z12) -> 0 | AD12: =IF(AA12="",0,O12-AA12) -> 0
A13: =1+A12 -> 13 | C13: =+E13 -> 2.1 | E13: 2.1 | G13: PLACA DE OBRAS - LOCAÇÃO DE OBRA - TAPUME - ANDAIMES - FACHADEIRO | L13: =IF(I13="","",J13+K13) | U13: =IF(OR(T13="",$O13=""),"",(T13/$I13)*$O13) | W13: =IF(OR(V13="",$O13=""),"",(V13/$I13)*$O13) | Y13: =IF(OR(X13="",$O13=""),"",(X13/$I13)*$O13) | Z13: =SUMIF($T$8:Y$1018,"QUANT.",T13:Y13) -> 0 | AA13: =SUMIF($T$8:$Y$1018,"CUSTO",T13:Y13) -> 0 | AB13: =IF(F13<>"",IF(AA13=0,"MEDIR",IF(O13-AA13=0,"OK",IF(O13-AA13>0,"MEDIR","ALERTA!"))),"") | AC13: =IF(Z13="",0,I13-Z13) -> 0 | AD13: =IF(AA13="",0,O13-AA13) -> 0
A14: =1+A13 -> 14 | C14: =+C13 -> 2.1 | D14: =1+D13 -> 1 | E14: =C14&"."&D14 -> 2.1.1 | F14: C100001 | G14: =IF($F14="","",IFERROR(VLOOKUP($F14,SERVIÇOS!$B:$G,2,0),IFERROR(VLOOKUP($F14,'COMPOSIÇÕES COMPLEMENTARES '!$D:$L,2,0),IFERROR(VLOOKUP($F14,INSUMOS!$A:$D,2,0),"")))) -> PLACA DE OBRA EM CHAPA DE ACO GALVANIZADO | H14: =IF($F14="","",IFERROR(VLOOKUP($F14,SERVIÇOS!$B:$G,3,0),IFERROR(VLOOKUP($F14,'COMPOSIÇÕES COMPLEMENTARES '!$D:$L,3,0),IFERROR(VLOOKUP($F14,INSUMOS!$A:$D,3,0),"")))) -> M2 | I14: 2.5 | J14: =IF($F14="","",IFERROR(VLOOKUP($F14,SERVIÇOS!$B:$G,4,0),IFERROR(VLOOKUP($F14,'COMPOSIÇÕES COMPLEMENTARES '!$D:$L,6,0),IFERROR(VLOOKUP($F14,INSUMOS!$A:$D,4,0),"")))) -> 468.7 | K14: =IF($F14="","",IFERROR(VLOOKUP($F14,SERVIÇOS!$B:$G,5,0),IFERROR(VLOOKUP($F14,'COMPOSIÇÕES COMPLEMENTARES '!$D:$L,7,0),0))) -> 67.2 | L14: =IF(I14="","",J14+K14) -> 535.9 | M14: =IF(I14="","",TRUNC((I14*J14),2)) -> 1171.75 | N14: =IF(I14="","",TRUNC((I14*K14),2)) -> 168 | O14: =IF(I14="","",TRUNC((M14+N14),2)) -> 1339.75 | U14: =IF(OR(T14="",$O14=""),"",(T14/$I14)*$O14) | W14: =IF(OR(V14="",$O14=""),"",(V14/$I14)*$O14) | Y14: =IF(OR(X14="",$O14=""),"",(X14/$I14)*$O14) | Z14: =SUMIF($T$8:Y$1018,"QUANT.",T14:Y14) -> 0 | AA14: =SUMIF($T$8:$Y$1018,"CUSTO",T14:Y14) -> 0 | AB14: =IF(F14<>"",IF(AA14=0,"MEDIR",IF(O14-AA14=0,"OK",IF(O14-AA14>0,"MEDIR","ALERTA!"))),"") -> MEDIR | AC14: =IF(Z14="",0,I14-Z14) -> 2.5 | AD14: =IF(AA14="",0,O14-AA14) -> 1339.75
A15: =1+A14 -> 15 | C15: =+C14 -> 2.1 | D15: =1+D14 -> 2 | E15: =C15&"."&D15 -> 2.1.2 | F15: C100020 | G15: =IF($F15="","",IFERROR(VLOOKUP($F15,SERVIÇOS!$B:$G,2,0),IFERROR(VLOOKUP($F15,'COMPOSIÇÕES COMPLEMENTARES '!$D:$L,2,0),IFERROR(VLOOKUP($F15,INSUMOS!$A:$D,2,0),"")))) -> LOCAÇÃO CONVENCIONAL DE OBRA, ATRAVÉS DE GABARITO DE TABUAS CORRIDAS PONTALETADAS, COM REAPROVEITAMENTO DE 3 VEZES | H15: =IF($F15="","",IFERROR(VLOOKUP($F15,SERVIÇOS!$B:$G,3,0),IFERROR(VLOOKUP($F15,'COMPOSIÇÕES COMPLEMENTARES '!$D:$L,3,0),IFERROR(VLOOKUP($F15,INSUMOS!$A:$D,3,0),"")))) -> M2 | I15: 755.45 | J15: =IF($F15="","",IFERROR(VLOOKUP($F15,SERVIÇOS!$B:$G,4,0),IFERROR(VLOOKUP($F15,'COMPOSIÇÕES COMPLEMENTARES '!$D:$L,6,0),IFERROR(VLOOKUP($F15,INSUMOS!$A:$D,4,0),"")))) -> 6.7 | K15: =IF($F15="","",IFERROR(VLOOKUP($F15,SERVIÇOS!$B:$G,5,0),IFERROR(VLOOKUP($F15,'COMPOSIÇÕES COMPLEMENTARES '!$D:$L,7,0),0))) -> 4.68 | L15: =IF(I15="","",J15+K15) -> 11.38 | M15: =IF(I15="","",TRUNC((I15*J15),2)) -> 5061.51 | N15: =IF(I15="","",TRUNC((I15*K15),2)) -> 3535.5 | O15: =IF(I15="","",TRUNC((M15+N15),2)) -> 8597.01 | U15: =IF(OR(T15="",$O15=""),"",(T15/$I15)*$O15) | W15: =IF(OR(V15="",$O15=""),"",(V15/$I15)*$O15) | Y15: =IF(OR(X15="",$O15=""),"",(X15/$I15)*$O15) | Z15: =SUMIF($T$8:Y$1018,"QUANT.",T15:Y15) -> 0 | AA15: =SUMIF($T$8:$Y$1018,"CUSTO",T15:Y15) -> 0 | AB15: =IF(F15<>"",IF(AA15=0,"MEDIR",IF(O15-AA15=0,"OK",IF(O15-AA15>0,"MEDIR","ALERTA!"))),"") -> MEDIR | AC15: =IF(Z15="",0,I15-Z15) -> 755.45 | AD15: =IF(AA15="",0,O15-AA15) -> 8597.01
A16: =1+A15 -> 16 | C16: =+C15 -> 2.1 | D16: =1+D15 -> 3 | E16: =C16&"."&D16 -> 2.1.3 | F16: 98459 | G16: =IF($F16="","",IFERROR(VLOOKUP($F16,SERVIÇOS!$B:$G,2,0),IFERROR(VLOOKUP($F16,'COMPOSIÇÕES COMPLEMENTARES '!$D:$L,2,0),IFERROR(VLOOKUP($F16,INSUMOS!$A:$D,2,0),"")))) -> TAPUME COM TELHA METÁLICA. AF_03/2024 | H16: =IF($F16="","",IFERROR(VLOOKUP($F16,SERVIÇOS!$B:$G,3,0),IFERROR(VLOOKUP($F16,'COMPOSIÇÕES COMPLEMENTARES '!$D:$L,3,0),IFERROR(VLOOKUP($F16,INSUMOS!$A:$D,3,0),"")))) -> M2 | I16: 197.8 | J16: =IF($F16="","",IFERROR(VLOOKUP($F16,SERVIÇOS!$B:$G,4,0),IFERROR(VLOOKUP($F16,'COMPOSIÇÕES COMPLEMENTARES '!$D:$L,6,0),IFERROR(VLOOKUP($F16,INSUMOS!$A:$D,4,0),"")))) -> 62.82 | K16: =IF($F16="","",IFERROR(VLOOKUP($F16,SERVIÇOS!$B:$G,5,0),IFERROR(VLOOKUP($F16,'COMPOSIÇÕES COMPLEMENTARES '!$D:$L,7,0),0))) -> 32.06 | L16: =IF(I16="","",J16+K16) -> 94.88 | M16: =IF(I16="","",TRUNC((I16*J16),2)) -> 12425.79 | N16: =IF(I16="","",TRUNC((I16*K16),2)) -> 6341.46 | O16: =IF(I16="","",TRUNC((M16+N16),2)) -> 18767.25 | U16: =IF(OR(T16="",$O16=""),"",(T16/$I16)*$O16) | W16: =IF(OR(V16="",$O16=""),"",(V16/$I16)*$O16) | Y16: =IF(OR(X16="",$O16=""),"",(X16/$I16)*$O16) | Z16: =SUMIF($T$8:Y$1018,"QUANT.",T16:Y16) -> 0 | AA16: =SUMIF($T$8:$Y$1018,"CUSTO",T16:Y16) -> 0 | AB16: =IF(F16<>"",IF(AA16=0,"MEDIR",IF(O16-AA16=0,"OK",IF(O16-AA16>0,"MEDIR","ALERTA!"))),"") -> MEDIR | AC16: =IF(Z16="",0,I16-Z16) -> 197.8 | AD16: =IF(AA16="",0,O16-AA16) -> 18767.25
A17: =1+A16 -> 17 | C17: =+E17 -> 2.2 | E17: 2.2 | G17: LIGAÇÃO E INSTALAÇÕES PROVISÓRIAS ÁGUA | L17: =IF(I17="","",J17+K17) | U17: =IF(OR(T17="",$O17=""),"",(T17/$I17)*$O17) | W17: =IF(OR(V17="",$O17=""),"",(V17/$I17)*$O17) | Y17: =IF(OR(X17="",$O17=""),"",(X17/$I17)*$O17) | Z17: =SUMIF($T$8:Y$1018,"QUANT.",T17:Y17) -> 0 | AA17: =SUMIF($T$8:$Y$1018,"CUSTO",T17:Y17) -> 0 | AB17: =IF(F17<>"",IF(AA17=0,"MEDIR",IF(O17-AA17=0,"OK",IF(O17-AA17>0,"MEDIR","ALERTA!"))),"") | AC17: =IF(Z17="",0,I17-Z17) -> 0 | AD17: =IF(AA17="",0,O17-AA17) -> 0
A18: =1+A17 -> 18 | C18: =+C17 -> 2.2 | D18: =1+D17 -> 1 | E18: =C18&"."&D18 -> 2.2.1 | F18: 95635 | G18: =IF($F18="","",IFERROR(VLOOKUP($F18,SERVIÇOS!$B:$G,2,0),IFERROR(VLOOKUP($F18,'COMPOSIÇÕES COMPLEMENTARES '!$D:$L,2,0),IFERROR(VLOOKUP($F18,INSUMOS!$A:$D,2,0),"")))) -> KIT CAVALETE PARA MEDIÇÃO DE ÁGUA - ENTRADA PRINCIPAL, EM PVC 25 MM (3/4") - FORNECIMENTO E INSTALAÇÃO (EXCLUSIVE HIDRÔMETRO). AF_03/2024 | H18: =IF($F18="","",IFERROR(VLOOKUP($F18,SERVIÇOS!$B:$G,3,0),IFERROR(VLOOKUP($F18,'COMPOSIÇÕES COMPLEMENTARES '!$D:$L,3,0),IFERROR(VLOOKUP($F18,INSUMOS!$A:$D,3,0),"")))) -> UN | I18: 1 | J18: =IF($F18="","",IFERROR(VLOOKUP($F18,SERVIÇOS!$B:$G,4,0),IFERROR(VLOOKUP($F18,'COMPOSIÇÕES COMPLEMENTARES '!$D:$L,6,0),IFERROR(VLOOKUP($F18,INSUMOS!$A:$D,4,0),"")))) -> 144.9 | K18: =IF($F18="","",IFERROR(VLOOKUP($F18,SERVIÇOS!$B:$G,5,0),IFERROR(VLOOKUP($F18,'COMPOSIÇÕES COMPLEMENTARES '!$D:$L,7,0),0))) -> 72.46 | L18: =IF(I18="","",J18+K18) -> 217.36 | M18: =IF(I18="","",TRUNC((I18*J18),2)) -> 144.9 | N18: =IF(I18="","",TRUNC((I18*K18),2)) -> 72.46 | O18: =IF(I18="","",TRUNC((M18+N18),2)) -> 217.36 | U18: =IF(OR(T18="",$O18=""),"",(T18/$I18)*$O18) | W18: =IF(OR(V18="",$O18=""),"",(V18/$I18)*$O18) | Y18: =IF(OR(X18="",$O18=""),"",(X18/$I18)*$O18) | Z18: =SUMIF($T$8:Y$1018,"QUANT.",T18:Y18) -> 0 | AA18: =SUMIF($T$8:$Y$1018,"CUSTO",T18:Y18) -> 0 | AB18: =IF(F18<>"",IF(AA18=0,"MEDIR",IF(O18-AA18=0,"OK",IF(O18-AA18>0,"MEDIR","ALERTA!"))),"") -> MEDIR | AC18: =IF(Z18="",0,I18-Z18) -> 1 | AD18: =IF(AA18="",0,O18-AA18) -> 217.36
A19: =1+A18 -> 19 | C19: =+E19 -> 2.3 | E19: 2.3 | G19: LIGAÇÃO PROVISÓRIA ELÉTRICA | U19: =IF(OR(T19="",$O19=""),"",(T19/$I19)*$O19) | W19: =IF(OR(V19="",$O19=""),"",(V19/$I19)*$O19) | Y19: =IF(OR(X19="",$O19=""),"",(X19/$I19)*$O19) | Z19: =SUMIF($T$8:Y$1018,"QUANT.",T19:Y19) -> 0 | AA19: =SUMIF($T$8:$Y$1018,"CUSTO",T19:Y19) -> 0 | AB19: =IF(F19<>"",IF(AA19=0,"MEDIR",IF(O19-AA19=0,"OK",IF(O19-AA19>0,"MEDIR","ALERTA!"))),"") | AC19: =IF(Z19="",0,I19-Z19) -> 0 | AD19: =IF(AA19="",0,O19-AA19) -> 0
A20: =1+A19 -> 20 | C20: =+C19 -> 2.3 | D20: =1+D19 -> 1 | E20: =C20&"."&D20 -> 2.3.1 | F20: C100025 | G20: =IF($F20="","",IFERROR(VLOOKUP($F20,SERVIÇOS!$B:$G,2,0),IFERROR(VLOOKUP($F20,'COMPOSIÇÕES COMPLEMENTARES '!$D:$L,2,0),IFERROR(VLOOKUP($F20,INSUMOS!$A:$D,2,0),"")))) -> ENTRADA PROVISORIA DE ENERGIA ELETRICA AÉREA TRIFASICA 40A EM POSTE DE MADEIRA | H20: =IF($F20="","",IFERROR(VLOOKUP($F20,SERVIÇOS!$B:$G,3,0),IFERROR(VLOOKUP($F20,'COMPOSIÇÕES COMPLEMENTARES '!$D:$L,3,0),IFERROR(VLOOKUP($F20,INSUMOS!$A:$D,3,0),"")))) -> CJ | I20: 1 | J20: =IF($F20="","",IFERROR(VLOOKUP($F20,SERVIÇOS!$B:$G,4,0),IFERROR(VLOOKUP($F20,'COMPOSIÇÕES COMPLEMENTARES '!$D:$L,6,0),IFERROR(VLOOKUP($F20,INSUMOS!$A:$D,4,0),"")))) -> 2358.87 | K20: =IF($F20="","",IFERROR(VLOOKUP($F20,SERVIÇOS!$B:$G,5,0),IFERROR(VLOOKUP($F20,'COMPOSIÇÕES COMPLEMENTARES '!$D:$L,7,0),0))) -> 396.32 | L20: =IF(I20="","",J20+K20) -> 2755.19 | M20: =IF(I20="","",TRUNC((I20*J20),2)) -> 2358.87 | N20: =IF(I20="","",TRUNC((I20*K20),2)) -> 396.32 | O20: =IF(I20="","",TRUNC((M20+N20),2)) -> 2755.19 | U20: =IF(OR(T20="",$O20=""),"",(T20/$I20)*$O20) | W20: =IF(OR(V20="",$O20=""),"",(V20/$I20)*$O20) | Y20: =IF(OR(X20="",$O20=""),"",(X20/$I20)*$O20) | Z20: =SUMIF($T$8:Y$1018,"QUANT.",T20:Y20) -> 0 | AA20: =SUMIF($T$8:$Y$1018,"CUSTO",T20:Y20) -> 0 | AB20: =IF(F20<>"",IF(AA20=0,"MEDIR",IF(O20-AA20=0,"OK",IF(O20-AA20>0,"MEDIR","ALERTA!"))),"") -> MEDIR | AC20: =IF(Z20="",0,I20-Z20) -> 1 | AD20: =IF(AA20="",0,O20-AA20) -> 2755.19
A21: =1+A20 -> 21 | C21: =+E21 -> 3 | E21: 3 | G21: MOVIMENTO DE TERRA | M21: =TRUNC(SUMIF(M22:M27,">0",M22:M27),2) -> 4527.82 | N21: =TRUNC(SUMIF(N22:N27,">0",N22:N27),2) -> 7211.91 | P21: =SUMIF(O22:O27,">0",O22:O27) -> 11739.73 | U21: =IF(OR(T21="",$O21=""),"",(T21/$I21)*$O21) | W21: =IF(OR(V21="",$O21=""),"",(V21/$I21)*$O21) | Y21: =IF(OR(X21="",$O21=""),"",(X21/$I21)*$O21) | Z21: =SUMIF($T$8:Y$1018,"QUANT.",T21:Y21) -> 0 | AA21: =SUMIF($T$8:$Y$1018,"CUSTO",T21:Y21) -> 0 | AB21: =IF(F21<>"",IF(AA21=0,"MEDIR",IF(O21-AA21=0,"OK",IF(O21-AA21>0,"MEDIR","ALERTA!"))),"") | AC21: =IF(Z21="",0,I21-Z21) -> 0 | AD21: =IF(AA21="",0,O21-AA21) -> 0
A22: =1+A21 -> 22 | C22: =+E22 -> 3.1 | E22: 3.1 | G22: FUNDAÇÕES | U22: =IF(OR(T22="",$O22=""),"",(T22/$I22)*$O22) | W22: =IF(OR(V22="",$O22=""),"",(V22/$I22)*$O22) | Y22: =IF(OR(X22="",$O22=""),"",(X22/$I22)*$O22) | Z22: =SUMIF($T$8:Y$1018,"QUANT.",T22:Y22) -> 0 | AA22: =SUMIF($T$8:$Y$1018,"CUSTO",T22:Y22) -> 0 | AB22: =IF(F22<>"",IF(AA22=0,"MEDIR",IF(O22-AA22=0,"OK",IF(O22-AA22>0,"MEDIR","ALERTA!"))),"") | AC22: =IF(Z22="",0,I22-Z22) -> 0 | AD22: =IF(AA22="",0,O22-AA22) -> 0
A23: =1+A22 -> 23 | C23: =+C22 -> 3.1 | D23: =1+D22 -> 1 | E23: =C23&"."&D23 -> 3.1.1 | F23: 93358 | G23: =IF($F23="","",IFERROR(VLOOKUP($F23,SERVIÇOS!$B:$G,2,0),IFERROR(VLOOKUP($F23,'COMPOSIÇÕES COMPLEMENTARES '!$D:$L,2,0),IFERROR(VLOOKUP($F23,INSUMOS!$A:$D,2,0),"")))) -> ESCAVAÇÃO MANUAL DE VALA. AF_09/2024 | H23: =IF($F23="","",IFERROR(VLOOKUP($F23,SERVIÇOS!$B:$G,3,0),IFERROR(VLOOKUP($F23,'COMPOSIÇÕES COMPLEMENTARES '!$D:$L,3,0),IFERROR(VLOOKUP($F23,INSUMOS!$A:$D,3,0),"")))) -> M3 | I23: 69.43 | J23: =IF($F23="","",IFERROR(VLOOKUP($F23,SERVIÇOS!$B:$G,4,0),IFERROR(VLOOKUP($F23,'COMPOSIÇÕES COMPLEMENTARES '!$D:$L,6,0),IFERROR(VLOOKUP($F23,INSUMOS!$A:$D,4,0),"")))) -> 36.37 | K23: =IF($F23="","",IFERROR(VLOOKUP($F23,SERVIÇOS!$B:$G,5,0),IFERROR(VLOOKUP($F23,'COMPOSIÇÕES COMPLEMENTARES '!$D:$L,7,0),0))) -> 77.2 | L23: =IF(I23="","",J23+K23) -> 113.57 | M23: =IF(I23="","",TRUNC((I23*J23),2)) -> 2525.16 | N23: =IF(I23="","",TRUNC((I23*K23),2)) -> 5359.99 | O23: =IF(I23="","",TRUNC((M23+N23),2)) -> 7885.15 | U23: =IF(OR(T23="",$O23=""),"",(T23/$I23)*$O23) | W23: =IF(OR(V23="",$O23=""),"",(V23/$I23)*$O23) | Y23: =IF(OR(X23="",$O23=""),"",(X23/$I23)*$O23) | Z23: =SUMIF($T$8:Y$1018,"QUANT.",T23:Y23) -> 0 | AA23: =SUMIF($T$8:$Y$1018,"CUSTO",T23:Y23) -> 0 | AB23: =IF(F23<>"",IF(AA23=0,"MEDIR",IF(O23-AA23=0,"OK",IF(O23-AA23>0,"MEDIR","ALERTA!"))),"") -> MEDIR | AC23: =IF(Z23="",0,I23-Z23) -> 69.43 | AD23: =IF(AA23="",0,O23-AA23) -> 7885.15
A24: =1+A23 -> 24 | C24: =+C23 -> 3.1 | D24: =1+D23 -> 2 | E24: =C24&"."&D24 -> 3.1.2 | F24: 101616 | G24: =IF($F24="","",IFERROR(VLOOKUP($F24,SERVIÇOS!$B:$G,2,0),IFERROR(VLOOKUP($F24,'COMPOSIÇÕES COMPLEMENTARES '!$D:$L,2,0),IFERROR(VLOOKUP($F24,INSUMOS!$A:$D,2,0),"")))) -> PREPARO DE FUNDO DE VALA COM LARGURA MENOR QUE 1,5 M (ACERTO DO SOLO NATURAL). AF_08/2020 | H24: =IF($F24="","",IFERROR(VLOOKUP($F24,SERVIÇOS!$B:$G,3,0),IFERROR(VLOOKUP($F24,'COMPOSIÇÕES COMPLEMENTARES '!$D:$L,3,0),IFERROR(VLOOKUP($F24,INSUMOS!$A:$D,3,0),"")))) -> M2 | I24: 140.51 | J24: =IF($F24="","",IFERROR(VLOOKUP($F24,SERVIÇOS!$B:$G,4,0),IFERROR(VLOOKUP($F24,'COMPOSIÇÕES COMPLEMENTARES '!$D:$L,6,0),IFERROR(VLOOKUP($F24,INSUMOS!$A:$D,4,0),"")))) -> 2.46 | K24: =IF($F24="","",IFERROR(VLOOKUP($F24,SERVIÇOS!$B:$G,5,0),IFERROR(VLOOKUP($F24,'COMPOSIÇÕES COMPLEMENTARES '!$D:$L,7,0),0))) -> 5.96 | L24: =IF(I24="","",J24+K24) -> 8.42 | M24: =IF(I24="","",TRUNC((I24*J24),2)) -> 345.65 | N24: =IF(I24="","",TRUNC((I24*K24),2)) -> 837.43 | O24: =IF(I24="","",TRUNC((M24+N24),2)) -> 1183.08 | U24: =IF(OR(T24="",$O24=""),"",(T24/$I24)*$O24) | W24: =IF(OR(V24="",$O24=""),"",(V24/$I24)*$O24) | Y24: =IF(OR(X24="",$O24=""),"",(X24/$I24)*$O24) | Z24: =SUMIF($T$8:Y$1018,"QUANT.",T24:Y24) -> 0 | AA24: =SUMIF($T$8:$Y$1018,"CUSTO",T24:Y24) -> 0 | AB24: =IF(F24<>"",IF(AA24=0,"MEDIR",IF(O24-AA24=0,"OK",IF(O24-AA24>0,"MEDIR","ALERTA!"))),"") -> MEDIR | AC24: =IF(Z24="",0,I24-Z24) -> 140.51 | AD24: =IF(AA24="",0,O24-AA24) -> 1183.08
A25: =1+A24 -> 25 | C25: =+C24 -> 3.1 | D25: =1+D24 -> 3 | E25: =C25&"."&D25 -> 3.1.3 | F25: 93382 | G25: =IF($F25="","",IFERROR(VLOOKUP($F25,SERVIÇOS!$B:$G,2,0),IFERROR(VLOOKUP($F25,'COMPOSIÇÕES COMPLEMENTARES '!$D:$L,2,0),IFERROR(VLOOKUP($F25,INSUMOS!$A:$D,2,0),"")))) -> REATERRO MANUAL DE VALAS, COM COMPACTADOR DE SOLOS DE PERCUSSÃO. AF_08/2023 | H25: =IF($F25="","",IFERROR(VLOOKUP($F25,SERVIÇOS!$B:$G,3,0),IFERROR(VLOOKUP($F25,'COMPOSIÇÕES COMPLEMENTARES '!$D:$L,3,0),IFERROR(VLOOKUP($F25,INSUMOS!$A:$D,3,0),"")))) -> M3 | I25: 35.84 | J25: =IF($F25="","",IFERROR(VLOOKUP($F25,SERVIÇOS!$B:$G,4,0),IFERROR(VLOOKUP($F25,'COMPOSIÇÕES COMPLEMENTARES '!$D:$L,6,0),IFERROR(VLOOKUP($F25,INSUMOS!$A:$D,4,0),"")))) -> 12.29 | K25: =IF($F25="","",IFERROR(VLOOKUP($F25,SERVIÇOS!$B:$G,5,0),IFERROR(VLOOKUP($F25,'COMPOSIÇÕES COMPLEMENTARES '!$D:$L,7,0),0))) -> 20.78 | L25: =IF(I25="","",J25+K25) -> 33.07 | M25: =IF(I25="","",TRUNC((I25*J25),2)) -> 440.47 | N25: =IF(I25="","",TRUNC((I25*K25),2)) -> 744.75 | O25: =IF(I25="","",TRUNC((M25+N25),2)) -> 1185.22 | U25: =IF(OR(T25="",$O25=""),"",(T25/$I25)*$O25) | W25: =IF(OR(V25="",$O25=""),"",(V25/$I25)*$O25) | Y25: =IF(OR(X25="",$O25=""),"",(X25/$I25)*$O25) | Z25: =SUMIF($T$8:Y$1018,"QUANT.",T25:Y25) -> 0 | AA25: =SUMIF($T$8:$Y$1018,"CUSTO",T25:Y25) -> 0 | AB25: =IF(F25<>"",IF(AA25=0,"MEDIR",IF(O25-AA25=0,"OK",IF(O25-AA25>0,"MEDIR","ALERTA!"))),"") -> MEDIR | AC25: =IF(Z25="",0,I25-Z25) -> 35.84 | AD25: =IF(AA25="",0,O25-AA25) -> 1185.22
A26: =1+A25 -> 26 | C26: =+C25 -> 3.1 | D26: =1+D25 -> 4 | E26: =C26&"."&D26 -> 3.1.4 | F26: 100981 | G26: =IF($F26="","",IFERROR(VLOOKUP($F26,SERVIÇOS!$B:$G,2,0),IFERROR(VLOOKUP($F26,'COMPOSIÇÕES COMPLEMENTARES '!$D:$L,2,0),IFERROR(VLOOKUP($F26,INSUMOS!$A:$D,2,0),"")))) -> CARGA, MANOBRA E DESCARGA DE ENTULHO EM CAMINHÃO BASCULANTE 6 M³ - CARGA COM ESCAVADEIRA HIDRÁULICA (CAÇAMBA DE 0,80 M³ / 111 HP) E DESCARGA LIVRE (UNIDADE: M3). AF_07/2020 | H26: =IF($F26="","",IFERROR(VLOOKUP($F26,SERVIÇOS!$B:$G,3,0),IFERROR(VLOOKUP($F26,'COMPOSIÇÕES COMPLEMENTARES '!$D:$L,3,0),IFERROR(VLOOKUP($F26,INSUMOS!$A:$D,3,0),"")))) -> M3 | I26: 33.59 | J26: =IF($F26="","",IFERROR(VLOOKUP($F26,SERVIÇOS!$B:$G,4,0),IFERROR(VLOOKUP($F26,'COMPOSIÇÕES COMPLEMENTARES '!$D:$L,6,0),IFERROR(VLOOKUP($F26,INSUMOS!$A:$D,4,0),"")))) -> 8.24 | K26: =IF($F26="","",IFERROR(VLOOKUP($F26,SERVIÇOS!$B:$G,5,0),IFERROR(VLOOKUP($F26,'COMPOSIÇÕES COMPLEMENTARES '!$D:$L,7,0),0))) -> 1.99 | L26: =IF(I26="","",J26+K26) -> 10.23 | M26: =IF(I26="","",TRUNC((I26*J26),2)) -> 276.78 | N26: =IF(I26="","",TRUNC((I26*K26),2)) -> 66.84 | O26: =IF(I26="","",TRUNC((M26+N26),2)) -> 343.62 | U26: =IF(OR(T26="",$O26=""),"",(T26/$I26)*$O26) | W26: =IF(OR(V26="",$O26=""),"",(V26/$I26)*$O26) | Y26: =IF(OR(X26="",$O26=""),"",(X26/$I26)*$O26) | Z26: =SUMIF($T$8:Y$1018,"QUANT.",T26:Y26) -> 0 | AA26: =SUMIF($T$8:$Y$1018,"CUSTO",T26:Y26) -> 0 | AB26: =IF(F26<>"",IF(AA26=0,"MEDIR",IF(O26-AA26=0,"OK",IF(O26-AA26>0,"MEDIR","ALERTA!"))),"") -> MEDIR | AC26: =IF(Z26="",0,I26-Z26) -> 33.59 | AD26: =IF(AA26="",0,O26-AA26) -> 343.62
A27: =1+A26 -> 27 | C27: =+C26 -> 3.1 | D27: =1+D26 -> 5 | E27: =C27&"."&D27 -> 3.1.5 | F27: 97914 | G27: =IF($F27="","",IFERROR(VLOOKUP($F27,SERVIÇOS!$B:$G,2,0),IFERROR(VLOOKUP($F27,'COMPOSIÇÕES COMPLEMENTARES '!$D:$L,2,0),IFERROR(VLOOKUP($F27,INSUMOS!$A:$D,2,0),"")))) -> TRANSPORTE COM CAMINHÃO BASCULANTE DE 6 M³, EM VIA URBANA PAVIMENTADA, DMT ATÉ 30 KM (UNIDADE: M3XKM). AF_07/2020 | H27: =IF($F27="","",IFERROR(VLOOKUP($F27,SERVIÇOS!$B:$G,3,0),IFERROR(VLOOKUP($F27,'COMPOSIÇÕES COMPLEMENTARES '!$D:$L,3,0),IFERROR(VLOOKUP($F27,INSUMOS!$A:$D,3,0),"")))) -> M3XKM | I27: 355.97 | J27: =IF($F27="","",IFERROR(VLOOKUP($F27,SERVIÇOS!$B:$G,4,0),IFERROR(VLOOKUP($F27,'COMPOSIÇÕES COMPLEMENTARES '!$D:$L,6,0),IFERROR(VLOOKUP($F27,INSUMOS!$A:$D,4,0),"")))) -> 2.64 | K27: =IF($F27="","",IFERROR(VLOOKUP($F27,SERVIÇOS!$B:$G,5,0),IFERROR(VLOOKUP($F27,'COMPOSIÇÕES COMPLEMENTARES '!$D:$L,7,0),0))) -> 0.57 | L27: =IF(I27="","",J27+K27) -> 3.21 | M27: =IF(I27="","",TRUNC((I27*J27),2)) -> 939.76 | N27: =IF(I27="","",TRUNC((I27*K27),2)) -> 202.9 | O27: =IF(I27="","",TRUNC((M27+N27),2)) -> 1142.66 | U27: =IF(OR(T27="",$O27=""),"",(T27/$I27)*$O27) | W27: =IF(OR(V27="",$O27=""),"",(V27/$I27)*$O27) | Y27: =IF(OR(X27="",$O27=""),"",(X27/$I27)*$O27) | Z27: =SUMIF($T$8:Y$1018,"QUANT.",T27:Y27) -> 0 | AA27: =SUMIF($T$8:$Y$1018,"CUSTO",T27:Y27) -> 0 | AB27: =IF(F27<>"",IF(AA27=0,"MEDIR",IF(O27-AA27=0,"OK",IF(O27-AA27>0,"MEDIR","ALERTA!"))),"") -> MEDIR | AC27: =IF(Z27="",0,I27-Z27) -> 355.97 | AD27: =IF(AA27="",0,O27-AA27) -> 1142.66
A28: =1+A27 -> 28 | C28: =+E28 -> 4 | E28: 4 | G28: FUNDAÇÃO | M28: =TRUNC(SUMIF(M29:M47,">0",M29:M47),2) -> 108118.09 | N28: =TRUNC(SUMIF(N29:N47,">0",N29:N47),2) -> 29889.93 | P28: =SUMIF(O29:O47,">0",O29:O47) -> 138008.02 | U28: =IF(OR(T28="",$O28=""),"",(T28/$I28)*$O28) | W28: =IF(OR(V28="",$O28=""),"",(V28/$I28)*$O28) | Y28: =IF(OR(X28="",$O28=""),"",(X28/$I28)*$O28) | Z28: =SUMIF($T$8:Y$1018,"QUANT.",T28:Y28) -> 0 | AA28: =SUMIF($T$8:$Y$1018,"CUSTO",T28:Y28) -> 0 | AB28: =IF(F28<>"",IF(AA28=0,"MEDIR",IF(O28-AA28=0,"OK",IF(O28-AA28>0,"MEDIR","ALERTA!"))),"") | AC28: =IF(Z28="",0,I28-Z28) -> 0 | AD28: =IF(AA28="",0,O28-AA28) -> 0
A29: =1+A28 -> 29 | C29: =+E29 -> 4.1 | E29: 4.1 | G29: ESTACAS | U29: =IF(OR(T29="",$O29=""),"",(T29/$I29)*$O29) | W29: =IF(OR(V29="",$O29=""),"",(V29/$I29)*$O29) | Y29: =IF(OR(X29="",$O29=""),"",(X29/$I29)*$O29) | Z29: =SUMIF($T$8:Y$1018,"QUANT.",T29:Y29) -> 0 | AA29: =SUMIF($T$8:$Y$1018,"CUSTO",T29:Y29) -> 0 | AB29: =IF(F29<>"",IF(AA29=0,"MEDIR",IF(O29-AA29=0,"OK",IF(O29-AA29>0,"MEDIR","ALERTA!"))),"") | AC29: =IF(Z29="",0,I29-Z29) -> 0 | AD29: =IF(AA29="",0,O29-AA29) -> 0
A30: =1+A29 -> 30 | C30: =+C29 -> 4.1 | D30: =1+D29 -> 1 | E30: =C30&"."&D30 -> 4.1.1 | F30: C5089 | G30: =IF($F30="","",IFERROR(VLOOKUP($F30,SERVIÇOS!$B:$G,2,0),IFERROR(VLOOKUP($F30,'COMPOSIÇÕES COMPLEMENTARES '!$D:$L,2,0),IFERROR(VLOOKUP($F30,INSUMOS!$A:$D,2,0),"")))) -> ESTACA ESCAVADA MECANICAMENTE, SEM FLUIDO ESTABILIZANTE, COM 30CM DE DIÂMETRO, INCLUSO MOBILIZAÇÃO E DESMOBILIZAÇÃO | H30: =IF($F30="","",IFERROR(VLOOKUP($F30,SERVIÇOS!$B:$G,3,0),IFERROR(VLOOKUP($F30,'COMPOSIÇÕES COMPLEMENTARES '!$D:$L,3,0),IFERROR(VLOOKUP($F30,INSUMOS!$A:$D,3,0),"")))) -> M | I30: 341.5 | J30: =IF($F30="","",IFERROR(VLOOKUP($F30,SERVIÇOS!$B:$G,4,0),IFERROR(VLOOKUP($F30,'COMPOSIÇÕES COMPLEMENTARES '!$D:$L,6,0),IFERROR(VLOOKUP($F30,INSUMOS!$A:$D,4,0),"")))) -> 59.72 | K30: =IF($F30="","",IFERROR(VLOOKUP($F30,SERVIÇOS!$B:$G,5,0),IFERROR(VLOOKUP($F30,'COMPOSIÇÕES COMPLEMENTARES '!$D:$L,7,0),0))) -> 8.67 | L30: =IF(I30="","",J30+K30) -> 68.39 | M30: =IF(I30="","",TRUNC((I30*J30),2)) -> 20394.38 | N30: =IF(I30="","",TRUNC((I30*K30),2)) -> 2960.8 | O30: =IF(I30="","",TRUNC((M30+N30),2)) -> 23355.18 | U30: =IF(OR(T30="",$O30=""),"",(T30/$I30)*$O30) | W30: =IF(OR(V30="",$O30=""),"",(V30/$I30)*$O30) | Y30: =IF(OR(X30="",$O30=""),"",(X30/$I30)*$O30) | Z30: =SUMIF($T$8:Y$1018,"QUANT.",T30:Y30) -> 0 | AA30: =SUMIF($T$8:$Y$1018,"CUSTO",T30:Y30) -> 0 | AB30: =IF(F30<>"",IF(AA30=0,"MEDIR",IF(O30-AA30=0,"OK",IF(O30-AA30>0,"MEDIR","ALERTA!"))),"") -> MEDIR | AC30: =IF(Z30="",0,I30-Z30) -> 341.5 | AD30: =IF(AA30="",0,O30-AA30) -> 23355.18
A31: =1+A30 -> 31 | C31: =+C30 -> 4.1 | D31: =1+D30 -> 2 | E31: =C31&"."&D31 -> 4.1.2 | F31: C5014 | G31: =IF($F31="","",IFERROR(VLOOKUP($F31,SERVIÇOS!$B:$G,2,0),IFERROR(VLOOKUP($F31,'COMPOSIÇÕES COMPLEMENTARES '!$D:$L,2,0),IFERROR(VLOOKUP($F31,INSUMOS!$A:$D,2,0),"")))) -> CONCRETO USINADO BOMBEÁVEL FCK=30MPA, SLUMP 240, INCLUSIVE LANÇAMENTO EM ESTACAS | H31: =IF($F31="","",IFERROR(VLOOKUP($F31,SERVIÇOS!$B:$G,3,0),IFERROR(VLOOKUP($F31,'COMPOSIÇÕES COMPLEMENTARES '!$D:$L,3,0),IFERROR(VLOOKUP($F31,INSUMOS!$A:$D,3,0),"")))) -> M3 | I31: 24.14 | J31: =IF($F31="","",IFERROR(VLOOKUP($F31,SERVIÇOS!$B:$G,4,0),IFERROR(VLOOKUP($F31,'COMPOSIÇÕES COMPLEMENTARES '!$D:$L,6,0),IFERROR(VLOOKUP($F31,INSUMOS!$A:$D,4,0),"")))) -> 559.38 | K31: =IF($F31="","",IFERROR(VLOOKUP($F31,SERVIÇOS!$B:$G,5,0),IFERROR(VLOOKUP($F31,'COMPOSIÇÕES COMPLEMENTARES '!$D:$L,7,0),0))) -> 0 | L31: =IF(I31="","",J31+K31) -> 559.38 | M31: =IF(I31="","",TRUNC((I31*J31),2)) -> 13503.43 | N31: =IF(I31="","",TRUNC((I31*K31),2)) -> 0 | O31: =IF(I31="","",TRUNC((M31+N31),2)) -> 13503.43 | U31: =IF(OR(T31="",$O31=""),"",(T31/$I31)*$O31) | W31: =IF(OR(V31="",$O31=""),"",(V31/$I31)*$O31) | Y31: =IF(OR(X31="",$O31=""),"",(X31/$I31)*$O31) | Z31: =SUMIF($T$8:Y$1018,"QUANT.",T31:Y31) -> 0 | AA31: =SUMIF($T$8:$Y$1018,"CUSTO",T31:Y31) -> 0 | AB31: =IF(F31<>"",IF(AA31=0,"MEDIR",IF(O31-AA31=0,"OK",IF(O31-AA31>0,"MEDIR","ALERTA!"))),"") -> MEDIR | AC31: =IF(Z31="",0,I31-Z31) -> 24.14 | AD31: =IF(AA31="",0,O31-AA31) -> 13503.43
A32: =1+A31 -> 32 | C32: =+C31 -> 4.1 | D32: =1+D31 -> 3 | E32: =C32&"."&D32 -> 4.1.3 | F32: 95601 | G32: =IF($F32="","",IFERROR(VLOOKUP($F32,SERVIÇOS!$B:$G,2,0),IFERROR(VLOOKUP($F32,'COMPOSIÇÕES COMPLEMENTARES '!$D:$L,2,0),IFERROR(VLOOKUP($F32,INSUMOS!$A:$D,2,0),"")))) -> ARRASAMENTO MECANICO DE ESTACA DE CONCRETO ARMADO, DIAMETROS DE ATÉ 40 CM. AF_05/2021 | H32: =IF($F32="","",IFERROR(VLOOKUP($F32,SERVIÇOS!$B:$G,3,0),IFERROR(VLOOKUP($F32,'COMPOSIÇÕES COMPLEMENTARES '!$D:$L,3,0),IFERROR(VLOOKUP($F32,INSUMOS!$A:$D,3,0),"")))) -> UN | I32: 110 | J32: =IF($F32="","",IFERROR(VLOOKUP($F32,SERVIÇOS!$B:$G,4,0),IFERROR(VLOOKUP($F32,'COMPOSIÇÕES COMPLEMENTARES '!$D:$L,6,0),IFERROR(VLOOKUP($F32,INSUMOS!$A:$D,4,0),"")))) -> 6.93 | K32: =IF($F32="","",IFERROR(VLOOKUP($F32,SERVIÇOS!$B:$G,5,0),IFERROR(VLOOKUP($F32,'COMPOSIÇÕES COMPLEMENTARES '!$D:$L,7,0),0))) -> 15.7 | L32: =IF(I32="","",J32+K32) -> 22.63 | M32: =IF(I32="","",TRUNC((I32*J32),2)) -> 762.3 | N32: =IF(I32="","",TRUNC((I32*K32),2)) -> 1727 | O32: =IF(I32="","",TRUNC((M32+N32),2)) -> 2489.3 | U32: =IF(OR(T32="",$O32=""),"",(T32/$I32)*$O32) | W32: =IF(OR(V32="",$O32=""),"",(V32/$I32)*$O32) | Y32: =IF(OR(X32="",$O32=""),"",(X32/$I32)*$O32) | Z32: =SUMIF($T$8:Y$1018,"QUANT.",T32:Y32) -> 0 | AA32: =SUMIF($T$8:$Y$1018,"CUSTO",T32:Y32) -> 0 | AB32: =IF(F32<>"",IF(AA32=0,"MEDIR",IF(O32-AA32=0,"OK",IF(O32-AA32>0,"MEDIR","ALERTA!"))),"") -> MEDIR | AC32: =IF(Z32="",0,I32-Z32) -> 110 | AD32: =IF(AA32="",0,O32-AA32) -> 2489.3
A33: =1+A32 -> 33 | C33: =+C32 -> 4.1 | D33: =1+D32 -> 4 | E33: =C33&"."&D33 -> 4.1.4 | F33: C5078 | G33: =IF($F33="","",IFERROR(VLOOKUP($F33,SERVIÇOS!$B:$G,2,0),IFERROR(VLOOKUP($F33,'COMPOSIÇÕES COMPLEMENTARES '!$D:$L,2,0),IFERROR(VLOOKUP($F33,INSUMOS!$A:$D,2,0),"")))) -> CONTROLE TECNOLÓGICO DE CONCRETO C/ ROMPIMENTO DE CORPO-DE-PROVA À COMPRESSÃO | H33: =IF($F33="","",IFERROR(VLOOKUP($F33,SERVIÇOS!$B:$G,3,0),IFERROR(VLOOKUP($F33,'COMPOSIÇÕES COMPLEMENTARES '!$D:$L,3,0),IFERROR(VLOOKUP($F33,INSUMOS!$A:$D,3,0),"")))) -> UN | I33: 12 | J33: =IF($F33="","",IFERROR(VLOOKUP($F33,SERVIÇOS!$B:$G,4,0),IFERROR(VLOOKUP($F33,'COMPOSIÇÕES COMPLEMENTARES '!$D:$L,6,0),IFERROR(VLOOKUP($F33,INSUMOS!$A:$D,4,0),"")))) -> 14 | K33: =IF($F33="","",IFERROR(VLOOKUP($F33,SERVIÇOS!$B:$G,5,0),IFERROR(VLOOKUP($F33,'COMPOSIÇÕES COMPLEMENTARES '!$D:$L,7,0),0))) -> 0 | L33: =IF(I33="","",J33+K33) -> 14 | M33: =IF(I33="","",TRUNC((I33*J33),2)) -> 168 | N33: =IF(I33="","",TRUNC((I33*K33),2)) -> 0 | O33: =IF(I33="","",TRUNC((M33+N33),2)) -> 168 | U33: =IF(OR(T33="",$O33=""),"",(T33/$I33)*$O33) | W33: =IF(OR(V33="",$O33=""),"",(V33/$I33)*$O33) | Y33: =IF(OR(X33="",$O33=""),"",(X33/$I33)*$O33) | Z33: =SUMIF($T$8:Y$1018,"QUANT.",T33:Y33) -> 0 | AA33: =SUMIF($T$8:$Y$1018,"CUSTO",T33:Y33) -> 0 | AB33: =IF(F33<>"",IF(AA33=0,"MEDIR",IF(O33-AA33=0,"OK",IF(O33-AA33>0,"MEDIR","ALERTA!"))),"") -> MEDIR | AC33: =IF(Z33="",0,I33-Z33) -> 12 | AD33: =IF(AA33="",0,O33-AA33) -> 168
A34: =1+A33 -> 34 | C34: =+C33 -> 4.1 | D34: =1+D33 -> 5 | E34: =C34&"."&D34 -> 4.1.5 | F34: 95584 | G34: =IF($F34="","",IFERROR(VLOOKUP($F34,SERVIÇOS!$B:$G,2,0),IFERROR(VLOOKUP($F34,'COMPOSIÇÕES COMPLEMENTARES '!$D:$L,2,0),IFERROR(VLOOKUP($F34,INSUMOS!$A:$D,2,0),"")))) -> MONTAGEM DE ARMADURA TRANSVERSAL DE ESTACAS DE SEÇÃO CIRCULAR, DIÂMETRO = 6,30 MM. AF_09/2021_PS | H34: =IF($F34="","",IFERROR(VLOOKUP($F34,SERVIÇOS!$B:$G,3,0),IFERROR(VLOOKUP($F34,'COMPOSIÇÕES COMPLEMENTARES '!$D:$L,3,0),IFERROR(VLOOKUP($F34,INSUMOS!$A:$D,3,0),"")))) -> KG | I34: 581.24 | J34: =IF($F34="","",IFERROR(VLOOKUP($F34,SERVIÇOS!$B:$G,4,0),IFERROR(VLOOKUP($F34,'COMPOSIÇÕES COMPLEMENTARES '!$D:$L,6,0),IFERROR(VLOOKUP($F34,INSUMOS!$A:$D,4,0),"")))) -> 10.96 | K34: =IF($F34="","",IFERROR(VLOOKUP($F34,SERVIÇOS!$B:$G,5,0),IFERROR(VLOOKUP($F34,'COMPOSIÇÕES COMPLEMENTARES '!$D:$L,7,0),0))) -> 4.2 | L34: =IF(I34="","",J34+K34) -> 15.16 | M34: =IF(I34="","",TRUNC((I34*J34),2)) -> 6370.39 | N34: =IF(I34="","",TRUNC((I34*K34),2)) -> 2441.2 | O34: =IF(I34="","",TRUNC((M34+N34),2)) -> 8811.59 | U34: =IF(OR(T34="",$O34=""),"",(T34/$I34)*$O34) | W34: =IF(OR(V34="",$O34=""),"",(V34/$I34)*$O34) | Y34: =IF(OR(X34="",$O34=""),"",(X34/$I34)*$O34) | Z34: =SUMIF($T$8:Y$1018,"QUANT.",T34:Y34) -> 0 | AA34: =SUMIF($T$8:$Y$1018,"CUSTO",T34:Y34) -> 0 | AB34: =IF(F34<>"",IF(AA34=0,"MEDIR",IF(O34-AA34=0,"OK",IF(O34-AA34>0,"MEDIR","ALERTA!"))),"") -> MEDIR | AC34: =IF(Z34="",0,I34-Z34) -> 581.24 | AD34: =IF(AA34="",0,O34-AA34) -> 8811.59
A35: =1+A34 -> 35 | C35: =+C34 -> 4.1 | D35: =1+D34 -> 6 | E35: =C35&"."&D35 -> 4.1.6 | F35: 95577 | G35: =IF($F35="","",IFERROR(VLOOKUP($F35,SERVIÇOS!$B:$G,2,0),IFERROR(VLOOKUP($F35,'COMPOSIÇÕES COMPLEMENTARES '!$D:$L,2,0),IFERROR(VLOOKUP($F35,INSUMOS!$A:$D,2,0),"")))) -> MONTAGEM DE ARMADURA DE ESTACAS, DIÂMETRO = 10,0 MM. AF_09/2021_PS | H35: =IF($F35="","",IFERROR(VLOOKUP($F35,SERVIÇOS!$B:$G,3,0),IFERROR(VLOOKUP($F35,'COMPOSIÇÕES COMPLEMENTARES '!$D:$L,3,0),IFERROR(VLOOKUP($F35,INSUMOS!$A:$D,3,0),"")))) -> KG | I35: 1569.65 | J35: =IF($F35="","",IFERROR(VLOOKUP($F35,SERVIÇOS!$B:$G,4,0),IFERROR(VLOOKUP($F35,'COMPOSIÇÕES COMPLEMENTARES '!$D:$L,6,0),IFERROR(VLOOKUP($F35,INSUMOS!$A:$D,4,0),"")))) -> 9.65 | K35: =IF($F35="","",IFERROR(VLOOKUP($F35,SERVIÇOS!$B:$G,5,0),IFERROR(VLOOKUP($F35,'COMPOSIÇÕES COMPLEMENTARES '!$D:$L,7,0),0))) -> 1.2 | L35: =IF(I35="","",J35+K35) -> 10.85 | M35: =IF(I35="","",TRUNC((I35*J35),2)) -> 15147.12 | N35: =IF(I35="","",TRUNC((I35*K35),2)) -> 1883.58 | O35: =IF(I35="","",TRUNC((M35+N35),2)) -> 17030.7 | U35: =IF(OR(T35="",$O35=""),"",(T35/$I35)*$O35) | W35: =IF(OR(V35="",$O35=""),"",(V35/$I35)*$O35) | Y35: =IF(OR(X35="",$O35=""),"",(X35/$I35)*$O35) | Z35: =SUMIF($T$8:Y$1018,"QUANT.",T35:Y35) -> 0 | AA35: =SUMIF($T$8:$Y$1018,"CUSTO",T35:Y35) -> 0 | AB35: =IF(F35<>"",IF(AA35=0,"MEDIR",IF(O35-AA35=0,"OK",IF(O35-AA35>0,"MEDIR","ALERTA!"))),"") -> MEDIR | AC35: =IF(Z35="",0,I35-Z35) -> 1569.65 | AD35: =IF(AA35="",0,O35-AA35) -> 17030.7
A36: =1+A35 -> 36 | C36: =+E36 -> 4.2 | E36: 4.2 | G36: BLOCOS E VIGAS BALDRAMES | U36: =IF(OR(T36="",$O36=""),"",(T36/$I36)*$O36) | W36: =IF(OR(V36="",$O36=""),"",(V36/$I36)*$O36) | Y36: =IF(OR(X36="",$O36=""),"",(X36/$I36)*$O36) | Z36: =SUMIF($T$8:Y$1018,"QUANT.",T36:Y36) -> 0 | AA36: =SUMIF($T$8:$Y$1018,"CUSTO",T36:Y36) -> 0 | AB36: =IF(F36<>"",IF(AA36=0,"MEDIR",IF(O36-AA36=0,"OK",IF(O36-AA36>0,"MEDIR","ALERTA!"))),"") | AC36: =IF(Z36="",0,I36-Z36) -> 0 | AD36: =IF(AA36="",0,O36-AA36) -> 0
A37: =1+A36 -> 37 | C37: =+C36 -> 4.2 | D37: =1+D36 -> 1 | E37: =C37&"."&D37 -> 4.2.1 | F37: 96544 | G37: =IF($F37="","",IFERROR(VLOOKUP($F37,SERVIÇOS!$B:$G,2,0),IFERROR(VLOOKUP($F37,'COMPOSIÇÕES COMPLEMENTARES '!$D:$L,2,0),IFERROR(VLOOKUP($F37,INSUMOS!$A:$D,2,0),"")))) -> ARMAÇÃO DE BLOCO UTILIZANDO AÇO CA-50 DE 6,3 MM - MONTAGEM. AF_01/2024 | H37: =IF($F37="","",IFERROR(VLOOKUP($F37,SERVIÇOS!$B:$G,3,0),IFERROR(VLOOKUP($F37,'COMPOSIÇÕES COMPLEMENTARES '!$D:$L,3,0),IFERROR(VLOOKUP($F37,INSUMOS!$A:$D,3,0),"")))) -> KG | I37: 218 | J37: =IF($F37="","",IFERROR(VLOOKUP($F37,SERVIÇOS!$B:$G,4,0),IFERROR(VLOOKUP($F37,'COMPOSIÇÕES COMPLEMENTARES '!$D:$L,6,0),IFERROR(VLOOKUP($F37,INSUMOS!$A:$D,4,0),"")))) -> 12.41 | K37: =IF($F37="","",IFERROR(VLOOKUP($F37,SERVIÇOS!$B:$G,5,0),IFERROR(VLOOKUP($F37,'COMPOSIÇÕES COMPLEMENTARES '!$D:$L,7,0),0))) -> 7.87 | L37: =IF(I37="","",J37+K37) -> 20.28 | M37: =IF(I37="","",TRUNC((I37*J37),2)) -> 2705.38 | N37: =IF(I37="","",TRUNC((I37*K37),2)) -> 1715.66 | O37: =IF(I37="","",TRUNC((M37+N37),2)) -> 4421.04 | U37: =IF(OR(T37="",$O37=""),"",(T37/$I37)*$O37) | W37: =IF(OR(V37="",$O37=""),"",(V37/$I37)*$O37) | Y37: =IF(OR(X37="",$O37=""),"",(X37/$I37)*$O37) | Z37: =SUMIF($T$8:Y$1018,"QUANT.",T37:Y37) -> 0 | AA37: =SUMIF($T$8:$Y$1018,"CUSTO",T37:Y37) -> 0 | AB37: =IF(F37<>"",IF(AA37=0,"MEDIR",IF(O37-AA37=0,"OK",IF(O37-AA37>0,"MEDIR","ALERTA!"))),"") -> MEDIR | AC37: =IF(Z37="",0,I37-Z37) -> 218 | AD37: =IF(AA37="",0,O37-AA37) -> 4421.04
A38: =1+A37 -> 38 | C38: =+C37 -> 4.2 | D38: =1+D37 -> 2 | E38: =C38&"."&D38 -> 4.2.2 | F38: 96545 | G38: =IF($F38="","",IFERROR(VLOOKUP($F38,SERVIÇOS!$B:$G,2,0),IFERROR(VLOOKUP($F38,'COMPOSIÇÕES COMPLEMENTARES '!$D:$L,2,0),IFERROR(VLOOKUP($F38,INSUMOS!$A:$D,2,0),"")))) -> ARMAÇÃO DE BLOCO UTILIZANDO AÇO CA-50 DE 8 MM - MONTAGEM. AF_01/2024 | H38: =IF($F38="","",IFERROR(VLOOKUP($F38,SERVIÇOS!$B:$G,3,0),IFERROR(VLOOKUP($F38,'COMPOSIÇÕES COMPLEMENTARES '!$D:$L,3,0),IFERROR(VLOOKUP($F38,INSUMOS!$A:$D,3,0),"")))) -> KG | I38: 510 | J38: =IF($F38="","",IFERROR(VLOOKUP($F38,SERVIÇOS!$B:$G,4,0),IFERROR(VLOOKUP($F38,'COMPOSIÇÕES COMPLEMENTARES '!$D:$L,6,0),IFERROR(VLOOKUP($F38,INSUMOS!$A:$D,4,0),"")))) -> 11.98 | K38: =IF($F38="","",IFERROR(VLOOKUP($F38,SERVIÇOS!$B:$G,5,0),IFERROR(VLOOKUP($F38,'COMPOSIÇÕES COMPLEMENTARES '!$D:$L,7,0),0))) -> 5.77 | L38: =IF(I38="","",J38+K38) -> 17.75 | M38: =IF(I38="","",TRUNC((I38*J38),2)) -> 6109.8 | N38: =IF(I38="","",TRUNC((I38*K38),2)) -> 2942.7 | O38: =IF(I38="","",TRUNC((M38+N38),2)) -> 9052.5 | U38: =IF(OR(T38="",$O38=""),"",(T38/$I38)*$O38) | W38: =IF(OR(V38="",$O38=""),"",(V38/$I38)*$O38) | Y38: =IF(OR(X38="",$O38=""),"",(X38/$I38)*$O38) | Z38: =SUMIF($T$8:Y$1018,"QUANT.",T38:Y38) -> 0 | AA38: =SUMIF($T$8:$Y$1018,"CUSTO",T38:Y38) -> 0 | AB38: =IF(F38<>"",IF(AA38=0,"MEDIR",IF(O38-AA38=0,"OK",IF(O38-AA38>0,"MEDIR","ALERTA!"))),"") -> MEDIR | AC38: =IF(Z38="",0,I38-Z38) -> 510 | AD38: =IF(AA38="",0,O38-AA38) -> 9052.5
A39: =1+A38 -> 39 | C39: =+C38 -> 4.2 | D39: =1+D38 -> 3 | E39: =C39&"."&D39 -> 4.2.3 | F39: 104920 | G39: =IF($F39="","",IFERROR(VLOOKUP($F39,SERVIÇOS!$B:$G,2,0),IFERROR(VLOOKUP($F39,'COMPOSIÇÕES COMPLEMENTARES '!$D:$L,2,0),IFERROR(VLOOKUP($F39,INSUMOS!$A:$D,2,0),"")))) -> ARMAÇÃO DE BLOCO, SAPATA ISOLADA, VIGA BALDRAME E SAPATA CORRIDA UTILIZANDO AÇO CA-50 DE 12,5 MM - MONTAGEM. AF_01/2024 | H39: =IF($F39="","",IFERROR(VLOOKUP($F39,SERVIÇOS!$B:$G,3,0),IFERROR(VLOOKUP($F39,'COMPOSIÇÕES COMPLEMENTARES '!$D:$L,3,0),IFERROR(VLOOKUP($F39,INSUMOS!$A:$D,3,0),"")))) -> KG | I39: 133 | J39: =IF($F39="","",IFERROR(VLOOKUP($F39,SERVIÇOS!$B:$G,4,0),IFERROR(VLOOKUP($F39,'COMPOSIÇÕES COMPLEMENTARES '!$D:$L,6,0),IFERROR(VLOOKUP($F39,INSUMOS!$A:$D,4,0),"")))) -> 9.02 | K39: =IF($F39="","",IFERROR(VLOOKUP($F39,SERVIÇOS!$B:$G,5,0),IFERROR(VLOOKUP($F39,'COMPOSIÇÕES COMPLEMENTARES '!$D:$L,7,0),0))) -> 2.4 | L39: =IF(I39="","",J39+K39) -> 11.42 | M39: =IF(I39="","",TRUNC((I39*J39),2)) -> 1199.66 | N39: =IF(I39="","",TRUNC((I39*K39),2)) -> 319.2 | O39: =IF(I39="","",TRUNC((M39+N39),2)) -> 1518.86 | U39: =IF(OR(T39="",$O39=""),"",(T39/$I39)*$O39) | W39: =IF(OR(V39="",$O39=""),"",(V39/$I39)*$O39) | Y39: =IF(OR(X39="",$O39=""),"",(X39/$I39)*$O39) | Z39: =SUMIF($T$8:Y$1018,"QUANT.",T39:Y39) -> 0 | AA39: =SUMIF($T$8:$Y$1018,"CUSTO",T39:Y39) -> 0 | AB39: =IF(F39<>"",IF(AA39=0,"MEDIR",IF(O39-AA39=0,"OK",IF(O39-AA39>0,"MEDIR","ALERTA!"))),"") -> MEDIR | AC39: =IF(Z39="",0,I39-Z39) -> 133 | AD39: =IF(AA39="",0,O39-AA39) -> 1518.86
A40: =1+A39 -> 40 | C40: =+C39 -> 4.2 | D40: =1+D39 -> 4 | E40: =C40&"."&D40 -> 4.2.4 | F40: 104916 | G40: =IF($F40="","",IFERROR(VLOOKUP($F40,SERVIÇOS!$B:$G,2,0),IFERROR(VLOOKUP($F40,'COMPOSIÇÕES COMPLEMENTARES '!$D:$L,2,0),IFERROR(VLOOKUP($F40,INSUMOS!$A:$D,2,0),"")))) -> ARMAÇÃO DE SAPATA ISOLADA, VIGA BALDRAME E SAPATA CORRIDA UTILIZANDO AÇO CA-60 DE 5 MM - MONTAGEM. AF_01/2024 | H40: =IF($F40="","",IFERROR(VLOOKUP($F40,SERVIÇOS!$B:$G,3,0),IFERROR(VLOOKUP($F40,'COMPOSIÇÕES COMPLEMENTARES '!$D:$L,3,0),IFERROR(VLOOKUP($F40,INSUMOS!$A:$D,3,0),"")))) -> KG | I40: 322 | J40: =IF($F40="","",IFERROR(VLOOKUP($F40,SERVIÇOS!$B:$G,4,0),IFERROR(VLOOKUP($F40,'COMPOSIÇÕES COMPLEMENTARES '!$D:$L,6,0),IFERROR(VLOOKUP($F40,INSUMOS!$A:$D,4,0),"")))) -> 11.41 | K40: =IF($F40="","",IFERROR(VLOOKUP($F40,SERVIÇOS!$B:$G,5,0),IFERROR(VLOOKUP($F40,'COMPOSIÇÕES COMPLEMENTARES '!$D:$L,7,0),0))) -> 7.66 | L40: =IF(I40="","",J40+K40) -> 19.07 | M40: =IF(I40="","",TRUNC((I40*J40),2)) -> 3674.02 | N40: =IF(I40="","",TRUNC((I40*K40),2)) -> 2466.52 | O40: =IF(I40="","",TRUNC((M40+N40),2)) -> 6140.54 | U40: =IF(OR(T40="",$O40=""),"",(T40/$I40)*$O40) | W40: =IF(OR(V40="",$O40=""),"",(V40/$I40)*$O40) | Y40: =IF(OR(X40="",$O40=""),"",(X40/$I40)*$O40) | Z40: =SUMIF($T$8:Y$1018,"QUANT.",T40:Y40) -> 0 | AA40: =SUMIF($T$8:$Y$1018,"CUSTO",T40:Y40) -> 0 | AB40: =IF(F40<>"",IF(AA40=0,"MEDIR",IF(O40-AA40=0,"OK",IF(O40-AA40>0,"MEDIR","ALERTA!"))),"") -> MEDIR | AC40: =IF(Z40="",0,I40-Z40) -> 322 | AD40: =IF(AA40="",0,O40-AA40) -> 6140.54
A41: =1+A40 -> 41 | C41: =+C40 -> 4.2 | D41: =1+D40 -> 5 | E41: =C41&"."&D41 -> 4.2.5 | F41: 104917 | G41: =IF($F41="","",IFERROR(VLOOKUP($F41,SERVIÇOS!$B:$G,2,0),IFERROR(VLOOKUP($F41,'COMPOSIÇÕES COMPLEMENTARES '!$D:$L,2,0),IFERROR(VLOOKUP($F41,INSUMOS!$A:$D,2,0),"")))) -> ARMAÇÃO DE SAPATA ISOLADA, VIGA BALDRAME E SAPATA CORRIDA UTILIZANDO AÇO CA-50 DE 6,3 MM - MONTAGEM. AF_01/2024 | H41: =IF($F41="","",IFERROR(VLOOKUP($F41,SERVIÇOS!$B:$G,3,0),IFERROR(VLOOKUP($F41,'COMPOSIÇÕES COMPLEMENTARES '!$D:$L,3,0),IFERROR(VLOOKUP($F41,INSUMOS!$A:$D,3,0),"")))) -> KG | I41: 1 | J41: =IF($F41="","",IFERROR(VLOOKUP($F41,SERVIÇOS!$B:$G,4,0),IFERROR(VLOOKUP($F41,'COMPOSIÇÕES COMPLEMENTARES '!$D:$L,6,0),IFERROR(VLOOKUP($F41,INSUMOS!$A:$D,4,0),"")))) -> 11.55 | K41: =IF($F41="","",IFERROR(VLOOKUP($F41,SERVIÇOS!$B:$G,5,0),IFERROR(VLOOKUP($F41,'COMPOSIÇÕES COMPLEMENTARES '!$D:$L,7,0),0))) -> 5.56 | L41: =IF(I41="","",J41+K41) -> 17.11 | M41: =IF(I41="","",TRUNC((I41*J41),2)) -> 11.55 | N41: =IF(I41="","",TRUNC((I41*K41),2)) -> 5.56 | O41: =IF(I41="","",TRUNC((M41+N41),2)) -> 17.11 | U41: =IF(OR(T41="",$O41=""),"",(T41/$I41)*$O41) | W41: =IF(OR(V41="",$O41=""),"",(V41/$I41)*$O41) | Y41: =IF(OR(X41="",$O41=""),"",(X41/$I41)*$O41) | Z41: =SUMIF($T$8:Y$1018,"QUANT.",T41:Y41) -> 0 | AA41: =SUMIF($T$8:$Y$1018,"CUSTO",T41:Y41) -> 0 | AB41: =IF(F41<>"",IF(AA41=0,"MEDIR",IF(O41-AA41=0,"OK",IF(O41-AA41>0,"MEDIR","ALERTA!"))),"") -> MEDIR | AC41: =IF(Z41="",0,I41-Z41) -> 1 | AD41: =IF(AA41="",0,O41-AA41) -> 17.11
A42: =1+A41 -> 42 | C42: =+C41 -> 4.2 | D42: =1+D41 -> 6 | E42: =C42&"."&D42 -> 4.2.6 | F42: 104918 | G42: =IF($F42="","",IFERROR(VLOOKUP($F42,SERVIÇOS!$B:$G,2,0),IFERROR(VLOOKUP($F42,'COMPOSIÇÕES COMPLEMENTARES '!$D:$L,2,0),IFERROR(VLOOKUP($F42,INSUMOS!$A:$D,2,0),"")))) -> ARMAÇÃO DE SAPATA ISOLADA, VIGA BALDRAME E SAPATA CORRIDA UTILIZANDO AÇO CA-50 DE 8 MM - MONTAGEM. AF_01/2024 | H42: =IF($F42="","",IFERROR(VLOOKUP($F42,SERVIÇOS!$B:$G,3,0),IFERROR(VLOOKUP($F42,'COMPOSIÇÕES COMPLEMENTARES '!$D:$L,3,0),IFERROR(VLOOKUP($F42,INSUMOS!$A:$D,3,0),"")))) -> KG | I42: 457 | J42: =IF($F42="","",IFERROR(VLOOKUP($F42,SERVIÇOS!$B:$G,4,0),IFERROR(VLOOKUP($F42,'COMPOSIÇÕES COMPLEMENTARES '!$D:$L,6,0),IFERROR(VLOOKUP($F42,INSUMOS!$A:$D,4,0),"")))) -> 11.34 | K42: =IF($F42="","",IFERROR(VLOOKUP($F42,SERVIÇOS!$B:$G,5,0),IFERROR(VLOOKUP($F42,'COMPOSIÇÕES COMPLEMENTARES '!$D:$L,7,0),0))) -> 4.08 | L42: =IF(I42="","",J42+K42) -> 15.42 | M42: =IF(I42="","",TRUNC((I42*J42),2)) -> 5182.38 | N42: =IF(I42="","",TRUNC((I42*K42),2)) -> 1864.56 | O42: =IF(I42="","",TRUNC((M42+N42),2)) -> 7046.94 | U42: =IF(OR(T42="",$O42=""),"",(T42/$I42)*$O42) | W42: =IF(OR(V42="",$O42=""),"",(V42/$I42)*$O42) | Y42: =IF(OR(X42="",$O42=""),"",(X42/$I42)*$O42) | Z42: =SUMIF($T$8:Y$1018,"QUANT.",T42:Y42) -> 0 | AA42: =SUMIF($T$8:$Y$1018,"CUSTO",T42:Y42) -> 0 | AB42: =IF(F42<>"",IF(AA42=0,"MEDIR",IF(O42-AA42=0,"OK",IF(O42-AA42>0,"MEDIR","ALERTA!"))),"") -> MEDIR | AC42: =IF(Z42="",0,I42-Z42) -> 457 | AD42: =IF(AA42="",0,O42-AA42) -> 7046.94
A43: =1+A42 -> 43 | C43: =+C42 -> 4.2 | D43: =1+D42 -> 7 | E43: =C43&"."&D43 -> 4.2.7 | F43: 104919 | G43: =IF($F43="","",IFERROR(VLOOKUP($F43,SERVIÇOS!$B:$G,2,0),IFERROR(VLOOKUP($F43,'COMPOSIÇÕES COMPLEMENTARES '!$D:$L,2,0),IFERROR(VLOOKUP($F43,INSUMOS!$A:$D,2,0),"")))) -> ARMAÇÃO DE SAPATA ISOLADA, VIGA BALDRAME E SAPATA CORRIDA UTILIZANDO AÇO CA-50 DE 10 MM - MONTAGEM. AF_01/2024 | H43: =IF($F43="","",IFERROR(VLOOKUP($F43,SERVIÇOS!$B:$G,3,0),IFERROR(VLOOKUP($F43,'COMPOSIÇÕES COMPLEMENTARES '!$D:$L,3,0),IFERROR(VLOOKUP($F43,INSUMOS!$A:$D,3,0),"")))) -> KG | I43: 336 | J43: =IF($F43="","",IFERROR(VLOOKUP($F43,SERVIÇOS!$B:$G,4,0),IFERROR(VLOOKUP($F43,'COMPOSIÇÕES COMPLEMENTARES '!$D:$L,6,0),IFERROR(VLOOKUP($F43,INSUMOS!$A:$D,4,0),"")))) -> 10.45 | K43: =IF($F43="","",IFERROR(VLOOKUP($F43,SERVIÇOS!$B:$G,5,0),IFERROR(VLOOKUP($F43,'COMPOSIÇÕES COMPLEMENTARES '!$D:$L,7,0),0))) -> 3.1 | L43: =IF(I43="","",J43+K43) -> 13.55 | M43: =IF(I43="","",TRUNC((I43*J43),2)) -> 3511.2 | N43: =IF(I43="","",TRUNC((I43*K43),2)) -> 1041.6 | O43: =IF(I43="","",TRUNC((M43+N43),2)) -> 4552.8 | U43: =IF(OR(T43="",$O43=""),"",(T43/$I43)*$O43) | W43: =IF(OR(V43="",$O43=""),"",(V43/$I43)*$O43) | Y43: =IF(OR(X43="",$O43=""),"",(X43/$I43)*$O43) | Z43: =SUMIF($T$8:Y$1018,"QUANT.",T43:Y43) -> 0 | AA43: =SUMIF($T$8:$Y$1018,"CUSTO",T43:Y43) -> 0 | AB43: =IF(F43<>"",IF(AA43=0,"MEDIR",IF(O43-AA43=0,"OK",IF(O43-AA43>0,"MEDIR","ALERTA!"))),"") -> MEDIR | AC43: =IF(Z43="",0,I43-Z43) -> 336 | AD43: =IF(AA43="",0,O43-AA43) -> 4552.8
A44: =1+A43 -> 44 | C44: =+C43 -> 4.2 | D44: =1+D43 -> 8 | E44: =C44&"."&D44 -> 4.2.8 | F44: C5006 | G44: =IF($F44="","",IFERROR(VLOOKUP($F44,SERVIÇOS!$B:$G,2,0),IFERROR(VLOOKUP($F44,'COMPOSIÇÕES COMPLEMENTARES '!$D:$L,2,0),IFERROR(VLOOKUP($F44,INSUMOS!$A:$D,2,0),"")))) -> FORMA TABUA PARA CONCRETO EM FUNDACAO C/ REAPROVEITAMENTO 5X | H44: =IF($F44="","",IFERROR(VLOOKUP($F44,SERVIÇOS!$B:$G,3,0),IFERROR(VLOOKUP($F44,'COMPOSIÇÕES COMPLEMENTARES '!$D:$L,3,0),IFERROR(VLOOKUP($F44,INSUMOS!$A:$D,3,0),"")))) -> M2 | I44: 316.78 | J44: =IF($F44="","",IFERROR(VLOOKUP($F44,SERVIÇOS!$B:$G,4,0),IFERROR(VLOOKUP($F44,'COMPOSIÇÕES COMPLEMENTARES '!$D:$L,6,0),IFERROR(VLOOKUP($F44,INSUMOS!$A:$D,4,0),"")))) -> 40.69 | K44: =IF($F44="","",IFERROR(VLOOKUP($F44,SERVIÇOS!$B:$G,5,0),IFERROR(VLOOKUP($F44,'COMPOSIÇÕES COMPLEMENTARES '!$D:$L,7,0),0))) -> 29.34 | L44: =IF(I44="","",J44+K44) -> 70.03 | M44: =IF(I44="","",TRUNC((I44*J44),2)) -> 12889.77 | N44: =IF(I44="","",TRUNC((I44*K44),2)) -> 9294.32 | O44: =IF(I44="","",TRUNC((M44+N44),2)) -> 22184.09 | U44: =IF(OR(T44="",$O44=""),"",(T44/$I44)*$O44) | W44: =IF(OR(V44="",$O44=""),"",(V44/$I44)*$O44) | Y44: =IF(OR(X44="",$O44=""),"",(X44/$I44)*$O44) | Z44: =SUMIF($T$8:Y$1018,"QUANT.",T44:Y44) -> 0 | AA44: =SUMIF($T$8:$Y$1018,"CUSTO",T44:Y44) -> 0 | AB44: =IF(F44<>"",IF(AA44=0,"MEDIR",IF(O44-AA44=0,"OK",IF(O44-AA44>0,"MEDIR","ALERTA!"))),"") -> MEDIR | AC44: =IF(Z44="",0,I44-Z44) -> 316.78 | AD44: =IF(AA44="",0,O44-AA44) -> 22184.09
A45: =1+A44 -> 45 | C45: =+C44 -> 4.2 | D45: =1+D44 -> 9 | E45: =C45&"."&D45 -> 4.2.9 | F45: 96619 | G45: =IF($F45="","",IFERROR(VLOOKUP($F45,SERVIÇOS!$B:$G,2,0),IFERROR(VLOOKUP($F45,'COMPOSIÇÕES COMPLEMENTARES '!$D:$L,2,0),IFERROR(VLOOKUP($F45,INSUMOS!$A:$D,2,0),"")))) -> LASTRO DE CONCRETO MAGRO, APLICADO EM BLOCOS DE COROAMENTO OU SAPATAS, ESPESSURA DE 5 CM. AF_01/2024 | H45: =IF($F45="","",IFERROR(VLOOKUP($F45,SERVIÇOS!$B:$G,3,0),IFERROR(VLOOKUP($F45,'COMPOSIÇÕES COMPLEMENTARES '!$D:$L,3,0),IFERROR(VLOOKUP($F45,INSUMOS!$A:$D,3,0),"")))) -> M2 | I45: 3.49 | J45: =IF($F45="","",IFERROR(VLOOKUP($F45,SERVIÇOS!$B:$G,4,0),IFERROR(VLOOKUP($F45,'COMPOSIÇÕES COMPLEMENTARES '!$D:$L,6,0),IFERROR(VLOOKUP($F45,INSUMOS!$A:$D,4,0),"")))) -> 26.06 | K45: =IF($F45="","",IFERROR(VLOOKUP($F45,SERVIÇOS!$B:$G,5,0),IFERROR(VLOOKUP($F45,'COMPOSIÇÕES COMPLEMENTARES '!$D:$L,7,0),0))) -> 16.87 | L45: =IF(I45="","",J45+K45) -> 42.93 | M45: =IF(I45="","",TRUNC((I45*J45),2)) -> 90.94 | N45: =IF(I45="","",TRUNC((I45*K45),2)) -> 58.87 | O45: =IF(I45="","",TRUNC((M45+N45),2)) -> 149.81 | U45: =IF(OR(T45="",$O45=""),"",(T45/$I45)*$O45) | W45: =IF(OR(V45="",$O45=""),"",(V45/$I45)*$O45) | Y45: =IF(OR(X45="",$O45=""),"",(X45/$I45)*$O45) | Z45: =SUMIF($T$8:Y$1018,"QUANT.",T45:Y45) -> 0 | AA45: =SUMIF($T$8:$Y$1018,"CUSTO",T45:Y45) -> 0 | AB45: =IF(F45<>"",IF(AA45=0,"MEDIR",IF(O45-AA45=0,"OK",IF(O45-AA45>0,"MEDIR","ALERTA!"))),"") -> MEDIR | AC45: =IF(Z45="",0,I45-Z45) -> 3.49 | AD45: =IF(AA45="",0,O45-AA45) -> 149.81
A46: =1+A45 -> 46 | C46: =+C45 -> 4.2 | D46: =1+D45 -> 10 | E46: =C46&"."&D46 -> 4.2.10 | F46: C5065 | G46: =IF($F46="","",IFERROR(VLOOKUP($F46,SERVIÇOS!$B:$G,2,0),IFERROR(VLOOKUP($F46,'COMPOSIÇÕES COMPLEMENTARES '!$D:$L,2,0),IFERROR(VLOOKUP($F46,INSUMOS!$A:$D,2,0),"")))) -> CONCRETO USINADO BOMBEADO FCK=30MPA, BOMBEADO, LANÇADO E ADENSADO EM INFRAESTRUTURA | H46: =IF($F46="","",IFERROR(VLOOKUP($F46,SERVIÇOS!$B:$G,3,0),IFERROR(VLOOKUP($F46,'COMPOSIÇÕES COMPLEMENTARES '!$D:$L,3,0),IFERROR(VLOOKUP($F46,INSUMOS!$A:$D,3,0),"")))) -> M3 | I46: 30.3 | J46: =IF($F46="","",IFERROR(VLOOKUP($F46,SERVIÇOS!$B:$G,4,0),IFERROR(VLOOKUP($F46,'COMPOSIÇÕES COMPLEMENTARES '!$D:$L,6,0),IFERROR(VLOOKUP($F46,INSUMOS!$A:$D,4,0),"")))) -> 534.25 | K46: =IF($F46="","",IFERROR(VLOOKUP($F46,SERVIÇOS!$B:$G,5,0),IFERROR(VLOOKUP($F46,'COMPOSIÇÕES COMPLEMENTARES '!$D:$L,7,0),0))) -> 38.56 | L46: =IF(I46="","",J46+K46) -> 572.81 | M46: =IF(I46="","",TRUNC((I46*J46),2)) -> 16187.77 | N46: =IF(I46="","",TRUNC((I46*K46),2)) -> 1168.36 | O46: =IF(I46="","",TRUNC((M46+N46),2)) -> 17356.13 | U46: =IF(OR(T46="",$O46=""),"",(T46/$I46)*$O46) | W46: =IF(OR(V46="",$O46=""),"",(V46/$I46)*$O46) | Y46: =IF(OR(X46="",$O46=""),"",(X46/$I46)*$O46) | Z46: =SUMIF($T$8:Y$1018,"QUANT.",T46:Y46) -> 0 | AA46: =SUMIF($T$8:$Y$1018,"CUSTO",T46:Y46) -> 0 | AB46: =IF(F46<>"",IF(AA46=0,"MEDIR",IF(O46-AA46=0,"OK",IF(O46-AA46>0,"MEDIR","ALERTA!"))),"") -> MEDIR | AC46: =IF(Z46="",0,I46-Z46) -> 30.3 | AD46: =IF(AA46="",0,O46-AA46) -> 17356.13
A47: =1+A46 -> 47 | C47: =+C46 -> 4.2 | D47: =1+D46 -> 11 | E47: =C47&"."&D47 -> 4.2.11 | F47: C5078 | G47: =IF($F47="","",IFERROR(VLOOKUP($F47,SERVIÇOS!$B:$G,2,0),IFERROR(VLOOKUP($F47,'COMPOSIÇÕES COMPLEMENTARES '!$D:$L,2,0),IFERROR(VLOOKUP($F47,INSUMOS!$A:$D,2,0),"")))) -> CONTROLE TECNOLÓGICO DE CONCRETO C/ ROMPIMENTO DE CORPO-DE-PROVA À COMPRESSÃO | H47: =IF($F47="","",IFERROR(VLOOKUP($F47,SERVIÇOS!$B:$G,3,0),IFERROR(VLOOKUP($F47,'COMPOSIÇÕES COMPLEMENTARES '!$D:$L,3,0),IFERROR(VLOOKUP($F47,INSUMOS!$A:$D,3,0),"")))) -> UN | I47: =TRUNC(I46/8*4,0) -> 15 | J47: =IF($F47="","",IFERROR(VLOOKUP($F47,SERVIÇOS!$B:$G,4,0),IFERROR(VLOOKUP($F47,'COMPOSIÇÕES COMPLEMENTARES '!$D:$L,6,0),IFERROR(VLOOKUP($F47,INSUMOS!$A:$D,4,0),"")))) -> 14 | K47: =IF($F47="","",IFERROR(VLOOKUP($F47,SERVIÇOS!$B:$G,5,0),IFERROR(VLOOKUP($F47,'COMPOSIÇÕES COMPLEMENTARES '!$D:$L,7,0),0))) -> 0 | L47: =IF(I47="","",J47+K47) -> 14 | M47: =IF(I47="","",TRUNC((I47*J47),2)) -> 210 | N47: =IF(I47="","",TRUNC((I47*K47),2)) -> 0 | O47: =IF(I47="","",TRUNC((M47+N47),2)) -> 210 | U47: =IF(OR(T47="",$O47=""),"",(T47/$I47)*$O47) | W47: =IF(OR(V47="",$O47=""),"",(V47/$I47)*$O47) | Y47: =IF(OR(X47="",$O47=""),"",(X47/$I47)*$O47) | Z47: =SUMIF($T$8:Y$1018,"QUANT.",T47:Y47) -> 0 | AA47: =SUMIF($T$8:$Y$1018,"CUSTO",T47:Y47) -> 0 | AB47: =IF(F47<>"",IF(AA47=0,"MEDIR",IF(O47-AA47=0,"OK",IF(O47-AA47>0,"MEDIR","ALERTA!"))),"") -> MEDIR | AC47: =IF(Z47="",0,I47-Z47) -> 15 | AD47: =IF(AA47="",0,O47-AA47) -> 210
A48: =1+A47 -> 48 | C48: =+E48 -> 5 | E48: 5 | G48: SUPRAESTRUTURA | M48: =TRUNC(SUMIF(M49:M83,">0",M49:M83),2) -> 339164.7 | N48: =TRUNC(SUMIF(N49:N83,">0",N49:N83),2) -> 98037.71 | P48: =SUMIF(O49:O83,">0",O49:O83) -> 437202.41 | U48: =IF(OR(T48="",$O48=""),"",(T48/$I48)*$O48) | W48: =IF(OR(V48="",$O48=""),"",(V48/$I48)*$O48) | Y48: =IF(OR(X48="",$O48=""),"",(X48/$I48)*$O48) | Z48: =SUMIF($T$8:Y$1018,"QUANT.",T48:Y48) -> 0 | AA48: =SUMIF($T$8:$Y$1018,"CUSTO",T48:Y48) -> 0 | AB48: =IF(F48<>"",IF(AA48=0,"MEDIR",IF(O48-AA48=0,"OK",IF(O48-AA48>0,"MEDIR","ALERTA!"))),"") | AC48: =IF(Z48="",0,I48-Z48) -> 0 | AD48: =IF(AA48="",0,O48-AA48) -> 0
A49: =1+A48 -> 49 | C49: =+E49 -> 5.1 | E49: 5.1 | G49: PISO | U49: =IF(OR(T49="",$O49=""),"",(T49/$I49)*$O49) | W49: =IF(OR(V49="",$O49=""),"",(V49/$I49)*$O49) | Y49: =IF(OR(X49="",$O49=""),"",(X49/$I49)*$O49) | Z49: =SUMIF($T$8:Y$1018,"QUANT.",T49:Y49) -> 0 | AA49: =SUMIF($T$8:$Y$1018,"CUSTO",T49:Y49) -> 0 | AB49: =IF(F49<>"",IF(AA49=0,"MEDIR",IF(O49-AA49=0,"OK",IF(O49-AA49>0,"MEDIR","ALERTA!"))),"") | AC49: =IF(Z49="",0,I49-Z49) -> 0 | AD49: =IF(AA49="",0,O49-AA49) -> 0
A50: =1+A49 -> 50 | C50: =+C49 -> 5.1 | D50: =1+D49 -> 1 | E50: =C50&"."&D50 -> 5.1.1 | F50: C5003 | G50: =IF($F50="","",IFERROR(VLOOKUP($F50,SERVIÇOS!$B:$G,2,0),IFERROR(VLOOKUP($F50,'COMPOSIÇÕES COMPLEMENTARES '!$D:$L,2,0),IFERROR(VLOOKUP($F50,INSUMOS!$A:$D,2,0),"")))) -> ARMAÇÃO EM TELA SOLDADA Q196 | H50: =IF($F50="","",IFERROR(VLOOKUP($F50,SERVIÇOS!$B:$G,3,0),IFERROR(VLOOKUP($F50,'COMPOSIÇÕES COMPLEMENTARES '!$D:$L,3,0),IFERROR(VLOOKUP($F50,INSUMOS!$A:$D,3,0),"")))) -> KG | I50: 2360 | J50: =IF($F50="","",IFERROR(VLOOKUP($F50,SERVIÇOS!$B:$G,4,0),IFERROR(VLOOKUP($F50,'COMPOSIÇÕES COMPLEMENTARES '!$D:$L,6,0),IFERROR(VLOOKUP($F50,INSUMOS!$A:$D,4,0),"")))) -> 11.93 | K50: =IF($F50="","",IFERROR(VLOOKUP($F50,SERVIÇOS!$B:$G,5,0),IFERROR(VLOOKUP($F50,'COMPOSIÇÕES COMPLEMENTARES '!$D:$L,7,0),0))) -> 1.18 | L50: =IF(I50="","",J50+K50) -> 13.11 | M50: =IF(I50="","",TRUNC((I50*J50),2)) -> 28154.8 | N50: =IF(I50="","",TRUNC((I50*K50),2)) -> 2784.8 | O50: =IF(I50="","",TRUNC((M50+N50),2)) -> 30939.6 | U50: =IF(OR(T50="",$O50=""),"",(T50/$I50)*$O50) | W50: =IF(OR(V50="",$O50=""),"",(V50/$I50)*$O50) | Y50: =IF(OR(X50="",$O50=""),"",(X50/$I50)*$O50) | Z50: =SUMIF($T$8:Y$1018,"QUANT.",T50:Y50) -> 0 | AA50: =SUMIF($T$8:$Y$1018,"CUSTO",T50:Y50) -> 0 | AB50: =IF(F50<>"",IF(AA50=0,"MEDIR",IF(O50-AA50=0,"OK",IF(O50-AA50>0,"MEDIR","ALERTA!"))),"") -> MEDIR | AC50: =IF(Z50="",0,I50-Z50) -> 2360 | AD50: =IF(AA50="",0,O50-AA50) -> 30939.6
A51: =1+A50 -> 51 | C51: =+C50 -> 5.1 | D51: =1+D50 -> 2 | E51: =C51&"."&D51 -> 5.1.2 | F51: 97086 | G51: =IF($F51="","",IFERROR(VLOOKUP($F51,SERVIÇOS!$B:$G,2,0),IFERROR(VLOOKUP($F51,'COMPOSIÇÕES COMPLEMENTARES '!$D:$L,2,0),IFERROR(VLOOKUP($F51,INSUMOS!$A:$D,2,0),"")))) -> FABRICAÇÃO, MONTAGEM E DESMONTAGEM DE FORMA PARA RADIER, PISO DE CONCRETO OU LAJE SOBRE SOLO, EM MADEIRA SERRADA, 4 UTILIZAÇÕES. AF_09/2021 | H51: =IF($F51="","",IFERROR(VLOOKUP($F51,SERVIÇOS!$B:$G,3,0),IFERROR(VLOOKUP($F51,'COMPOSIÇÕES COMPLEMENTARES '!$D:$L,3,0),IFERROR(VLOOKUP($F51,INSUMOS!$A:$D,3,0),"")))) -> M2 | I51: 13.9 | J51: =IF($F51="","",IFERROR(VLOOKUP($F51,SERVIÇOS!$B:$G,4,0),IFERROR(VLOOKUP($F51,'COMPOSIÇÕES COMPLEMENTARES '!$D:$L,6,0),IFERROR(VLOOKUP($F51,INSUMOS!$A:$D,4,0),"")))) -> 69.72 | K51: =IF($F51="","",IFERROR(VLOOKUP($F51,SERVIÇOS!$B:$G,5,0),IFERROR(VLOOKUP($F51,'COMPOSIÇÕES COMPLEMENTARES '!$D:$L,7,0),0))) -> 94.86 | L51: =IF(I51="","",J51+K51) -> 164.58 | M51: =IF(I51="","",TRUNC((I51*J51),2)) -> 969.1 | N51: =IF(I51="","",TRUNC((I51*K51),2)) -> 1318.55 | O51: =IF(I51="","",TRUNC((M51+N51),2)) -> 2287.65 | U51: =IF(OR(T51="",$O51=""),"",(T51/$I51)*$O51) | W51: =IF(OR(V51="",$O51=""),"",(V51/$I51)*$O51) | Y51: =IF(OR(X51="",$O51=""),"",(X51/$I51)*$O51) | Z51: =SUMIF($T$8:Y$1018,"QUANT.",T51:Y51) -> 0 | AA51: =SUMIF($T$8:$Y$1018,"CUSTO",T51:Y51) -> 0 | AB51: =IF(F51<>"",IF(AA51=0,"MEDIR",IF(O51-AA51=0,"OK",IF(O51-AA51>0,"MEDIR","ALERTA!"))),"") -> MEDIR | AC51: =IF(Z51="",0,I51-Z51) -> 13.9 | AD51: =IF(AA51="",0,O51-AA51) -> 2287.65
A52: =1+A51 -> 52 | C52: =+C51 -> 5.1 | D52: =1+D51 -> 3 | E52: =C52&"."&D52 -> 5.1.3 | F52: C5066 | G52: =IF($F52="","",IFERROR(VLOOKUP($F52,SERVIÇOS!$B:$G,2,0),IFERROR(VLOOKUP($F52,'COMPOSIÇÕES COMPLEMENTARES '!$D:$L,2,0),IFERROR(VLOOKUP($F52,INSUMOS!$A:$D,2,0),"")))) -> CONCRETO USINADO BOMBEADO FCK=25MPA, BOMBEADO, LANÇADO E ADENSADO EM INFRAESTRUTURA | H52: =IF($F52="","",IFERROR(VLOOKUP($F52,SERVIÇOS!$B:$G,3,0),IFERROR(VLOOKUP($F52,'COMPOSIÇÕES COMPLEMENTARES '!$D:$L,3,0),IFERROR(VLOOKUP($F52,INSUMOS!$A:$D,3,0),"")))) -> M3 | I52: 63.2 | J52: =IF($F52="","",IFERROR(VLOOKUP($F52,SERVIÇOS!$B:$G,4,0),IFERROR(VLOOKUP($F52,'COMPOSIÇÕES COMPLEMENTARES '!$D:$L,6,0),IFERROR(VLOOKUP($F52,INSUMOS!$A:$D,4,0),"")))) -> 518.8 | K52: =IF($F52="","",IFERROR(VLOOKUP($F52,SERVIÇOS!$B:$G,5,0),IFERROR(VLOOKUP($F52,'COMPOSIÇÕES COMPLEMENTARES '!$D:$L,7,0),0))) -> 38.56 | L52: =IF(I52="","",J52+K52) -> 557.36 | M52: =IF(I52="","",TRUNC((I52*J52),2)) -> 32788.16 | N52: =IF(I52="","",TRUNC((I52*K52),2)) -> 2436.99 | O52: =IF(I52="","",TRUNC((M52+N52),2)) -> 35225.15 | U52: =IF(OR(T52="",$O52=""),"",(T52/$I52)*$O52) | W52: =IF(OR(V52="",$O52=""),"",(V52/$I52)*$O52) | Y52: =IF(OR(X52="",$O52=""),"",(X52/$I52)*$O52) | Z52: =SUMIF($T$8:Y$1018,"QUANT.",T52:Y52) -> 0 | AA52: =SUMIF($T$8:$Y$1018,"CUSTO",T52:Y52) -> 0 | AB52: =IF(F52<>"",IF(AA52=0,"MEDIR",IF(O52-AA52=0,"OK",IF(O52-AA52>0,"MEDIR","ALERTA!"))),"") -> MEDIR | AC52: =IF(Z52="",0,I52-Z52) -> 63.2 | AD52: =IF(AA52="",0,O52-AA52) -> 35225.15
A53: =1+A52 -> 53 | C53: =+C52 -> 5.1 | D53: =1+D52 -> 4 | E53: =C53&"."&D53 -> 5.1.4 | F53: C5078 | G53: =IF($F53="","",IFERROR(VLOOKUP($F53,SERVIÇOS!$B:$G,2,0),IFERROR(VLOOKUP($F53,'COMPOSIÇÕES COMPLEMENTARES '!$D:$L,2,0),IFERROR(VLOOKUP($F53,INSUMOS!$A:$D,2,0),"")))) -> CONTROLE TECNOLÓGICO DE CONCRETO C/ ROMPIMENTO DE CORPO-DE-PROVA À COMPRESSÃO | H53: =IF($F53="","",IFERROR(VLOOKUP($F53,SERVIÇOS!$B:$G,3,0),IFERROR(VLOOKUP($F53,'COMPOSIÇÕES COMPLEMENTARES '!$D:$L,3,0),IFERROR(VLOOKUP($F53,INSUMOS!$A:$D,3,0),"")))) -> UN | I53: =TRUNC(I52/8*4,0) -> 31 | J53: =IF($F53="","",IFERROR(VLOOKUP($F53,SERVIÇOS!$B:$G,4,0),IFERROR(VLOOKUP($F53,'COMPOSIÇÕES COMPLEMENTARES '!$D:$L,6,0),IFERROR(VLOOKUP($F53,INSUMOS!$A:$D,4,0),"")))) -> 14 | K53: =IF($F53="","",IFERROR(VLOOKUP($F53,SERVIÇOS!$B:$G,5,0),IFERROR(VLOOKUP($F53,'COMPOSIÇÕES COMPLEMENTARES '!$D:$L,7,0),0))) -> 0 | L53: =IF(I53="","",J53+K53) -> 14 | M53: =IF(I53="","",TRUNC((I53*J53),2)) -> 434 | N53: =IF(I53="","",TRUNC((I53*K53),2)) -> 0 | O53: =IF(I53="","",TRUNC((M53+N53),2)) -> 434 | U53: =IF(OR(T53="",$O53=""),"",(T53/$I53)*$O53) | W53: =IF(OR(V53="",$O53=""),"",(V53/$I53)*$O53) | Y53: =IF(OR(X53="",$O53=""),"",(X53/$I53)*$O53) | Z53: =SUMIF($T$8:Y$1018,"QUANT.",T53:Y53) -> 0 | AA53: =SUMIF($T$8:$Y$1018,"CUSTO",T53:Y53) -> 0 | AB53: =IF(F53<>"",IF(AA53=0,"MEDIR",IF(O53-AA53=0,"OK",IF(O53-AA53>0,"MEDIR","ALERTA!"))),"") -> MEDIR | AC53: =IF(Z53="",0,I53-Z53) -> 31 | AD53: =IF(AA53="",0,O53-AA53) -> 434
A54: =1+A53 -> 54 | C54: =+E54 -> 5.2 | E54: 5.2 | G54: PILARES E VIGAS | U54: =IF(OR(T54="",$O54=""),"",(T54/$I54)*$O54) | W54: =IF(OR(V54="",$O54=""),"",(V54/$I54)*$O54) | Y54: =IF(OR(X54="",$O54=""),"",(X54/$I54)*$O54) | Z54: =SUMIF($T$8:Y$1018,"QUANT.",T54:Y54) -> 0 | AA54: =SUMIF($T$8:$Y$1018,"CUSTO",T54:Y54) -> 0 | AB54: =IF(F54<>"",IF(AA54=0,"MEDIR",IF(O54-AA54=0,"OK",IF(O54-AA54>0,"MEDIR","ALERTA!"))),"") | AC54: =IF(Z54="",0,I54-Z54) -> 0 | AD54: =IF(AA54="",0,O54-AA54) -> 0
A55: =1+A54 -> 55 | C55: =+C54 -> 5.2 | D55: =1+D54 -> 1 | E55: =C55&"."&D55 -> 5.2.1 | F55: 92759 | G55: =IF($F55="","",IFERROR(VLOOKUP($F55,SERVIÇOS!$B:$G,2,0),IFERROR(VLOOKUP($F55,'COMPOSIÇÕES COMPLEMENTARES '!$D:$L,2,0),IFERROR(VLOOKUP($F55,INSUMOS!$A:$D,2,0),"")))) -> ARMAÇÃO DE PILAR OU VIGA DE ESTRUTURA CONVENCIONAL DE CONCRETO ARMADO UTILIZANDO AÇO CA-60 DE 5,0 MM - MONTAGEM. AF_06/2022 | H55: =IF($F55="","",IFERROR(VLOOKUP($F55,SERVIÇOS!$B:$G,3,0),IFERROR(VLOOKUP($F55,'COMPOSIÇÕES COMPLEMENTARES '!$D:$L,3,0),IFERROR(VLOOKUP($F55,INSUMOS!$A:$D,3,0),"")))) -> KG | I55: 1245 | J55: =IF($F55="","",IFERROR(VLOOKUP($F55,SERVIÇOS!$B:$G,4,0),IFERROR(VLOOKUP($F55,'COMPOSIÇÕES COMPLEMENTARES '!$D:$L,6,0),IFERROR(VLOOKUP($F55,INSUMOS!$A:$D,4,0),"")))) -> 10.51 | K55: =IF($F55="","",IFERROR(VLOOKUP($F55,SERVIÇOS!$B:$G,5,0),IFERROR(VLOOKUP($F55,'COMPOSIÇÕES COMPLEMENTARES '!$D:$L,7,0),0))) -> 5.06 | L55: =IF(I55="","",J55+K55) -> 15.57 | M55: =IF(I55="","",TRUNC((I55*J55),2)) -> 13084.95 | N55: =IF(I55="","",TRUNC((I55*K55),2)) -> 6299.7 | O55: =IF(I55="","",TRUNC((M55+N55),2)) -> 19384.65 | U55: =IF(OR(T55="",$O55=""),"",(T55/$I55)*$O55) | W55: =IF(OR(V55="",$O55=""),"",(V55/$I55)*$O55) | Y55: =IF(OR(X55="",$O55=""),"",(X55/$I55)*$O55) | Z55: =SUMIF($T$8:Y$1018,"QUANT.",T55:Y55) -> 0 | AA55: =SUMIF($T$8:$Y$1018,"CUSTO",T55:Y55) -> 0 | AB55: =IF(F55<>"",IF(AA55=0,"MEDIR",IF(O55-AA55=0,"OK",IF(O55-AA55>0,"MEDIR","ALERTA!"))),"") -> MEDIR | AC55: =IF(Z55="",0,I55-Z55) -> 1245 | AD55: =IF(AA55="",0,O55-AA55) -> 19384.65
A56: =1+A55 -> 56 | C56: =+C55 -> 5.2 | D56: =1+D55 -> 2 | E56: =C56&"."&D56 -> 5.2.2 | F56: 92760 | G56: =IF($F56="","",IFERROR(VLOOKUP($F56,SERVIÇOS!$B:$G,2,0),IFERROR(VLOOKUP($F56,'COMPOSIÇÕES COMPLEMENTARES '!$D:$L,2,0),IFERROR(VLOOKUP($F56,INSUMOS!$A:$D,2,0),"")))) -> ARMAÇÃO DE PILAR OU VIGA DE ESTRUTURA CONVENCIONAL DE CONCRETO ARMADO UTILIZANDO AÇO CA-50 DE 6,3 MM - MONTAGEM. AF_06/2022 | H56: =IF($F56="","",IFERROR(VLOOKUP($F56,SERVIÇOS!$B:$G,3,0),IFERROR(VLOOKUP($F56,'COMPOSIÇÕES COMPLEMENTARES '!$D:$L,3,0),IFERROR(VLOOKUP($F56,INSUMOS!$A:$D,3,0),"")))) -> KG | I56: 29 | J56: =IF($F56="","",IFERROR(VLOOKUP($F56,SERVIÇOS!$B:$G,4,0),IFERROR(VLOOKUP($F56,'COMPOSIÇÕES COMPLEMENTARES '!$D:$L,6,0),IFERROR(VLOOKUP($F56,INSUMOS!$A:$D,4,0),"")))) -> 10.78 | K56: =IF($F56="","",IFERROR(VLOOKUP($F56,SERVIÇOS!$B:$G,5,0),IFERROR(VLOOKUP($F56,'COMPOSIÇÕES COMPLEMENTARES '!$D:$L,7,0),0))) -> 3.36 | L56: =IF(I56="","",J56+K56) -> 14.14 | M56: =IF(I56="","",TRUNC((I56*J56),2)) -> 312.62 | N56: =IF(I56="","",TRUNC((I56*K56),2)) -> 97.44 | O56: =IF(I56="","",TRUNC((M56+N56),2)) -> 410.06 | U56: =IF(OR(T56="",$O56=""),"",(T56/$I56)*$O56) | W56: =IF(OR(V56="",$O56=""),"",(V56/$I56)*$O56) | Y56: =IF(OR(X56="",$O56=""),"",(X56/$I56)*$O56) | Z56: =SUMIF($T$8:Y$1018,"QUANT.",T56:Y56) -> 0 | AA56: =SUMIF($T$8:$Y$1018,"CUSTO",T56:Y56) -> 0 | AB56: =IF(F56<>"",IF(AA56=0,"MEDIR",IF(O56-AA56=0,"OK",IF(O56-AA56>0,"MEDIR","ALERTA!"))),"") -> MEDIR | AC56: =IF(Z56="",0,I56-Z56) -> 29 | AD56: =IF(AA56="",0,O56-AA56) -> 410.06
A57: =1+A56 -> 57 | C57: =+C56 -> 5.2 | D57: =1+D56 -> 3 | E57: =C57&"."&D57 -> 5.2.3 | F57: 92761 | G57: =IF($F57="","",IFERROR(VLOOKUP($F57,SERVIÇOS!$B:$G,2,0),IFERROR(VLOOKUP($F57,'COMPOSIÇÕES COMPLEMENTARES '!$D:$L,2,0),IFERROR(VLOOKUP($F57,INSUMOS!$A:$D,2,0),"")))) -> ARMAÇÃO DE PILAR OU VIGA DE ESTRUTURA CONVENCIONAL DE CONCRETO ARMADO UTILIZANDO AÇO CA-50 DE 8,0 MM - MONTAGEM. AF_06/2022 | H57: =IF($F57="","",IFERROR(VLOOKUP($F57,SERVIÇOS!$B:$G,3,0),IFERROR(VLOOKUP($F57,'COMPOSIÇÕES COMPLEMENTARES '!$D:$L,3,0),IFERROR(VLOOKUP($F57,INSUMOS!$A:$D,3,0),"")))) -> KG | I57: 581 | J57: =IF($F57="","",IFERROR(VLOOKUP($F57,SERVIÇOS!$B:$G,4,0),IFERROR(VLOOKUP($F57,'COMPOSIÇÕES COMPLEMENTARES '!$D:$L,6,0),IFERROR(VLOOKUP($F57,INSUMOS!$A:$D,4,0),"")))) -> 10.68 | K57: =IF($F57="","",IFERROR(VLOOKUP($F57,SERVIÇOS!$B:$G,5,0),IFERROR(VLOOKUP($F57,'COMPOSIÇÕES COMPLEMENTARES '!$D:$L,7,0),0))) -> 2.21 | L57: =IF(I57="","",J57+K57) -> 12.89 | M57: =IF(I57="","",TRUNC((I57*J57),2)) -> 6205.08 | N57: =IF(I57="","",TRUNC((I57*K57),2)) -> 1284.01 | O57: =IF(I57="","",TRUNC((M57+N57),2)) -> 7489.09 | U57: =IF(OR(T57="",$O57=""),"",(T57/$I57)*$O57) | W57: =IF(OR(V57="",$O57=""),"",(V57/$I57)*$O57) | Y57: =IF(OR(X57="",$O57=""),"",(X57/$I57)*$O57) | Z57: =SUMIF($T$8:Y$1018,"QUANT.",T57:Y57) -> 0 | AA57: =SUMIF($T$8:$Y$1018,"CUSTO",T57:Y57) -> 0 | AB57: =IF(F57<>"",IF(AA57=0,"MEDIR",IF(O57-AA57=0,"OK",IF(O57-AA57>0,"MEDIR","ALERTA!"))),"") -> MEDIR | AC57: =IF(Z57="",0,I57-Z57) -> 581 | AD57: =IF(AA57="",0,O57-AA57) -> 7489.09
A58: =1+A57 -> 58 | C58: =+C57 -> 5.2 | D58: =1+D57 -> 4 | E58: =C58&"."&D58 -> 5.2.4 | F58: 92762 | G58: =IF($F58="","",IFERROR(VLOOKUP($F58,SERVIÇOS!$B:$G,2,0),IFERROR(VLOOKUP($F58,'COMPOSIÇÕES COMPLEMENTARES '!$D:$L,2,0),IFERROR(VLOOKUP($F58,INSUMOS!$A:$D,2,0),"")))) -> ARMAÇÃO DE PILAR OU VIGA DE ESTRUTURA CONVENCIONAL DE CONCRETO ARMADO UTILIZANDO AÇO CA-50 DE 10,0 MM - MONTAGEM. AF_06/2022 | H58: =IF($F58="","",IFERROR(VLOOKUP($F58,SERVIÇOS!$B:$G,3,0),IFERROR(VLOOKUP($F58,'COMPOSIÇÕES COMPLEMENTARES '!$D:$L,3,0),IFERROR(VLOOKUP($F58,INSUMOS!$A:$D,3,0),"")))) -> KG | I58: 2580 | J58: =IF($F58="","",IFERROR(VLOOKUP($F58,SERVIÇOS!$B:$G,4,0),IFERROR(VLOOKUP($F58,'COMPOSIÇÕES COMPLEMENTARES '!$D:$L,6,0),IFERROR(VLOOKUP($F58,INSUMOS!$A:$D,4,0),"")))) -> 9.85 | K58: =IF($F58="","",IFERROR(VLOOKUP($F58,SERVIÇOS!$B:$G,5,0),IFERROR(VLOOKUP($F58,'COMPOSIÇÕES COMPLEMENTARES '!$D:$L,7,0),0))) -> 1.46 | L58: =IF(I58="","",J58+K58) -> 11.31 | M58: =IF(I58="","",TRUNC((I58*J58),2)) -> 25413 | N58: =IF(I58="","",TRUNC((I58*K58),2)) -> 3766.8 | O58: =IF(I58="","",TRUNC((M58+N58),2)) -> 29179.8 | U58: =IF(OR(T58="",$O58=""),"",(T58/$I58)*$O58) | W58: =IF(OR(V58="",$O58=""),"",(V58/$I58)*$O58) | Y58: =IF(OR(X58="",$O58=""),"",(X58/$I58)*$O58) | Z58: =SUMIF($T$8:Y$1018,"QUANT.",T58:Y58) -> 0 | AA58: =SUMIF($T$8:$Y$1018,"CUSTO",T58:Y58) -> 0 | AB58: =IF(F58<>"",IF(AA58=0,"MEDIR",IF(O58-AA58=0,"OK",IF(O58-AA58>0,"MEDIR","ALERTA!"))),"") -> MEDIR | AC58: =IF(Z58="",0,I58-Z58) -> 2580 | AD58: =IF(AA58="",0,O58-AA58) -> 29179.8
A59: =1+A58 -> 59 | C59: =+C58 -> 5.2 | D59: =1+D58 -> 5 | E59: =C59&"."&D59 -> 5.2.5 | F59: 92763 | G59: =IF($F59="","",IFERROR(VLOOKUP($F59,SERVIÇOS!$B:$G,2,0),IFERROR(VLOOKUP($F59,'COMPOSIÇÕES COMPLEMENTARES '!$D:$L,2,0),IFERROR(VLOOKUP($F59,INSUMOS!$A:$D,2,0),"")))) -> ARMAÇÃO DE PILAR OU VIGA DE ESTRUTURA CONVENCIONAL DE CONCRETO ARMADO UTILIZANDO AÇO CA-50 DE 12,5 MM - MONTAGEM. AF_06/2022 | H59: =IF($F59="","",IFERROR(VLOOKUP($F59,SERVIÇOS!$B:$G,3,0),IFERROR(VLOOKUP($F59,'COMPOSIÇÕES COMPLEMENTARES '!$D:$L,3,0),IFERROR(VLOOKUP($F59,INSUMOS!$A:$D,3,0),"")))) -> KG | I59: 524 | J59: =IF($F59="","",IFERROR(VLOOKUP($F59,SERVIÇOS!$B:$G,4,0),IFERROR(VLOOKUP($F59,'COMPOSIÇÕES COMPLEMENTARES '!$D:$L,6,0),IFERROR(VLOOKUP($F59,INSUMOS!$A:$D,4,0),"")))) -> 8.49 | K59: =IF($F59="","",IFERROR(VLOOKUP($F59,SERVIÇOS!$B:$G,5,0),IFERROR(VLOOKUP($F59,'COMPOSIÇÕES COMPLEMENTARES '!$D:$L,7,0),0))) -> 0.92 | L59: =IF(I59="","",J59+K59) -> 9.41 | M59: =IF(I59="","",TRUNC((I59*J59),2)) -> 4448.76 | N59: =IF(I59="","",TRUNC((I59*K59),2)) -> 482.08 | O59: =IF(I59="","",TRUNC((M59+N59),2)) -> 4930.84 | U59: =IF(OR(T59="",$O59=""),"",(T59/$I59)*$O59) | W59: =IF(OR(V59="",$O59=""),"",(V59/$I59)*$O59) | Y59: =IF(OR(X59="",$O59=""),"",(X59/$I59)*$O59) | Z59: =SUMIF($T$8:Y$1018,"QUANT.",T59:Y59) -> 0 | AA59: =SUMIF($T$8:$Y$1018,"CUSTO",T59:Y59) -> 0 | AB59: =IF(F59<>"",IF(AA59=0,"MEDIR",IF(O59-AA59=0,"OK",IF(O59-AA59>0,"MEDIR","ALERTA!"))),"") -> MEDIR | AC59: =IF(Z59="",0,I59-Z59) -> 524 | AD59: =IF(AA59="",0,O59-AA59) -> 4930.84
A60: =1+A59 -> 60 | C60: =+C59 -> 5.2 | D60: =1+D59 -> 6 | E60: =C60&"."&D60 -> 5.2.6 | F60: 92764 | G60: =IF($F60="","",IFERROR(VLOOKUP($F60,SERVIÇOS!$B:$G,2,0),IFERROR(VLOOKUP($F60,'COMPOSIÇÕES COMPLEMENTARES '!$D:$L,2,0),IFERROR(VLOOKUP($F60,INSUMOS!$A:$D,2,0),"")))) -> ARMAÇÃO DE PILAR OU VIGA DE ESTRUTURA CONVENCIONAL DE CONCRETO ARMADO UTILIZANDO AÇO CA-50 DE 16,0 MM - MONTAGEM. AF_06/2022 | H60: =IF($F60="","",IFERROR(VLOOKUP($F60,SERVIÇOS!$B:$G,3,0),IFERROR(VLOOKUP($F60,'COMPOSIÇÕES COMPLEMENTARES '!$D:$L,3,0),IFERROR(VLOOKUP($F60,INSUMOS!$A:$D,3,0),"")))) -> KG | I60: 81 | J60: =IF($F60="","",IFERROR(VLOOKUP($F60,SERVIÇOS!$B:$G,4,0),IFERROR(VLOOKUP($F60,'COMPOSIÇÕES COMPLEMENTARES '!$D:$L,6,0),IFERROR(VLOOKUP($F60,INSUMOS!$A:$D,4,0),"")))) -> 8.37 | K60: =IF($F60="","",IFERROR(VLOOKUP($F60,SERVIÇOS!$B:$G,5,0),IFERROR(VLOOKUP($F60,'COMPOSIÇÕES COMPLEMENTARES '!$D:$L,7,0),0))) -> 0.64 | L60: =IF(I60="","",J60+K60) -> 9.01 | M60: =IF(I60="","",TRUNC((I60*J60),2)) -> 677.97 | N60: =IF(I60="","",TRUNC((I60*K60),2)) -> 51.84 | O60: =IF(I60="","",TRUNC((M60+N60),2)) -> 729.81 | U60: =IF(OR(T60="",$O60=""),"",(T60/$I60)*$O60) | W60: =IF(OR(V60="",$O60=""),"",(V60/$I60)*$O60) | Y60: =IF(OR(X60="",$O60=""),"",(X60/$I60)*$O60) | Z60: =SUMIF($T$8:Y$1018,"QUANT.",T60:Y60) -> 0 | AA60: =SUMIF($T$8:$Y$1018,"CUSTO",T60:Y60) -> 0 | AB60: =IF(F60<>"",IF(AA60=0,"MEDIR",IF(O60-AA60=0,"OK",IF(O60-AA60>0,"MEDIR","ALERTA!"))),"") -> MEDIR | AC60: =IF(Z60="",0,I60-Z60) -> 81 | AD60: =IF(AA60="",0,O60-AA60) -> 729.81
A61: =1+A60 -> 61 | C61: =+C60 -> 5.2 | D61: =1+D60 -> 7 | E61: =C61&"."&D61 -> 5.2.7 | F61: 92765 | G61: =IF($F61="","",IFERROR(VLOOKUP($F61,SERVIÇOS!$B:$G,2,0),IFERROR(VLOOKUP($F61,'COMPOSIÇÕES COMPLEMENTARES '!$D:$L,2,0),IFERROR(VLOOKUP($F61,INSUMOS!$A:$D,2,0),"")))) -> ARMAÇÃO DE PILAR OU VIGA DE ESTRUTURA CONVENCIONAL DE CONCRETO ARMADO UTILIZANDO AÇO CA-50 DE 20,0 MM - MONTAGEM. AF_06/2022 | H61: =IF($F61="","",IFERROR(VLOOKUP($F61,SERVIÇOS!$B:$G,3,0),IFERROR(VLOOKUP($F61,'COMPOSIÇÕES COMPLEMENTARES '!$D:$L,3,0),IFERROR(VLOOKUP($F61,INSUMOS!$A:$D,3,0),"")))) -> KG | I61: 66 | J61: =IF($F61="","",IFERROR(VLOOKUP($F61,SERVIÇOS!$B:$G,4,0),IFERROR(VLOOKUP($F61,'COMPOSIÇÕES COMPLEMENTARES '!$D:$L,6,0),IFERROR(VLOOKUP($F61,INSUMOS!$A:$D,4,0),"")))) -> 9.64 | K61: =IF($F61="","",IFERROR(VLOOKUP($F61,SERVIÇOS!$B:$G,5,0),IFERROR(VLOOKUP($F61,'COMPOSIÇÕES COMPLEMENTARES '!$D:$L,7,0),0))) -> 0.48 | L61: =IF(I61="","",J61+K61) -> 10.12 | M61: =IF(I61="","",TRUNC((I61*J61),2)) -> 636.24 | N61: =IF(I61="","",TRUNC((I61*K61),2)) -> 31.68 | O61: =IF(I61="","",TRUNC((M61+N61),2)) -> 667.92 | U61: =IF(OR(T61="",$O61=""),"",(T61/$I61)*$O61) | W61: =IF(OR(V61="",$O61=""),"",(V61/$I61)*$O61) | Y61: =IF(OR(X61="",$O61=""),"",(X61/$I61)*$O61) | Z61: =SUMIF($T$8:Y$1018,"QUANT.",T61:Y61) -> 0 | AA61: =SUMIF($T$8:$Y$1018,"CUSTO",T61:Y61) -> 0 | AB61: =IF(F61<>"",IF(AA61=0,"MEDIR",IF(O61-AA61=0,"OK",IF(O61-AA61>0,"MEDIR","ALERTA!"))),"") -> MEDIR | AC61: =IF(Z61="",0,I61-Z61) -> 66 | AD61: =IF(AA61="",0,O61-AA61) -> 667.92
A62: =1+A61 -> 62 | C62: =+C61 -> 5.2 | D62: =1+D61 -> 8 | E62: =C62&"."&D62 -> 5.2.8 | F62: 92429 | G62: =IF($F62="","",IFERROR(VLOOKUP($F62,SERVIÇOS!$B:$G,2,0),IFERROR(VLOOKUP($F62,'COMPOSIÇÕES COMPLEMENTARES '!$D:$L,2,0),IFERROR(VLOOKUP($F62,INSUMOS!$A:$D,2,0),"")))) -> MONTAGEM E DESMONTAGEM DE FÔRMA DE PILARES RETANGULARES E ESTRUTURAS SIMILARES, PÉ-DIREITO DUPLO, EM CHAPA DE MADEIRA COMPENSADA RESINADA, 8 UTILIZAÇÕES. AF_09/2020 | H62: =IF($F62="","",IFERROR(VLOOKUP($F62,SERVIÇOS!$B:$G,3,0),IFERROR(VLOOKUP($F62,'COMPOSIÇÕES COMPLEMENTARES '!$D:$L,3,0),IFERROR(VLOOKUP($F62,INSUMOS!$A:$D,3,0),"")))) -> M2 | I62: 381.79 | J62: =IF($F62="","",IFERROR(VLOOKUP($F62,SERVIÇOS!$B:$G,4,0),IFERROR(VLOOKUP($F62,'COMPOSIÇÕES COMPLEMENTARES '!$D:$L,6,0),IFERROR(VLOOKUP($F62,INSUMOS!$A:$D,4,0),"")))) -> 49.67 | K62: =IF($F62="","",IFERROR(VLOOKUP($F62,SERVIÇOS!$B:$G,5,0),IFERROR(VLOOKUP($F62,'COMPOSIÇÕES COMPLEMENTARES '!$D:$L,7,0),0))) -> 42.63 | L62: =IF(I62="","",J62+K62) -> 92.3 | M62: =IF(I62="","",TRUNC((I62*J62),2)) -> 18963.5 | N62: =IF(I62="","",TRUNC((I62*K62),2)) -> 16275.7 | O62: =IF(I62="","",TRUNC((M62+N62),2)) -> 35239.2 | U62: =IF(OR(T62="",$O62=""),"",(T62/$I62)*$O62) | W62: =IF(OR(V62="",$O62=""),"",(V62/$I62)*$O62) | Y62: =IF(OR(X62="",$O62=""),"",(X62/$I62)*$O62) | Z62: =SUMIF($T$8:Y$1018,"QUANT.",T62:Y62) -> 0 | AA62: =SUMIF($T$8:$Y$1018,"CUSTO",T62:Y62) -> 0 | AB62: =IF(F62<>"",IF(AA62=0,"MEDIR",IF(O62-AA62=0,"OK",IF(O62-AA62>0,"MEDIR","ALERTA!"))),"") -> MEDIR | AC62: =IF(Z62="",0,I62-Z62) -> 381.79 | AD62: =IF(AA62="",0,O62-AA62) -> 35239.2
A63: =1+A62 -> 63 | C63: =+C62 -> 5.2 | D63: =1+D62 -> 9 | E63: =C63&"."&D63 -> 5.2.9 | F63: 92473 | G63: =IF($F63="","",IFERROR(VLOOKUP($F63,SERVIÇOS!$B:$G,2,0),IFERROR(VLOOKUP($F63,'COMPOSIÇÕES COMPLEMENTARES '!$D:$L,2,0),IFERROR(VLOOKUP($F63,INSUMOS!$A:$D,2,0),"")))) -> MONTAGEM E DESMONTAGEM DE FÔRMA DE VIGA, ESCORAMENTO COM GARFO DE MADEIRA, PÉ-DIREITO DUPLO, EM CHAPA DE MADEIRA PLASTIFICADA, 14 UTILIZAÇÕES. AF_09/2020 | H63: =IF($F63="","",IFERROR(VLOOKUP($F63,SERVIÇOS!$B:$G,3,0),IFERROR(VLOOKUP($F63,'COMPOSIÇÕES COMPLEMENTARES '!$D:$L,3,0),IFERROR(VLOOKUP($F63,INSUMOS!$A:$D,3,0),"")))) -> M2 | I63: 544.17 | J63: =IF($F63="","",IFERROR(VLOOKUP($F63,SERVIÇOS!$B:$G,4,0),IFERROR(VLOOKUP($F63,'COMPOSIÇÕES COMPLEMENTARES '!$D:$L,6,0),IFERROR(VLOOKUP($F63,INSUMOS!$A:$D,4,0),"")))) -> 87.31 | K63: =IF($F63="","",IFERROR(VLOOKUP($F63,SERVIÇOS!$B:$G,5,0),IFERROR(VLOOKUP($F63,'COMPOSIÇÕES COMPLEMENTARES '!$D:$L,7,0),0))) -> 47.15 | L63: =IF(I63="","",J63+K63) -> 134.46 | M63: =IF(I63="","",TRUNC((I63*J63),2)) -> 47511.48 | N63: =IF(I63="","",TRUNC((I63*K63),2)) -> 25657.61 | O63: =IF(I63="","",TRUNC((M63+N63),2)) -> 73169.09 | U63: =IF(OR(T63="",$O63=""),"",(T63/$I63)*$O63) | W63: =IF(OR(V63="",$O63=""),"",(V63/$I63)*$O63) | Y63: =IF(OR(X63="",$O63=""),"",(X63/$I63)*$O63) | Z63: =SUMIF($T$8:Y$1018,"QUANT.",T63:Y63) -> 0 | AA63: =SUMIF($T$8:$Y$1018,"CUSTO",T63:Y63) -> 0 | AB63: =IF(F63<>"",IF(AA63=0,"MEDIR",IF(O63-AA63=0,"OK",IF(O63-AA63>0,"MEDIR","ALERTA!"))),"") -> MEDIR | AC63: =IF(Z63="",0,I63-Z63) -> 544.17 | AD63: =IF(AA63="",0,O63-AA63) -> 73169.09
A64: =1+A63 -> 64 | C64: =+C63 -> 5.2 | D64: =1+D63 -> 10 | E64: =C64&"."&D64 -> 5.2.10 | F64: C5009 | G64: =IF($F64="","",IFERROR(VLOOKUP($F64,SERVIÇOS!$B:$G,2,0),IFERROR(VLOOKUP($F64,'COMPOSIÇÕES COMPLEMENTARES '!$D:$L,2,0),IFERROR(VLOOKUP($F64,INSUMOS!$A:$D,2,0),"")))) -> CONCRETO USINADO BOMBEADO FCK=30MPA, BOMBEADO, LANÇADO E ADENSADO EM SUPERESTRUTURA | H64: =IF($F64="","",IFERROR(VLOOKUP($F64,SERVIÇOS!$B:$G,3,0),IFERROR(VLOOKUP($F64,'COMPOSIÇÕES COMPLEMENTARES '!$D:$L,3,0),IFERROR(VLOOKUP($F64,INSUMOS!$A:$D,3,0),"")))) -> M3 | I64: 51.1 | J64: =IF($F64="","",IFERROR(VLOOKUP($F64,SERVIÇOS!$B:$G,4,0),IFERROR(VLOOKUP($F64,'COMPOSIÇÕES COMPLEMENTARES '!$D:$L,6,0),IFERROR(VLOOKUP($F64,INSUMOS!$A:$D,4,0),"")))) -> 534.25 | K64: =IF($F64="","",IFERROR(VLOOKUP($F64,SERVIÇOS!$B:$G,5,0),IFERROR(VLOOKUP($F64,'COMPOSIÇÕES COMPLEMENTARES '!$D:$L,7,0),0))) -> 38.56 | L64: =IF(I64="","",J64+K64) -> 572.81 | M64: =IF(I64="","",TRUNC((I64*J64),2)) -> 27300.17 | N64: =IF(I64="","",TRUNC((I64*K64),2)) -> 1970.41 | O64: =IF(I64="","",TRUNC((M64+N64),2)) -> 29270.58 | U64: =IF(OR(T64="",$O64=""),"",(T64/$I64)*$O64) | W64: =IF(OR(V64="",$O64=""),"",(V64/$I64)*$O64) | Y64: =IF(OR(X64="",$O64=""),"",(X64/$I64)*$O64) | Z64: =SUMIF($T$8:Y$1018,"QUANT.",T64:Y64) -> 0 | AA64: =SUMIF($T$8:$Y$1018,"CUSTO",T64:Y64) -> 0 | AB64: =IF(F64<>"",IF(AA64=0,"MEDIR",IF(O64-AA64=0,"OK",IF(O64-AA64>0,"MEDIR","ALERTA!"))),"") -> MEDIR | AC64: =IF(Z64="",0,I64-Z64) -> 51.1 | AD64: =IF(AA64="",0,O64-AA64) -> 29270.58
A65: =1+A64 -> 65 | C65: =+C64 -> 5.2 | D65: =1+D64 -> 11 | E65: =C65&"."&D65 -> 5.2.11 | F65: C5078 | G65: =IF($F65="","",IFERROR(VLOOKUP($F65,SERVIÇOS!$B:$G,2,0),IFERROR(VLOOKUP($F65,'COMPOSIÇÕES COMPLEMENTARES '!$D:$L,2,0),IFERROR(VLOOKUP($F65,INSUMOS!$A:$D,2,0),"")))) -> CONTROLE TECNOLÓGICO DE CONCRETO C/ ROMPIMENTO DE CORPO-DE-PROVA À COMPRESSÃO | H65: =IF($F65="","",IFERROR(VLOOKUP($F65,SERVIÇOS!$B:$G,3,0),IFERROR(VLOOKUP($F65,'COMPOSIÇÕES COMPLEMENTARES '!$D:$L,3,0),IFERROR(VLOOKUP($F65,INSUMOS!$A:$D,3,0),"")))) -> UN | I65: =TRUNC(I64/8*4,0) -> 25 | J65: =IF($F65="","",IFERROR(VLOOKUP($F65,SERVIÇOS!$B:$G,4,0),IFERROR(VLOOKUP($F65,'COMPOSIÇÕES COMPLEMENTARES '!$D:$L,6,0),IFERROR(VLOOKUP($F65,INSUMOS!$A:$D,4,0),"")))) -> 14 | K65: =IF($F65="","",IFERROR(VLOOKUP($F65,SERVIÇOS!$B:$G,5,0),IFERROR(VLOOKUP($F65,'COMPOSIÇÕES COMPLEMENTARES '!$D:$L,7,0),0))) -> 0 | L65: =IF(I65="","",J65+K65) -> 14 | M65: =IF(I65="","",TRUNC((I65*J65),2)) -> 350 | N65: =IF(I65="","",TRUNC((I65*K65),2)) -> 0 | O65: =IF(I65="","",TRUNC((M65+N65),2)) -> 350 | U65: =IF(OR(T65="",$O65=""),"",(T65/$I65)*$O65) | W65: =IF(OR(V65="",$O65=""),"",(V65/$I65)*$O65) | Y65: =IF(OR(X65="",$O65=""),"",(X65/$I65)*$O65) | Z65: =SUMIF($T$8:Y$1018,"QUANT.",T65:Y65) -> 0 | AA65: =SUMIF($T$8:$Y$1018,"CUSTO",T65:Y65) -> 0 | AB65: =IF(F65<>"",IF(AA65=0,"MEDIR",IF(O65-AA65=0,"OK",IF(O65-AA65>0,"MEDIR","ALERTA!"))),"") -> MEDIR | AC65: =IF(Z65="",0,I65-Z65) -> 25 | AD65: =IF(AA65="",0,O65-AA65) -> 350
A66: =1+A65 -> 66 | C66: =+E66 -> 5.3 | E66: 5.3 | G66: LAJES | U66: =IF(OR(T66="",$O66=""),"",(T66/$I66)*$O66) | W66: =IF(OR(V66="",$O66=""),"",(V66/$I66)*$O66) | Y66: =IF(OR(X66="",$O66=""),"",(X66/$I66)*$O66) | Z66: =SUMIF($T$8:Y$1018,"QUANT.",T66:Y66) -> 0 | AA66: =SUMIF($T$8:$Y$1018,"CUSTO",T66:Y66) -> 0 | AB66: =IF(F66<>"",IF(AA66=0,"MEDIR",IF(O66-AA66=0,"OK",IF(O66-AA66>0,"MEDIR","ALERTA!"))),"") | AC66: =IF(Z66="",0,I66-Z66) -> 0 | AD66: =IF(AA66="",0,O66-AA66) -> 0
A67: =1+A66 -> 67 | C67: =+C66 -> 5.3 | D67: =1+D66 -> 1 | E67: =C67&"."&D67 -> 5.3.1 | F67: 92769 | G67: =IF($F67="","",IFERROR(VLOOKUP($F67,SERVIÇOS!$B:$G,2,0),IFERROR(VLOOKUP($F67,'COMPOSIÇÕES COMPLEMENTARES '!$D:$L,2,0),IFERROR(VLOOKUP($F67,INSUMOS!$A:$D,2,0),"")))) -> ARMAÇÃO DE LAJE DE ESTRUTURA CONVENCIONAL DE CONCRETO ARMADO UTILIZANDO AÇO CA-50 DE 6,3 MM - MONTAGEM. AF_06/2022 | H67: =IF($F67="","",IFERROR(VLOOKUP($F67,SERVIÇOS!$B:$G,3,0),IFERROR(VLOOKUP($F67,'COMPOSIÇÕES COMPLEMENTARES '!$D:$L,3,0),IFERROR(VLOOKUP($F67,INSUMOS!$A:$D,3,0),"")))) -> KG | I67: 287 | J67: =IF($F67="","",IFERROR(VLOOKUP($F67,SERVIÇOS!$B:$G,4,0),IFERROR(VLOOKUP($F67,'COMPOSIÇÕES COMPLEMENTARES '!$D:$L,6,0),IFERROR(VLOOKUP($F67,INSUMOS!$A:$D,4,0),"")))) -> 10.66 | K67: =IF($F67="","",IFERROR(VLOOKUP($F67,SERVIÇOS!$B:$G,5,0),IFERROR(VLOOKUP($F67,'COMPOSIÇÕES COMPLEMENTARES '!$D:$L,7,0),0))) -> 2.76 | L67: =IF(I67="","",J67+K67) -> 13.42 | M67: =IF(I67="","",TRUNC((I67*J67),2)) -> 3059.42 | N67: =IF(I67="","",TRUNC((I67*K67),2)) -> 792.12 | O67: =IF(I67="","",TRUNC((M67+N67),2)) -> 3851.54 | U67: =IF(OR(T67="",$O67=""),"",(T67/$I67)*$O67) | W67: =IF(OR(V67="",$O67=""),"",(V67/$I67)*$O67) | Y67: =IF(OR(X67="",$O67=""),"",(X67/$I67)*$O67) | Z67: =SUMIF($T$8:Y$1018,"QUANT.",T67:Y67) -> 0 | AA67: =SUMIF($T$8:$Y$1018,"CUSTO",T67:Y67) -> 0 | AB67: =IF(F67<>"",IF(AA67=0,"MEDIR",IF(O67-AA67=0,"OK",IF(O67-AA67>0,"MEDIR","ALERTA!"))),"") -> MEDIR | AC67: =IF(Z67="",0,I67-Z67) -> 287 | AD67: =IF(AA67="",0,O67-AA67) -> 3851.54
A68: =1+A67 -> 68 | C68: =+C67 -> 5.3 | D68: =1+D67 -> 2 | E68: =C68&"."&D68 -> 5.3.2 | F68: 92770 | G68: =IF($F68="","",IFERROR(VLOOKUP($F68,SERVIÇOS!$B:$G,2,0),IFERROR(VLOOKUP($F68,'COMPOSIÇÕES COMPLEMENTARES '!$D:$L,2,0),IFERROR(VLOOKUP($F68,INSUMOS!$A:$D,2,0),"")))) -> ARMAÇÃO DE LAJE DE ESTRUTURA CONVENCIONAL DE CONCRETO ARMADO UTILIZANDO AÇO CA-50 DE 8,0 MM - MONTAGEM. AF_06/2022 | H68: =IF($F68="","",IFERROR(VLOOKUP($F68,SERVIÇOS!$B:$G,3,0),IFERROR(VLOOKUP($F68,'COMPOSIÇÕES COMPLEMENTARES '!$D:$L,3,0),IFERROR(VLOOKUP($F68,INSUMOS!$A:$D,3,0),"")))) -> KG | I68: 740 | J68: =IF($F68="","",IFERROR(VLOOKUP($F68,SERVIÇOS!$B:$G,4,0),IFERROR(VLOOKUP($F68,'COMPOSIÇÕES COMPLEMENTARES '!$D:$L,6,0),IFERROR(VLOOKUP($F68,INSUMOS!$A:$D,4,0),"")))) -> 10.52 | K68: =IF($F68="","",IFERROR(VLOOKUP($F68,SERVIÇOS!$B:$G,5,0),IFERROR(VLOOKUP($F68,'COMPOSIÇÕES COMPLEMENTARES '!$D:$L,7,0),0))) -> 1.71 | L68: =IF(I68="","",J68+K68) -> 12.23 | M68: =IF(I68="","",TRUNC((I68*J68),2)) -> 7784.8 | N68: =IF(I68="","",TRUNC((I68*K68),2)) -> 1265.4 | O68: =IF(I68="","",TRUNC((M68+N68),2)) -> 9050.2 | U68: =IF(OR(T68="",$O68=""),"",(T68/$I68)*$O68) | W68: =IF(OR(V68="",$O68=""),"",(V68/$I68)*$O68) | Y68: =IF(OR(X68="",$O68=""),"",(X68/$I68)*$O68) | Z68: =SUMIF($T$8:Y$1018,"QUANT.",T68:Y68) -> 0 | AA68: =SUMIF($T$8:$Y$1018,"CUSTO",T68:Y68) -> 0 | AB68: =IF(F68<>"",IF(AA68=0,"MEDIR",IF(O68-AA68=0,"OK",IF(O68-AA68>0,"MEDIR","ALERTA!"))),"") -> MEDIR | AC68: =IF(Z68="",0,I68-Z68) -> 740 | AD68: =IF(AA68="",0,O68-AA68) -> 9050.2
A69: =1+A68 -> 69 | C69: =+C68 -> 5.3 | D69: =1+D68 -> 3 | E69: =C69&"."&D69 -> 5.3.3 | F69: 92771 | G69: =IF($F69="","",IFERROR(VLOOKUP($F69,SERVIÇOS!$B:$G,2,0),IFERROR(VLOOKUP($F69,'COMPOSIÇÕES COMPLEMENTARES '!$D:$L,2,0),IFERROR(VLOOKUP($F69,INSUMOS!$A:$D,2,0),"")))) -> ARMAÇÃO DE LAJE DE ESTRUTURA CONVENCIONAL DE CONCRETO ARMADO UTILIZANDO AÇO CA-50 DE 10,0 MM - MONTAGEM. AF_06/2022 | H69: =IF($F69="","",IFERROR(VLOOKUP($F69,SERVIÇOS!$B:$G,3,0),IFERROR(VLOOKUP($F69,'COMPOSIÇÕES COMPLEMENTARES '!$D:$L,3,0),IFERROR(VLOOKUP($F69,INSUMOS!$A:$D,3,0),"")))) -> KG | I69: 852 | J69: =IF($F69="","",IFERROR(VLOOKUP($F69,SERVIÇOS!$B:$G,4,0),IFERROR(VLOOKUP($F69,'COMPOSIÇÕES COMPLEMENTARES '!$D:$L,6,0),IFERROR(VLOOKUP($F69,INSUMOS!$A:$D,4,0),"")))) -> 9.68 | K69: =IF($F69="","",IFERROR(VLOOKUP($F69,SERVIÇOS!$B:$G,5,0),IFERROR(VLOOKUP($F69,'COMPOSIÇÕES COMPLEMENTARES '!$D:$L,7,0),0))) -> 1.03 | L69: =IF(I69="","",J69+K69) -> 10.71 | M69: =IF(I69="","",TRUNC((I69*J69),2)) -> 8247.36 | N69: =IF(I69="","",TRUNC((I69*K69),2)) -> 877.56 | O69: =IF(I69="","",TRUNC((M69+N69),2)) -> 9124.92 | U69: =IF(OR(T69="",$O69=""),"",(T69/$I69)*$O69) | W69: =IF(OR(V69="",$O69=""),"",(V69/$I69)*$O69) | Y69: =IF(OR(X69="",$O69=""),"",(X69/$I69)*$O69) | Z69: =SUMIF($T$8:Y$1018,"QUANT.",T69:Y69) -> 0 | AA69: =SUMIF($T$8:$Y$1018,"CUSTO",T69:Y69) -> 0 | AB69: =IF(F69<>"",IF(AA69=0,"MEDIR",IF(O69-AA69=0,"OK",IF(O69-AA69>0,"MEDIR","ALERTA!"))),"") -> MEDIR | AC69: =IF(Z69="",0,I69-Z69) -> 852 | AD69: =IF(AA69="",0,O69-AA69) -> 9124.92
A70: =1+A69 -> 70 | C70: =+C69 -> 5.3 | D70: =1+D69 -> 4 | E70: =C70&"."&D70 -> 5.3.4 | F70: 92772 | G70: =IF($F70="","",IFERROR(VLOOKUP($F70,SERVIÇOS!$B:$G,2,0),IFERROR(VLOOKUP($F70,'COMPOSIÇÕES COMPLEMENTARES '!$D:$L,2,0),IFERROR(VLOOKUP($F70,INSUMOS!$A:$D,2,0),"")))) -> ARMAÇÃO DE LAJE DE ESTRUTURA CONVENCIONAL DE CONCRETO ARMADO UTILIZANDO AÇO CA-50 DE 12,5 MM - MONTAGEM. AF_06/2022 | H70: =IF($F70="","",IFERROR(VLOOKUP($F70,SERVIÇOS!$B:$G,3,0),IFERROR(VLOOKUP($F70,'COMPOSIÇÕES COMPLEMENTARES '!$D:$L,3,0),IFERROR(VLOOKUP($F70,INSUMOS!$A:$D,3,0),"")))) -> KG | I70: 787 | J70: =IF($F70="","",IFERROR(VLOOKUP($F70,SERVIÇOS!$B:$G,4,0),IFERROR(VLOOKUP($F70,'COMPOSIÇÕES COMPLEMENTARES '!$D:$L,6,0),IFERROR(VLOOKUP($F70,INSUMOS!$A:$D,4,0),"")))) -> 8.31 | K70: =IF($F70="","",IFERROR(VLOOKUP($F70,SERVIÇOS!$B:$G,5,0),IFERROR(VLOOKUP($F70,'COMPOSIÇÕES COMPLEMENTARES '!$D:$L,7,0),0))) -> 0.57 | L70: =IF(I70="","",J70+K70) -> 8.88 | M70: =IF(I70="","",TRUNC((I70*J70),2)) -> 6539.97 | N70: =IF(I70="","",TRUNC((I70*K70),2)) -> 448.59 | O70: =IF(I70="","",TRUNC((M70+N70),2)) -> 6988.56 | U70: =IF(OR(T70="",$O70=""),"",(T70/$I70)*$O70) | W70: =IF(OR(V70="",$O70=""),"",(V70/$I70)*$O70) | Y70: =IF(OR(X70="",$O70=""),"",(X70/$I70)*$O70) | Z70: =SUMIF($T$8:Y$1018,"QUANT.",T70:Y70) -> 0 | AA70: =SUMIF($T$8:$Y$1018,"CUSTO",T70:Y70) -> 0 | AB70: =IF(F70<>"",IF(AA70=0,"MEDIR",IF(O70-AA70=0,"OK",IF(O70-AA70>0,"MEDIR","ALERTA!"))),"") -> MEDIR | AC70: =IF(Z70="",0,I70-Z70) -> 787 | AD70: =IF(AA70="",0,O70-AA70) -> 6988.56
A71: =1+A70 -> 71 | C71: =+C70 -> 5.3 | D71: =1+D70 -> 5 | E71: =C71&"."&D71 -> 5.3.5 | F71: 92520 | G71: =IF($F71="","",IFERROR(VLOOKUP($F71,SERVIÇOS!$B:$G,2,0),IFERROR(VLOOKUP($F71,'COMPOSIÇÕES COMPLEMENTARES '!$D:$L,2,0),IFERROR(VLOOKUP($F71,INSUMOS!$A:$D,2,0),"")))) -> MONTAGEM E DESMONTAGEM DE FÔRMA DE LAJE MACIÇA, PÉ-DIREITO DUPLO, EM CHAPA DE MADEIRA COMPENSADA RESINADA, 8 UTILIZAÇÕES. AF_09/2020 | H71: =IF($F71="","",IFERROR(VLOOKUP($F71,SERVIÇOS!$B:$G,3,0),IFERROR(VLOOKUP($F71,'COMPOSIÇÕES COMPLEMENTARES '!$D:$L,3,0),IFERROR(VLOOKUP($F71,INSUMOS!$A:$D,3,0),"")))) -> M2 | I71: 158.03 | J71: =IF($F71="","",IFERROR(VLOOKUP($F71,SERVIÇOS!$B:$G,4,0),IFERROR(VLOOKUP($F71,'COMPOSIÇÕES COMPLEMENTARES '!$D:$L,6,0),IFERROR(VLOOKUP($F71,INSUMOS!$A:$D,4,0),"")))) -> 59.04 | K71: =IF($F71="","",IFERROR(VLOOKUP($F71,SERVIÇOS!$B:$G,5,0),IFERROR(VLOOKUP($F71,'COMPOSIÇÕES COMPLEMENTARES '!$D:$L,7,0),0))) -> 29.48 | L71: =IF(I71="","",J71+K71) -> 88.52 | M71: =IF(I71="","",TRUNC((I71*J71),2)) -> 9330.09 | N71: =IF(I71="","",TRUNC((I71*K71),2)) -> 4658.72 | O71: =IF(I71="","",TRUNC((M71+N71),2)) -> 13988.81 | U71: =IF(OR(T71="",$O71=""),"",(T71/$I71)*$O71) | W71: =IF(OR(V71="",$O71=""),"",(V71/$I71)*$O71) | Y71: =IF(OR(X71="",$O71=""),"",(X71/$I71)*$O71) | Z71: =SUMIF($T$8:Y$1018,"QUANT.",T71:Y71) -> 0 | AA71: =SUMIF($T$8:$Y$1018,"CUSTO",T71:Y71) -> 0 | AB71: =IF(F71<>"",IF(AA71=0,"MEDIR",IF(O71-AA71=0,"OK",IF(O71-AA71>0,"MEDIR","ALERTA!"))),"") -> MEDIR | AC71: =IF(Z71="",0,I71-Z71) -> 158.03 | AD71: =IF(AA71="",0,O71-AA71) -> 13988.81
A72: =1+A71 -> 72 | C72: =+C71 -> 5.3 | D72: =1+D71 -> 6 | E72: =C72&"."&D72 -> 5.3.6 | F72: C5009 | G72: =IF($F72="","",IFERROR(VLOOKUP($F72,SERVIÇOS!$B:$G,2,0),IFERROR(VLOOKUP($F72,'COMPOSIÇÕES COMPLEMENTARES '!$D:$L,2,0),IFERROR(VLOOKUP($F72,INSUMOS!$A:$D,2,0),"")))) -> CONCRETO USINADO BOMBEADO FCK=30MPA, BOMBEADO, LANÇADO E ADENSADO EM SUPERESTRUTURA | H72: =IF($F72="","",IFERROR(VLOOKUP($F72,SERVIÇOS!$B:$G,3,0),IFERROR(VLOOKUP($F72,'COMPOSIÇÕES COMPLEMENTARES '!$D:$L,3,0),IFERROR(VLOOKUP($F72,INSUMOS!$A:$D,3,0),"")))) -> M3 | I72: 21.88 | J72: =IF($F72="","",IFERROR(VLOOKUP($F72,SERVIÇOS!$B:$G,4,0),IFERROR(VLOOKUP($F72,'COMPOSIÇÕES COMPLEMENTARES '!$D:$L,6,0),IFERROR(VLOOKUP($F72,INSUMOS!$A:$D,4,0),"")))) -> 534.25 | K72: =IF($F72="","",IFERROR(VLOOKUP($F72,SERVIÇOS!$B:$G,5,0),IFERROR(VLOOKUP($F72,'COMPOSIÇÕES COMPLEMENTARES '!$D:$L,7,0),0))) -> 38.56 | L72: =IF(I72="","",J72+K72) -> 572.81 | M72: =IF(I72="","",TRUNC((I72*J72),2)) -> 11689.39 | N72: =IF(I72="","",TRUNC((I72*K72),2)) -> 843.69 | O72: =IF(I72="","",TRUNC((M72+N72),2)) -> 12533.08 | U72: =IF(OR(T72="",$O72=""),"",(T72/$I72)*$O72) | W72: =IF(OR(V72="",$O72=""),"",(V72/$I72)*$O72) | Y72: =IF(OR(X72="",$O72=""),"",(X72/$I72)*$O72) | Z72: =SUMIF($T$8:Y$1018,"QUANT.",T72:Y72) -> 0 | AA72: =SUMIF($T$8:$Y$1018,"CUSTO",T72:Y72) -> 0 | AB72: =IF(F72<>"",IF(AA72=0,"MEDIR",IF(O72-AA72=0,"OK",IF(O72-AA72>0,"MEDIR","ALERTA!"))),"") -> MEDIR | AC72: =IF(Z72="",0,I72-Z72) -> 21.88 | AD72: =IF(AA72="",0,O72-AA72) -> 12533.08
A73: =1+A72 -> 73 | C73: =+C72 -> 5.3 | D73: =1+D72 -> 7 | E73: =C73&"."&D73 -> 5.3.7 | F73: C5078 | G73: =IF($F73="","",IFERROR(VLOOKUP($F73,SERVIÇOS!$B:$G,2,0),IFERROR(VLOOKUP($F73,'COMPOSIÇÕES COMPLEMENTARES '!$D:$L,2,0),IFERROR(VLOOKUP($F73,INSUMOS!$A:$D,2,0),"")))) -> CONTROLE TECNOLÓGICO DE CONCRETO C/ ROMPIMENTO DE CORPO-DE-PROVA À COMPRESSÃO | H73: =IF($F73="","",IFERROR(VLOOKUP($F73,SERVIÇOS!$B:$G,3,0),IFERROR(VLOOKUP($F73,'COMPOSIÇÕES COMPLEMENTARES '!$D:$L,3,0),IFERROR(VLOOKUP($F73,INSUMOS!$A:$D,3,0),"")))) -> UN | I73: =TRUNC(I72/8*4,0) -> 10 | J73: =IF($F73="","",IFERROR(VLOOKUP($F73,SERVIÇOS!$B:$G,4,0),IFERROR(VLOOKUP($F73,'COMPOSIÇÕES COMPLEMENTARES '!$D:$L,6,0),IFERROR(VLOOKUP($F73,INSUMOS!$A:$D,4,0),"")))) -> 14 | K73: =IF($F73="","",IFERROR(VLOOKUP($F73,SERVIÇOS!$B:$G,5,0),IFERROR(VLOOKUP($F73,'COMPOSIÇÕES COMPLEMENTARES '!$D:$L,7,0),0))) -> 0 | L73: =IF(I73="","",J73+K73) -> 14 | M73: =IF(I73="","",TRUNC((I73*J73),2)) -> 140 | N73: =IF(I73="","",TRUNC((I73*K73),2)) -> 0 | O73: =IF(I73="","",TRUNC((M73+N73),2)) -> 140 | U73: =IF(OR(T73="",$O73=""),"",(T73/$I73)*$O73) | W73: =IF(OR(V73="",$O73=""),"",(V73/$I73)*$O73) | Y73: =IF(OR(X73="",$O73=""),"",(X73/$I73)*$O73) | Z73: =SUMIF($T$8:Y$1018,"QUANT.",T73:Y73) -> 0 | AA73: =SUMIF($T$8:$Y$1018,"CUSTO",T73:Y73) -> 0 | AB73: =IF(F73<>"",IF(AA73=0,"MEDIR",IF(O73-AA73=0,"OK",IF(O73-AA73>0,"MEDIR","ALERTA!"))),"") -> MEDIR | AC73: =IF(Z73="",0,I73-Z73) -> 10 | AD73: =IF(AA73="",0,O73-AA73) -> 140
A74: =1+A73 -> 74 | C74: =+E74 -> 5.4 | E74: 5.4 | G74: LAJE PRÉ-MOLDADA | U74: =IF(OR(T74="",$O74=""),"",(T74/$I74)*$O74) | W74: =IF(OR(V74="",$O74=""),"",(V74/$I74)*$O74) | Y74: =IF(OR(X74="",$O74=""),"",(X74/$I74)*$O74) | Z74: =SUMIF($T$8:Y$1018,"QUANT.",T74:Y74) -> 0 | AA74: =SUMIF($T$8:$Y$1018,"CUSTO",T74:Y74) -> 0 | AB74: =IF(F74<>"",IF(AA74=0,"MEDIR",IF(O74-AA74=0,"OK",IF(O74-AA74>0,"MEDIR","ALERTA!"))),"") | AC74: =IF(Z74="",0,I74-Z74) -> 0 | AD74: =IF(AA74="",0,O74-AA74) -> 0
A75: =1+A74 -> 75 | C75: =+C74 -> 5.4 | D75: =1+D74 -> 1 | E75: =C75&"."&D75 -> 5.4.1 | F75: C5116 | G75: =IF($F75="","",IFERROR(VLOOKUP($F75,SERVIÇOS!$B:$G,2,0),IFERROR(VLOOKUP($F75,'COMPOSIÇÕES COMPLEMENTARES '!$D:$L,2,0),IFERROR(VLOOKUP($F75,INSUMOS!$A:$D,2,0),"")))) -> LAJE PRÉ-FABRICADA MISTA VIGOTA TRELIÇADA/LAJOTA CERÂMICA - LT 12 (8+4) E CAPA COM CONCRET | H75: =IF($F75="","",IFERROR(VLOOKUP($F75,SERVIÇOS!$B:$G,3,0),IFERROR(VLOOKUP($F75,'COMPOSIÇÕES COMPLEMENTARES '!$D:$L,3,0),IFERROR(VLOOKUP($F75,INSUMOS!$A:$D,3,0),"")))) -> M2 | I75: 470.055 | J75: =IF($F75="","",IFERROR(VLOOKUP($F75,SERVIÇOS!$B:$G,4,0),IFERROR(VLOOKUP($F75,'COMPOSIÇÕES COMPLEMENTARES '!$D:$L,6,0),IFERROR(VLOOKUP($F75,INSUMOS!$A:$D,4,0),"")))) -> 112.65 | K75: =IF($F75="","",IFERROR(VLOOKUP($F75,SERVIÇOS!$B:$G,5,0),IFERROR(VLOOKUP($F75,'COMPOSIÇÕES COMPLEMENTARES '!$D:$L,7,0),0))) -> 35.64 | L75: =IF(I75="","",J75+K75) -> 148.29 | M75: =IF(I75="","",TRUNC((I75*J75),2)) -> 52951.69 | N75: =IF(I75="","",TRUNC((I75*K75),2)) -> 16752.76 | O75: =IF(I75="","",TRUNC((M75+N75),2)) -> 69704.45 | U75: =IF(OR(T75="",$O75=""),"",(T75/$I75)*$O75) | W75: =IF(OR(V75="",$O75=""),"",(V75/$I75)*$O75) | Y75: =IF(OR(X75="",$O75=""),"",(X75/$I75)*$O75) | Z75: =SUMIF($T$8:Y$1018,"QUANT.",T75:Y75) -> 0 | AA75: =SUMIF($T$8:$Y$1018,"CUSTO",T75:Y75) -> 0 | AB75: =IF(F75<>"",IF(AA75=0,"MEDIR",IF(O75-AA75=0,"OK",IF(O75-AA75>0,"MEDIR","ALERTA!"))),"") -> MEDIR | AC75: =IF(Z75="",0,I75-Z75) -> 470.055 | AD75: =IF(AA75="",0,O75-AA75) -> 69704.45
A76: =1+A75 -> 76 | C76: =+C75 -> 5.4 | D76: =1+D75 -> 2 | E76: =C76&"."&D76 -> 5.4.2 | F76: C5117 | G76: =IF($F76="","",IFERROR(VLOOKUP($F76,SERVIÇOS!$B:$G,2,0),IFERROR(VLOOKUP($F76,'COMPOSIÇÕES COMPLEMENTARES '!$D:$L,2,0),IFERROR(VLOOKUP($F76,INSUMOS!$A:$D,2,0),"")))) -> LAJE PRÉ-FABRICADA MISTA VIGOTA TRELIÇADA/LAJOTA CERÂMICA - LT 16 (12+4) E CAPA COM CONCRET | H76: =IF($F76="","",IFERROR(VLOOKUP($F76,SERVIÇOS!$B:$G,3,0),IFERROR(VLOOKUP($F76,'COMPOSIÇÕES COMPLEMENTARES '!$D:$L,3,0),IFERROR(VLOOKUP($F76,INSUMOS!$A:$D,3,0),"")))) -> M2 | I76: 55.4094 | J76: =IF($F76="","",IFERROR(VLOOKUP($F76,SERVIÇOS!$B:$G,4,0),IFERROR(VLOOKUP($F76,'COMPOSIÇÕES COMPLEMENTARES '!$D:$L,6,0),IFERROR(VLOOKUP($F76,INSUMOS!$A:$D,4,0),"")))) -> 113.57 | K76: =IF($F76="","",IFERROR(VLOOKUP($F76,SERVIÇOS!$B:$G,5,0),IFERROR(VLOOKUP($F76,'COMPOSIÇÕES COMPLEMENTARES '!$D:$L,7,0),0))) -> 37.59 | L76: =IF(I76="","",J76+K76) -> 151.16 | M76: =IF(I76="","",TRUNC((I76*J76),2)) -> 6292.84 | N76: =IF(I76="","",TRUNC((I76*K76),2)) -> 2082.83 | O76: =IF(I76="","",TRUNC((M76+N76),2)) -> 8375.67 | U76: =IF(OR(T76="",$O76=""),"",(T76/$I76)*$O76) | W76: =IF(OR(V76="",$O76=""),"",(V76/$I76)*$O76) | Y76: =IF(OR(X76="",$O76=""),"",(X76/$I76)*$O76) | Z76: =SUMIF($T$8:Y$1018,"QUANT.",T76:Y76) -> 0 | AA76: =SUMIF($T$8:$Y$1018,"CUSTO",T76:Y76) -> 0 | AB76: =IF(F76<>"",IF(AA76=0,"MEDIR",IF(O76-AA76=0,"OK",IF(O76-AA76>0,"MEDIR","ALERTA!"))),"") -> MEDIR | AC76: =IF(Z76="",0,I76-Z76) -> 55.4094 | AD76: =IF(AA76="",0,O76-AA76) -> 8375.67
A77: =1+A76 -> 77 | C77: =+C76 -> 5.4 | D77: =1+D76 -> 3 | E77: =C77&"."&D77 -> 5.4.3 | F77: C5083 | G77: =IF($F77="","",IFERROR(VLOOKUP($F77,SERVIÇOS!$B:$G,2,0),IFERROR(VLOOKUP($F77,'COMPOSIÇÕES COMPLEMENTARES '!$D:$L,2,0),IFERROR(VLOOKUP($F77,INSUMOS!$A:$D,2,0),"")))) -> TELA SOLDADA DE AÇO TIPO Q-92 | H77: =IF($F77="","",IFERROR(VLOOKUP($F77,SERVIÇOS!$B:$G,3,0),IFERROR(VLOOKUP($F77,'COMPOSIÇÕES COMPLEMENTARES '!$D:$L,3,0),IFERROR(VLOOKUP($F77,INSUMOS!$A:$D,3,0),"")))) -> KG | I77: 989 | J77: =IF($F77="","",IFERROR(VLOOKUP($F77,SERVIÇOS!$B:$G,4,0),IFERROR(VLOOKUP($F77,'COMPOSIÇÕES COMPLEMENTARES '!$D:$L,6,0),IFERROR(VLOOKUP($F77,INSUMOS!$A:$D,4,0),"")))) -> 11.05 | K77: =IF($F77="","",IFERROR(VLOOKUP($F77,SERVIÇOS!$B:$G,5,0),IFERROR(VLOOKUP($F77,'COMPOSIÇÕES COMPLEMENTARES '!$D:$L,7,0),0))) -> 1.49 | L77: =IF(I77="","",J77+K77) -> 12.54 | M77: =IF(I77="","",TRUNC((I77*J77),2)) -> 10928.45 | N77: =IF(I77="","",TRUNC((I77*K77),2)) -> 1473.61 | O77: =IF(I77="","",TRUNC((M77+N77),2)) -> 12402.06 | U77: =IF(OR(T77="",$O77=""),"",(T77/$I77)*$O77) | W77: =IF(OR(V77="",$O77=""),"",(V77/$I77)*$O77) | Y77: =IF(OR(X77="",$O77=""),"",(X77/$I77)*$O77) | Z77: =SUMIF($T$8:Y$1018,"QUANT.",T77:Y77) -> 0 | AA77: =SUMIF($T$8:$Y$1018,"CUSTO",T77:Y77) -> 0 | AB77: =IF(F77<>"",IF(AA77=0,"MEDIR",IF(O77-AA77=0,"OK",IF(O77-AA77>0,"MEDIR","ALERTA!"))),"") -> MEDIR | AC77: =IF(Z77="",0,I77-Z77) -> 989 | AD77: =IF(AA77="",0,O77-AA77) -> 12402.06
A78: =1+A77 -> 78 | C78: =+E78 -> 5.5 | E78: 5.5 | G78: VERGA | U78: =IF(OR(T78="",$O78=""),"",(T78/$I78)*$O78) | W78: =IF(OR(V78="",$O78=""),"",(V78/$I78)*$O78) | Y78: =IF(OR(X78="",$O78=""),"",(X78/$I78)*$O78) | Z78: =SUMIF($T$8:Y$1018,"QUANT.",T78:Y78) -> 0 | AA78: =SUMIF($T$8:$Y$1018,"CUSTO",T78:Y78) -> 0 | AB78: =IF(F78<>"",IF(AA78=0,"MEDIR",IF(O78-AA78=0,"OK",IF(O78-AA78>0,"MEDIR","ALERTA!"))),"") | AC78: =IF(Z78="",0,I78-Z78) -> 0 | AD78: =IF(AA78="",0,O78-AA78) -> 0
A79: =1+A78 -> 79 | C79: =+C78 -> 5.5 | D79: =1+D78 -> 1 | E79: =C79&"."&D79 -> 5.5.1 | F79: C363 | G79: =IF($F79="","",IFERROR(VLOOKUP($F79,SERVIÇOS!$B:$G,2,0),IFERROR(VLOOKUP($F79,'COMPOSIÇÕES COMPLEMENTARES '!$D:$L,2,0),IFERROR(VLOOKUP($F79,INSUMOS!$A:$D,2,0),"")))) -> VERGA MOLDADA IN LOCO EM CONCRETO, FCK 30MPA, ESPESSURA DE *15* CM, CONFORME DETALHE | H79: =IF($F79="","",IFERROR(VLOOKUP($F79,SERVIÇOS!$B:$G,3,0),IFERROR(VLOOKUP($F79,'COMPOSIÇÕES COMPLEMENTARES '!$D:$L,3,0),IFERROR(VLOOKUP($F79,INSUMOS!$A:$D,3,0),"")))) -> M | I79: 113.03 | J79: =IF($F79="","",IFERROR(VLOOKUP($F79,SERVIÇOS!$B:$G,4,0),IFERROR(VLOOKUP($F79,'COMPOSIÇÕES COMPLEMENTARES '!$D:$L,6,0),IFERROR(VLOOKUP($F79,INSUMOS!$A:$D,4,0),"")))) -> 47.61 | K79: =IF($F79="","",IFERROR(VLOOKUP($F79,SERVIÇOS!$B:$G,5,0),IFERROR(VLOOKUP($F79,'COMPOSIÇÕES COMPLEMENTARES '!$D:$L,7,0),0))) -> 25.12 | L79: =IF(I79="","",J79+K79) -> 72.73 | M79: =IF(I79="","",TRUNC((I79*J79),2)) -> 5381.35 | N79: =IF(I79="","",TRUNC((I79*K79),2)) -> 2839.31 | O79: =IF(I79="","",TRUNC((M79+N79),2)) -> 8220.66 | U79: =IF(OR(T79="",$O79=""),"",(T79/$I79)*$O79) | W79: =IF(OR(V79="",$O79=""),"",(V79/$I79)*$O79) | Y79: =IF(OR(X79="",$O79=""),"",(X79/$I79)*$O79) | Z79: =SUMIF($T$8:Y$1018,"QUANT.",T79:Y79) -> 0 | AA79: =SUMIF($T$8:$Y$1018,"CUSTO",T79:Y79) -> 0 | AB79: =IF(F79<>"",IF(AA79=0,"MEDIR",IF(O79-AA79=0,"OK",IF(O79-AA79>0,"MEDIR","ALERTA!"))),"") -> MEDIR | AC79: =IF(Z79="",0,I79-Z79) -> 113.03 | AD79: =IF(AA79="",0,O79-AA79) -> 8220.66
A80: =1+A79 -> 80 | C80: =+E80 -> 5.6 | E80: 5.6 | G80: CINTA DE AMARRAÇÃO | U80: =IF(OR(T80="",$O80=""),"",(T80/$I80)*$O80) | W80: =IF(OR(V80="",$O80=""),"",(V80/$I80)*$O80) | Y80: =IF(OR(X80="",$O80=""),"",(X80/$I80)*$O80) | Z80: =SUMIF($T$8:Y$1018,"QUANT.",T80:Y80) -> 0 | AA80: =SUMIF($T$8:$Y$1018,"CUSTO",T80:Y80) -> 0 | AB80: =IF(F80<>"",IF(AA80=0,"MEDIR",IF(O80-AA80=0,"OK",IF(O80-AA80>0,"MEDIR","ALERTA!"))),"") | AC80: =IF(Z80="",0,I80-Z80) -> 0 | AD80: =IF(AA80="",0,O80-AA80) -> 0
A81: =1+A80 -> 81 | C81: =+C80 -> 5.6 | D81: =1+D80 -> 1 | E81: =C81&"."&D81 -> 5.6.1 | F81: 105033 | G81: =IF($F81="","",IFERROR(VLOOKUP($F81,SERVIÇOS!$B:$G,2,0),IFERROR(VLOOKUP($F81,'COMPOSIÇÕES COMPLEMENTARES '!$D:$L,2,0),IFERROR(VLOOKUP($F81,INSUMOS!$A:$D,2,0),"")))) -> CINTA DE AMARRAÇÃO DE ALVENARIA MOLDADA IN LOCO COM UTILIZAÇÃO DE BLOCOS CANALETA, ESPESSURA DE *15* CM. AF_03/2024 | H81: =IF($F81="","",IFERROR(VLOOKUP($F81,SERVIÇOS!$B:$G,3,0),IFERROR(VLOOKUP($F81,'COMPOSIÇÕES COMPLEMENTARES '!$D:$L,3,0),IFERROR(VLOOKUP($F81,INSUMOS!$A:$D,3,0),"")))) -> M | I81: 105.5 | J81: =IF($F81="","",IFERROR(VLOOKUP($F81,SERVIÇOS!$B:$G,4,0),IFERROR(VLOOKUP($F81,'COMPOSIÇÕES COMPLEMENTARES '!$D:$L,6,0),IFERROR(VLOOKUP($F81,INSUMOS!$A:$D,4,0),"")))) -> 40.35 | K81: =IF($F81="","",IFERROR(VLOOKUP($F81,SERVIÇOS!$B:$G,5,0),IFERROR(VLOOKUP($F81,'COMPOSIÇÕES COMPLEMENTARES '!$D:$L,7,0),0))) -> 18.04 | L81: =IF(I81="","",J81+K81) -> 58.39 | M81: =IF(I81="","",TRUNC((I81*J81),2)) -> 4256.92 | N81: =IF(I81="","",TRUNC((I81*K81),2)) -> 1903.22 | O81: =IF(I81="","",TRUNC((M81+N81),2)) -> 6160.14 | U81: =IF(OR(T81="",$O81=""),"",(T81/$I81)*$O81) | W81: =IF(OR(V81="",$O81=""),"",(V81/$I81)*$O81) | Y81: =IF(OR(X81="",$O81=""),"",(X81/$I81)*$O81) | Z81: =SUMIF($T$8:Y$1018,"QUANT.",T81:Y81) -> 0 | AA81: =SUMIF($T$8:$Y$1018,"CUSTO",T81:Y81) -> 0 | AB81: =IF(F81<>"",IF(AA81=0,"MEDIR",IF(O81-AA81=0,"OK",IF(O81-AA81>0,"MEDIR","ALERTA!"))),"") -> MEDIR | AC81: =IF(Z81="",0,I81-Z81) -> 105.5 | AD81: =IF(AA81="",0,O81-AA81) -> 6160.14
A82: =1+A81 -> 82 | C82: =+E82 -> 5.7 | E82: 5.7 | G82: TIRANTE PARA VERGAS | U82: =IF(OR(T82="",$O82=""),"",(T82/$I82)*$O82) | W82: =IF(OR(V82="",$O82=""),"",(V82/$I82)*$O82) | Y82: =IF(OR(X82="",$O82=""),"",(X82/$I82)*$O82) | Z82: =SUMIF($T$8:Y$1018,"QUANT.",T82:Y82) -> 0 | AA82: =SUMIF($T$8:$Y$1018,"CUSTO",T82:Y82) -> 0 | AB82: =IF(F82<>"",IF(AA82=0,"MEDIR",IF(O82-AA82=0,"OK",IF(O82-AA82>0,"MEDIR","ALERTA!"))),"") | AC82: =IF(Z82="",0,I82-Z82) -> 0 | AD82: =IF(AA82="",0,O82-AA82) -> 0
A83: =1+A82 -> 83 | C83: =+C82 -> 5.7 | D83: =1+D82 -> 1 | E83: =C83&"."&D83 -> 5.7.1 | F83: C5110 | G83: =IF($F83="","",IFERROR(VLOOKUP($F83,SERVIÇOS!$B:$G,2,0),IFERROR(VLOOKUP($F83,'COMPOSIÇÕES COMPLEMENTARES '!$D:$L,2,0),IFERROR(VLOOKUP($F83,INSUMOS!$A:$D,2,0),"")))) -> TIRANTE PARA VERGA PARA VÃOS >2,10M, ESPESSURA DE *15CM* | H83: =IF($F83="","",IFERROR(VLOOKUP($F83,SERVIÇOS!$B:$G,3,0),IFERROR(VLOOKUP($F83,'COMPOSIÇÕES COMPLEMENTARES '!$D:$L,3,0),IFERROR(VLOOKUP($F83,INSUMOS!$A:$D,3,0),"")))) -> M | I83: =29*1.29 -> 37.41 | J83: =IF($F83="","",IFERROR(VLOOKUP($F83,SERVIÇOS!$B:$G,4,0),IFERROR(VLOOKUP($F83,'COMPOSIÇÕES COMPLEMENTARES '!$D:$L,6,0),IFERROR(VLOOKUP($F83,INSUMOS!$A:$D,4,0),"")))) -> 142.01 | K83: =IF($F83="","",IFERROR(VLOOKUP($F83,SERVIÇOS!$B:$G,5,0),IFERROR(VLOOKUP($F83,'COMPOSIÇÕES COMPLEMENTARES '!$D:$L,7,0),0))) -> 43.9 | L83: =IF(I83="","",J83+K83) -> 185.91 | M83: =IF(I83="","",TRUNC((I83*J83),2)) -> 5312.59 | N83: =IF(I83="","",TRUNC((I83*K83),2)) -> 1642.29 | O83: =IF(I83="","",TRUNC((M83+N83),2)) -> 6954.88 | U83: =IF(OR(T83="",$O83=""),"",(T83/$I83)*$O83) | W83: =IF(OR(V83="",$O83=""),"",(V83/$I83)*$O83) | Y83: =IF(OR(X83="",$O83=""),"",(X83/$I83)*$O83) | Z83: =SUMIF($T$8:Y$1018,"QUANT.",T83:Y83) -> 0 | AA83: =SUMIF($T$8:$Y$1018,"CUSTO",T83:Y83) -> 0 | AB83: =IF(F83<>"",IF(AA83=0,"MEDIR",IF(O83-AA83=0,"OK",IF(O83-AA83>0,"MEDIR","ALERTA!"))),"") -> MEDIR | AC83: =IF(Z83="",0,I83-Z83) -> 37.41 | AD83: =IF(AA83="",0,O83-AA83) -> 6954.88
A84: =1+A83 -> 84 | C84: =+E84 -> 6 | E84: 6 | G84: ALVENARIAS - VEDAÇÃO | M84: =TRUNC(SUMIF(M85:M100,">0",M85:M100),2) -> 247317.62 | N84: =TRUNC(SUMIF(N85:N100,">0",N85:N100),2) -> 42380.72 | P84: =SUMIF(O85:O100,">0",O85:O100) -> 289698.34 | U84: =IF(OR(T84="",$O84=""),"",(T84/$I84)*$O84) | W84: =IF(OR(V84="",$O84=""),"",(V84/$I84)*$O84) | Y84: =IF(OR(X84="",$O84=""),"",(X84/$I84)*$O84) | Z84: =SUMIF($T$8:Y$1018,"QUANT.",T84:Y84) -> 0 | AA84: =SUMIF($T$8:$Y$1018,"CUSTO",T84:Y84) -> 0 | AB84: =IF(F84<>"",IF(AA84=0,"MEDIR",IF(O84-AA84=0,"OK",IF(O84-AA84>0,"MEDIR","ALERTA!"))),"") | AC84: =IF(Z84="",0,I84-Z84) -> 0 | AD84: =IF(AA84="",0,O84-AA84) -> 0
A85: =1+A84 -> 85 | C85: =+E85 -> 6.1 | E85: 6.1 | G85: BLOCOS CERÂMICOS | U85: =IF(OR(T85="",$O85=""),"",(T85/$I85)*$O85) | W85: =IF(OR(V85="",$O85=""),"",(V85/$I85)*$O85) | Y85: =IF(OR(X85="",$O85=""),"",(X85/$I85)*$O85) | Z85: =SUMIF($T$8:Y$1018,"QUANT.",T85:Y85) -> 0 | AA85: =SUMIF($T$8:$Y$1018,"CUSTO",T85:Y85) -> 0 | AB85: =IF(F85<>"",IF(AA85=0,"MEDIR",IF(O85-AA85=0,"OK",IF(O85-AA85>0,"MEDIR","ALERTA!"))),"") | AC85: =IF(Z85="",0,I85-Z85) -> 0 | AD85: =IF(AA85="",0,O85-AA85) -> 0
A86: =1+A85 -> 86 | C86: =+C85 -> 6.1 | D86: =1+D85 -> 1 | E86: =C86&"."&D86 -> 6.1.1 | F86: 103324 | G86: =IF($F86="","",IFERROR(VLOOKUP($F86,SERVIÇOS!$B:$G,2,0),IFERROR(VLOOKUP($F86,'COMPOSIÇÕES COMPLEMENTARES '!$D:$L,2,0),IFERROR(VLOOKUP($F86,INSUMOS!$A:$D,2,0),"")))) -> ALVENARIA DE VEDAÇÃO DE BLOCOS CERÂMICOS FURADOS NA VERTICAL DE 14X19X39 CM (ESPESSURA 14 CM) E ARGAMASSA DE ASSENTAMENTO COM PREPARO EM BETONEIRA. AF_12/2021 | H86: =IF($F86="","",IFERROR(VLOOKUP($F86,SERVIÇOS!$B:$G,3,0),IFERROR(VLOOKUP($F86,'COMPOSIÇÕES COMPLEMENTARES '!$D:$L,3,0),IFERROR(VLOOKUP($F86,INSUMOS!$A:$D,3,0),"")))) -> M2 | I86: 19.4 | J86: =IF($F86="","",IFERROR(VLOOKUP($F86,SERVIÇOS!$B:$G,4,0),IFERROR(VLOOKUP($F86,'COMPOSIÇÕES COMPLEMENTARES '!$D:$L,6,0),IFERROR(VLOOKUP($F86,INSUMOS!$A:$D,4,0),"")))) -> 53.33 | K86: =IF($F86="","",IFERROR(VLOOKUP($F86,SERVIÇOS!$B:$G,5,0),IFERROR(VLOOKUP($F86,'COMPOSIÇÕES COMPLEMENTARES '!$D:$L,7,0),0))) -> 33.47 | L86: =IF(I86="","",J86+K86) -> 86.8 | M86: =IF(I86="","",TRUNC((I86*J86),2)) -> 1034.6 | N86: =IF(I86="","",TRUNC((I86*K86),2)) -> 649.31 | O86: =IF(I86="","",TRUNC((M86+N86),2)) -> 1683.91 | U86: =IF(OR(T86="",$O86=""),"",(T86/$I86)*$O86) | W86: =IF(OR(V86="",$O86=""),"",(V86/$I86)*$O86) | Y86: =IF(OR(X86="",$O86=""),"",(X86/$I86)*$O86) | Z86: =SUMIF($T$8:Y$1018,"QUANT.",T86:Y86) -> 0 | AA86: =SUMIF($T$8:$Y$1018,"CUSTO",T86:Y86) -> 0 | AB86: =IF(F86<>"",IF(AA86=0,"MEDIR",IF(O86-AA86=0,"OK",IF(O86-AA86>0,"MEDIR","ALERTA!"))),"") -> MEDIR | AC86: =IF(Z86="",0,I86-Z86) -> 19.4 | AD86: =IF(AA86="",0,O86-AA86) -> 1683.91
A87: =1+A86 -> 87 | C87: =+C86 -> 6.1 | D87: =1+D86 -> 2 | E87: =C87&"."&D87 -> 6.1.2 | F87: 103324 | G87: =IF($F87="","",IFERROR(VLOOKUP($F87,SERVIÇOS!$B:$G,2,0),IFERROR(VLOOKUP($F87,'COMPOSIÇÕES COMPLEMENTARES '!$D:$L,2,0),IFERROR(VLOOKUP($F87,INSUMOS!$A:$D,2,0),"")))) -> ALVENARIA DE VEDAÇÃO DE BLOCOS CERÂMICOS FURADOS NA VERTICAL DE 14X19X39 CM (ESPESSURA 14 CM) E ARGAMASSA DE ASSENTAMENTO COM PREPARO EM BETONEIRA. AF_12/2021 | H87: =IF($F87="","",IFERROR(VLOOKUP($F87,SERVIÇOS!$B:$G,3,0),IFERROR(VLOOKUP($F87,'COMPOSIÇÕES COMPLEMENTARES '!$D:$L,3,0),IFERROR(VLOOKUP($F87,INSUMOS!$A:$D,3,0),"")))) -> M2 | I87: 451.19 | J87: =IF($F87="","",IFERROR(VLOOKUP($F87,SERVIÇOS!$B:$G,4,0),IFERROR(VLOOKUP($F87,'COMPOSIÇÕES COMPLEMENTARES '!$D:$L,6,0),IFERROR(VLOOKUP($F87,INSUMOS!$A:$D,4,0),"")))) -> 53.33 | K87: =IF($F87="","",IFERROR(VLOOKUP($F87,SERVIÇOS!$B:$G,5,0),IFERROR(VLOOKUP($F87,'COMPOSIÇÕES COMPLEMENTARES '!$D:$L,7,0),0))) -> 33.47 | L87: =IF(I87="","",J87+K87) -> 86.8 | M87: =IF(I87="","",TRUNC((I87*J87),2)) -> 24061.96 | N87: =IF(I87="","",TRUNC((I87*K87),2)) -> 15101.32 | O87: =IF(I87="","",TRUNC((M87+N87),2)) -> 39163.28 | U87: =IF(OR(T87="",$O87=""),"",(T87/$I87)*$O87) | W87: =IF(OR(V87="",$O87=""),"",(V87/$I87)*$O87) | Y87: =IF(OR(X87="",$O87=""),"",(X87/$I87)*$O87) | Z87: =SUMIF($T$8:Y$1018,"QUANT.",T87:Y87) -> 0 | AA87: =SUMIF($T$8:$Y$1018,"CUSTO",T87:Y87) -> 0 | AB87: =IF(F87<>"",IF(AA87=0,"MEDIR",IF(O87-AA87=0,"OK",IF(O87-AA87>0,"MEDIR","ALERTA!"))),"") -> MEDIR | AC87: =IF(Z87="",0,I87-Z87) -> 451.19 | AD87: =IF(AA87="",0,O87-AA87) -> 39163.28
A88: =1+A87 -> 88 | C88: =+C87 -> 6.1 | D88: =1+D87 -> 3 | E88: =C88&"."&D88 -> 6.1.3 | F88: 103324 | G88: =IF($F88="","",IFERROR(VLOOKUP($F88,SERVIÇOS!$B:$G,2,0),IFERROR(VLOOKUP($F88,'COMPOSIÇÕES COMPLEMENTARES '!$D:$L,2,0),IFERROR(VLOOKUP($F88,INSUMOS!$A:$D,2,0),"")))) -> ALVENARIA DE VEDAÇÃO DE BLOCOS CERÂMICOS FURADOS NA VERTICAL DE 14X19X39 CM (ESPESSURA 14 CM) E ARGAMASSA DE ASSENTAMENTO COM PREPARO EM BETONEIRA. AF_12/2021 | H88: =IF($F88="","",IFERROR(VLOOKUP($F88,SERVIÇOS!$B:$G,3,0),IFERROR(VLOOKUP($F88,'COMPOSIÇÕES COMPLEMENTARES '!$D:$L,3,0),IFERROR(VLOOKUP($F88,INSUMOS!$A:$D,3,0),"")))) -> M2 | I88: 484 | J88: =IF($F88="","",IFERROR(VLOOKUP($F88,SERVIÇOS!$B:$G,4,0),IFERROR(VLOOKUP($F88,'COMPOSIÇÕES COMPLEMENTARES '!$D:$L,6,0),IFERROR(VLOOKUP($F88,INSUMOS!$A:$D,4,0),"")))) -> 53.33 | K88: =IF($F88="","",IFERROR(VLOOKUP($F88,SERVIÇOS!$B:$G,5,0),IFERROR(VLOOKUP($F88,'COMPOSIÇÕES COMPLEMENTARES '!$D:$L,7,0),0))) -> 33.47 | L88: =IF(I88="","",J88+K88) -> 86.8 | M88: =IF(I88="","",TRUNC((I88*J88),2)) -> 25811.72 | N88: =IF(I88="","",TRUNC((I88*K88),2)) -> 16199.48 | O88: =IF(I88="","",TRUNC((M88+N88),2)) -> 42011.2 | U88: =IF(OR(T88="",$O88=""),"",(T88/$I88)*$O88) | W88: =IF(OR(V88="",$O88=""),"",(V88/$I88)*$O88) | Y88: =IF(OR(X88="",$O88=""),"",(X88/$I88)*$O88) | Z88: =SUMIF($T$8:Y$1018,"QUANT.",T88:Y88) -> 0 | AA88: =SUMIF($T$8:$Y$1018,"CUSTO",T88:Y88) -> 0 | AB88: =IF(F88<>"",IF(AA88=0,"MEDIR",IF(O88-AA88=0,"OK",IF(O88-AA88>0,"MEDIR","ALERTA!"))),"") -> MEDIR | AC88: =IF(Z88="",0,I88-Z88) -> 484 | AD88: =IF(AA88="",0,O88-AA88) -> 42011.2
A89: =1+A88 -> 89 | C89: =+C88 -> 6.1 | D89: =1+D88 -> 4 | E89: =C89&"."&D89 -> 6.1.4 | F89: 103322 | G89: =IF($F89="","",IFERROR(VLOOKUP($F89,SERVIÇOS!$B:$G,2,0),IFERROR(VLOOKUP($F89,'COMPOSIÇÕES COMPLEMENTARES '!$D:$L,2,0),IFERROR(VLOOKUP($F89,INSUMOS!$A:$D,2,0),"")))) -> ALVENARIA DE VEDAÇÃO DE BLOCOS CERÂMICOS FURADOS NA VERTICAL DE 9X19X39 CM (ESPESSURA 9 CM) E ARGAMASSA DE ASSENTAMENTO COM PREPARO EM BETONEIRA. AF_12/2021 | H89: =IF($F89="","",IFERROR(VLOOKUP($F89,SERVIÇOS!$B:$G,3,0),IFERROR(VLOOKUP($F89,'COMPOSIÇÕES COMPLEMENTARES '!$D:$L,3,0),IFERROR(VLOOKUP($F89,INSUMOS!$A:$D,3,0),"")))) -> M2 | I89: 10.32 | J89: =IF($F89="","",IFERROR(VLOOKUP($F89,SERVIÇOS!$B:$G,4,0),IFERROR(VLOOKUP($F89,'COMPOSIÇÕES COMPLEMENTARES '!$D:$L,6,0),IFERROR(VLOOKUP($F89,INSUMOS!$A:$D,4,0),"")))) -> 41.02 | K89: =IF($F89="","",IFERROR(VLOOKUP($F89,SERVIÇOS!$B:$G,5,0),IFERROR(VLOOKUP($F89,'COMPOSIÇÕES COMPLEMENTARES '!$D:$L,7,0),0))) -> 23.21 | L89: =IF(I89="","",J89+K89) -> 64.23 | M89: =IF(I89="","",TRUNC((I89*J89),2)) -> 423.32 | N89: =IF(I89="","",TRUNC((I89*K89),2)) -> 239.52 | O89: =IF(I89="","",TRUNC((M89+N89),2)) -> 662.84 | U89: =IF(OR(T89="",$O89=""),"",(T89/$I89)*$O89) | W89: =IF(OR(V89="",$O89=""),"",(V89/$I89)*$O89) | Y89: =IF(OR(X89="",$O89=""),"",(X89/$I89)*$O89) | Z89: =SUMIF($T$8:Y$1018,"QUANT.",T89:Y89) -> 0 | AA89: =SUMIF($T$8:$Y$1018,"CUSTO",T89:Y89) -> 0 | AB89: =IF(F89<>"",IF(AA89=0,"MEDIR",IF(O89-AA89=0,"OK",IF(O89-AA89>0,"MEDIR","ALERTA!"))),"") -> MEDIR | AC89: =IF(Z89="",0,I89-Z89) -> 10.32 | AD89: =IF(AA89="",0,O89-AA89) -> 662.84
A90: =1+A89 -> 90 | C90: =+C89 -> 6.1 | D90: =1+D89 -> 5 | E90: =C90&"."&D90 -> 6.1.5 | F90: 103322 | G90: =IF($F90="","",IFERROR(VLOOKUP($F90,SERVIÇOS!$B:$G,2,0),IFERROR(VLOOKUP($F90,'COMPOSIÇÕES COMPLEMENTARES '!$D:$L,2,0),IFERROR(VLOOKUP($F90,INSUMOS!$A:$D,2,0),"")))) -> ALVENARIA DE VEDAÇÃO DE BLOCOS CERÂMICOS FURADOS NA VERTICAL DE 9X19X39 CM (ESPESSURA 9 CM) E ARGAMASSA DE ASSENTAMENTO COM PREPARO EM BETONEIRA. AF_12/2021 | H90: =IF($F90="","",IFERROR(VLOOKUP($F90,SERVIÇOS!$B:$G,3,0),IFERROR(VLOOKUP($F90,'COMPOSIÇÕES COMPLEMENTARES '!$D:$L,3,0),IFERROR(VLOOKUP($F90,INSUMOS!$A:$D,3,0),"")))) -> M2 | I90: 5.56 | J90: =IF($F90="","",IFERROR(VLOOKUP($F90,SERVIÇOS!$B:$G,4,0),IFERROR(VLOOKUP($F90,'COMPOSIÇÕES COMPLEMENTARES '!$D:$L,6,0),IFERROR(VLOOKUP($F90,INSUMOS!$A:$D,4,0),"")))) -> 41.02 | K90: =IF($F90="","",IFERROR(VLOOKUP($F90,SERVIÇOS!$B:$G,5,0),IFERROR(VLOOKUP($F90,'COMPOSIÇÕES COMPLEMENTARES '!$D:$L,7,0),0))) -> 23.21 | L90: =IF(I90="","",J90+K90) -> 64.23 | M90: =IF(I90="","",TRUNC((I90*J90),2)) -> 228.07 | N90: =IF(I90="","",TRUNC((I90*K90),2)) -> 129.04 | O90: =IF(I90="","",TRUNC((M90+N90),2)) -> 357.11 | U90: =IF(OR(T90="",$O90=""),"",(T90/$I90)*$O90) | W90: =IF(OR(V90="",$O90=""),"",(V90/$I90)*$O90) | Y90: =IF(OR(X90="",$O90=""),"",(X90/$I90)*$O90) | Z90: =SUMIF($T$8:Y$1018,"QUANT.",T90:Y90) -> 0 | AA90: =SUMIF($T$8:$Y$1018,"CUSTO",T90:Y90) -> 0 | AB90: =IF(F90<>"",IF(AA90=0,"MEDIR",IF(O90-AA90=0,"OK",IF(O90-AA90>0,"MEDIR","ALERTA!"))),"") -> MEDIR | AC90: =IF(Z90="",0,I90-Z90) -> 5.56 | AD90: =IF(AA90="",0,O90-AA90) -> 357.11
A91: =1+A90 -> 91 | C91: =+C90 -> 6.1 | D91: =1+D90 -> 6 | E91: =C91&"."&D91 -> 6.1.6 | F91: 93202 | G91: =IF($F91="","",IFERROR(VLOOKUP($F91,SERVIÇOS!$B:$G,2,0),IFERROR(VLOOKUP($F91,'COMPOSIÇÕES COMPLEMENTARES '!$D:$L,2,0),IFERROR(VLOOKUP($F91,INSUMOS!$A:$D,2,0),"")))) -> FIXAÇÃO (ENCUNHAMENTO) DE ALVENARIA DE VEDAÇÃO COM TIJOLO MACIÇO. AF_03/2024 | H91: =IF($F91="","",IFERROR(VLOOKUP($F91,SERVIÇOS!$B:$G,3,0),IFERROR(VLOOKUP($F91,'COMPOSIÇÕES COMPLEMENTARES '!$D:$L,3,0),IFERROR(VLOOKUP($F91,INSUMOS!$A:$D,3,0),"")))) -> M | I91: 181.14 | J91: =IF($F91="","",IFERROR(VLOOKUP($F91,SERVIÇOS!$B:$G,4,0),IFERROR(VLOOKUP($F91,'COMPOSIÇÕES COMPLEMENTARES '!$D:$L,6,0),IFERROR(VLOOKUP($F91,INSUMOS!$A:$D,4,0),"")))) -> 14.72 | K91: =IF($F91="","",IFERROR(VLOOKUP($F91,SERVIÇOS!$B:$G,5,0),IFERROR(VLOOKUP($F91,'COMPOSIÇÕES COMPLEMENTARES '!$D:$L,7,0),0))) -> 18.05 | L91: =IF(I91="","",J91+K91) -> 32.77 | M91: =IF(I91="","",TRUNC((I91*J91),2)) -> 2666.38 | N91: =IF(I91="","",TRUNC((I91*K91),2)) -> 3269.57 | O91: =IF(I91="","",TRUNC((M91+N91),2)) -> 5935.95 | U91: =IF(OR(T91="",$O91=""),"",(T91/$I91)*$O91) | W91: =IF(OR(V91="",$O91=""),"",(V91/$I91)*$O91) | Y91: =IF(OR(X91="",$O91=""),"",(X91/$I91)*$O91) | Z91: =SUMIF($T$8:Y$1018,"QUANT.",T91:Y91) -> 0 | AA91: =SUMIF($T$8:$Y$1018,"CUSTO",T91:Y91) -> 0 | AB91: =IF(F91<>"",IF(AA91=0,"MEDIR",IF(O91-AA91=0,"OK",IF(O91-AA91>0,"MEDIR","ALERTA!"))),"") -> MEDIR | AC91: =IF(Z91="",0,I91-Z91) -> 181.14 | AD91: =IF(AA91="",0,O91-AA91) -> 5935.95
A92: =1+A91 -> 92 | C92: =+E92 -> 6.2 | E92: 6.2 | G92: DRYWALL | U92: =IF(OR(T92="",$O92=""),"",(T92/$I92)*$O92) | W92: =IF(OR(V92="",$O92=""),"",(V92/$I92)*$O92) | Y92: =IF(OR(X92="",$O92=""),"",(X92/$I92)*$O92) | Z92: =SUMIF($T$8:Y$1018,"QUANT.",T92:Y92) -> 0 | AA92: =SUMIF($T$8:$Y$1018,"CUSTO",T92:Y92) -> 0 | AB92: =IF(F92<>"",IF(AA92=0,"MEDIR",IF(O92-AA92=0,"OK",IF(O92-AA92>0,"MEDIR","ALERTA!"))),"") | AC92: =IF(Z92="",0,I92-Z92) -> 0 | AD92: =IF(AA92="",0,O92-AA92) -> 0
A93: =1+A92 -> 93 | C93: =+C92 -> 6.2 | D93: =1+D92 -> 1 | E93: =C93&"."&D93 -> 6.2.1 | F93: C10552 | G93: =IF($F93="","",IFERROR(VLOOKUP($F93,SERVIÇOS!$B:$G,2,0),IFERROR(VLOOKUP($F93,'COMPOSIÇÕES COMPLEMENTARES '!$D:$L,2,0),IFERROR(VLOOKUP($F93,INSUMOS!$A:$D,2,0),"")))) -> PAREDE COM PLACAS DE GESSO ACARTONADO (DRYWALL), E=11,5cm, COM DUAS FACES SIMPLES RESISTENTE A UMIDADE (RU/RU), ESTRUTURA METÁLICA COM GUIAS SIMPLES DE 90MM | H93: =IF($F93="","",IFERROR(VLOOKUP($F93,SERVIÇOS!$B:$G,3,0),IFERROR(VLOOKUP($F93,'COMPOSIÇÕES COMPLEMENTARES '!$D:$L,3,0),IFERROR(VLOOKUP($F93,INSUMOS!$A:$D,3,0),"")))) -> M2 | I93: 65.25 | J93: =IF($F93="","",IFERROR(VLOOKUP($F93,SERVIÇOS!$B:$G,4,0),IFERROR(VLOOKUP($F93,'COMPOSIÇÕES COMPLEMENTARES '!$D:$L,6,0),IFERROR(VLOOKUP($F93,INSUMOS!$A:$D,4,0),"")))) -> 178.81 | K93: =IF($F93="","",IFERROR(VLOOKUP($F93,SERVIÇOS!$B:$G,5,0),IFERROR(VLOOKUP($F93,'COMPOSIÇÕES COMPLEMENTARES '!$D:$L,7,0),0))) -> 3.85 | L93: =IF(I93="","",J93+K93) -> 182.66 | M93: =IF(I93="","",TRUNC((I93*J93),2)) -> 11667.35 | N93: =IF(I93="","",TRUNC((I93*K93),2)) -> 251.21 | O93: =IF(I93="","",TRUNC((M93+N93),2)) -> 11918.56 | U93: =IF(OR(T93="",$O93=""),"",(T93/$I93)*$O93) | W93: =IF(OR(V93="",$O93=""),"",(V93/$I93)*$O93) | Y93: =IF(OR(X93="",$O93=""),"",(X93/$I93)*$O93) | Z93: =SUMIF($T$8:Y$1018,"QUANT.",T93:Y93) -> 0 | AA93: =SUMIF($T$8:$Y$1018,"CUSTO",T93:Y93) -> 0 | AB93: =IF(F93<>"",IF(AA93=0,"MEDIR",IF(O93-AA93=0,"OK",IF(O93-AA93>0,"MEDIR","ALERTA!"))),"") -> MEDIR | AC93: =IF(Z93="",0,I93-Z93) -> 65.25 | AD93: =IF(AA93="",0,O93-AA93) -> 11918.56
A94: =1+A93 -> 94 | C94: =+C93 -> 6.2 | D94: =1+D93 -> 2 | E94: =C94&"."&D94 -> 6.2.2 | F94: C10240 | G94: =IF($F94="","",IFERROR(VLOOKUP($F94,SERVIÇOS!$B:$G,2,0),IFERROR(VLOOKUP($F94,'COMPOSIÇÕES COMPLEMENTARES '!$D:$L,2,0),IFERROR(VLOOKUP($F94,INSUMOS!$A:$D,2,0),"")))) -> PAREDE COM PLACAS DE GESSO ACARTONADO (DRYWALL) E=25CM, COM DUAS FACES SIMPLES (RU/RU), DUAS CHAPAS DE MDF 22,5MM, E ESTRUTURA METÁLICA COM GUIAS DUPLAS DE 90MM - FORNECIMENTO E INSTALAÇÃO | H94: =IF($F94="","",IFERROR(VLOOKUP($F94,SERVIÇOS!$B:$G,3,0),IFERROR(VLOOKUP($F94,'COMPOSIÇÕES COMPLEMENTARES '!$D:$L,3,0),IFERROR(VLOOKUP($F94,INSUMOS!$A:$D,3,0),"")))) -> M2 | I94: 26.49 | J94: =IF($F94="","",IFERROR(VLOOKUP($F94,SERVIÇOS!$B:$G,4,0),IFERROR(VLOOKUP($F94,'COMPOSIÇÕES COMPLEMENTARES '!$D:$L,6,0),IFERROR(VLOOKUP($F94,INSUMOS!$A:$D,4,0),"")))) -> 304.51 | K94: =IF($F94="","",IFERROR(VLOOKUP($F94,SERVIÇOS!$B:$G,5,0),IFERROR(VLOOKUP($F94,'COMPOSIÇÕES COMPLEMENTARES '!$D:$L,7,0),0))) -> 25.57 | L94: =IF(I94="","",J94+K94) -> 330.08 | M94: =IF(I94="","",TRUNC((I94*J94),2)) -> 8066.46 | N94: =IF(I94="","",TRUNC((I94*K94),2)) -> 677.34 | O94: =IF(I94="","",TRUNC((M94+N94),2)) -> 8743.8 | U94: =IF(OR(T94="",$O94=""),"",(T94/$I94)*$O94) | W94: =IF(OR(V94="",$O94=""),"",(V94/$I94)*$O94) | Y94: =IF(OR(X94="",$O94=""),"",(X94/$I94)*$O94) | Z94: =SUMIF($T$8:Y$1018,"QUANT.",T94:Y94) -> 0 | AA94: =SUMIF($T$8:$Y$1018,"CUSTO",T94:Y94) -> 0 | AB94: =IF(F94<>"",IF(AA94=0,"MEDIR",IF(O94-AA94=0,"OK",IF(O94-AA94>0,"MEDIR","ALERTA!"))),"") -> MEDIR | AC94: =IF(Z94="",0,I94-Z94) -> 26.49 | AD94: =IF(AA94="",0,O94-AA94) -> 8743.8
A95: =1+A94 -> 95 | C95: =+C94 -> 6.2 | D95: =1+D94 -> 3 | E95: =C95&"."&D95 -> 6.2.3 | F95: C10550 | G95: =IF($F95="","",IFERROR(VLOOKUP($F95,SERVIÇOS!$B:$G,2,0),IFERROR(VLOOKUP($F95,'COMPOSIÇÕES COMPLEMENTARES '!$D:$L,2,0),IFERROR(VLOOKUP($F95,INSUMOS!$A:$D,2,0),"")))) -> PAREDE COM PLACAS DE GESSO ACARTONADO (DRYWALL), E=11,5cm, COM DUAS FACES SIMPLES STANDARD (ST/ST), ESTRUTURA METÁLICA COM GUIAS SIMPLES DE 90MM | H95: =IF($F95="","",IFERROR(VLOOKUP($F95,SERVIÇOS!$B:$G,3,0),IFERROR(VLOOKUP($F95,'COMPOSIÇÕES COMPLEMENTARES '!$D:$L,3,0),IFERROR(VLOOKUP($F95,INSUMOS!$A:$D,3,0),"")))) -> M2 | I95: 521.81 | J95: =IF($F95="","",IFERROR(VLOOKUP($F95,SERVIÇOS!$B:$G,4,0),IFERROR(VLOOKUP($F95,'COMPOSIÇÕES COMPLEMENTARES '!$D:$L,6,0),IFERROR(VLOOKUP($F95,INSUMOS!$A:$D,4,0),"")))) -> 164.4 | K95: =IF($F95="","",IFERROR(VLOOKUP($F95,SERVIÇOS!$B:$G,5,0),IFERROR(VLOOKUP($F95,'COMPOSIÇÕES COMPLEMENTARES '!$D:$L,7,0),0))) -> 3.85 | L95: =IF(I95="","",J95+K95) -> 168.25 | M95: =IF(I95="","",TRUNC((I95*J95),2)) -> 85785.56 | N95: =IF(I95="","",TRUNC((I95*K95),2)) -> 2008.96 | O95: =IF(I95="","",TRUNC((M95+N95),2)) -> 87794.52 | U95: =IF(OR(T95="",$O95=""),"",(T95/$I95)*$O95) | W95: =IF(OR(V95="",$O95=""),"",(V95/$I95)*$O95) | Y95: =IF(OR(X95="",$O95=""),"",(X95/$I95)*$O95) | Z95: =SUMIF($T$8:Y$1018,"QUANT.",T95:Y95) -> 0 | AA95: =SUMIF($T$8:$Y$1018,"CUSTO",T95:Y95) -> 0 | AB95: =IF(F95<>"",IF(AA95=0,"MEDIR",IF(O95-AA95=0,"OK",IF(O95-AA95>0,"MEDIR","ALERTA!"))),"") -> MEDIR | AC95: =IF(Z95="",0,I95-Z95) -> 521.81 | AD95: =IF(AA95="",0,O95-AA95) -> 87794.52
A96: =1+A95 -> 96 | C96: =+C95 -> 6.2 | D96: =1+D95 -> 4 | E96: =C96&"."&D96 -> 6.2.4 | F96: C10551 | G96: =IF($F96="","",IFERROR(VLOOKUP($F96,SERVIÇOS!$B:$G,2,0),IFERROR(VLOOKUP($F96,'COMPOSIÇÕES COMPLEMENTARES '!$D:$L,2,0),IFERROR(VLOOKUP($F96,INSUMOS!$A:$D,2,0),"")))) -> PAREDE COM PLACAS DE GESSO ACARTONADO (DRYWALL), E=11,5cm, COM DUAS FACES SIMPLES STANDARD E RESISTENTE A UMIDADE (ST/RU), ESTRUTURA METÁLICA COM GUIAS SIMPLES DE 90MM | H96: =IF($F96="","",IFERROR(VLOOKUP($F96,SERVIÇOS!$B:$G,3,0),IFERROR(VLOOKUP($F96,'COMPOSIÇÕES COMPLEMENTARES '!$D:$L,3,0),IFERROR(VLOOKUP($F96,INSUMOS!$A:$D,3,0),"")))) -> M2 | I96: 282.17 | J96: =IF($F96="","",IFERROR(VLOOKUP($F96,SERVIÇOS!$B:$G,4,0),IFERROR(VLOOKUP($F96,'COMPOSIÇÕES COMPLEMENTARES '!$D:$L,6,0),IFERROR(VLOOKUP($F96,INSUMOS!$A:$D,4,0),"")))) -> 171.6 | K96: =IF($F96="","",IFERROR(VLOOKUP($F96,SERVIÇOS!$B:$G,5,0),IFERROR(VLOOKUP($F96,'COMPOSIÇÕES COMPLEMENTARES '!$D:$L,7,0),0))) -> 3.85 | L96: =IF(I96="","",J96+K96) -> 175.45 | M96: =IF(I96="","",TRUNC((I96*J96),2)) -> 48420.37 | N96: =IF(I96="","",TRUNC((I96*K96),2)) -> 1086.35 | O96: =IF(I96="","",TRUNC((M96+N96),2)) -> 49506.72 | U96: =IF(OR(T96="",$O96=""),"",(T96/$I96)*$O96) | W96: =IF(OR(V96="",$O96=""),"",(V96/$I96)*$O96) | Y96: =IF(OR(X96="",$O96=""),"",(X96/$I96)*$O96) | Z96: =SUMIF($T$8:Y$1018,"QUANT.",T96:Y96) -> 0 | AA96: =SUMIF($T$8:$Y$1018,"CUSTO",T96:Y96) -> 0 | AB96: =IF(F96<>"",IF(AA96=0,"MEDIR",IF(O96-AA96=0,"OK",IF(O96-AA96>0,"MEDIR","ALERTA!"))),"") -> MEDIR | AC96: =IF(Z96="",0,I96-Z96) -> 282.17 | AD96: =IF(AA96="",0,O96-AA96) -> 49506.72
A97: =1+A96 -> 97 | C97: =+C96 -> 6.2 | D97: =1+D96 -> 5 | E97: =C97&"."&D97 -> 6.2.5 | F97: C10556 | G97: =IF($F97="","",IFERROR(VLOOKUP($F97,SERVIÇOS!$B:$G,2,0),IFERROR(VLOOKUP($F97,'COMPOSIÇÕES COMPLEMENTARES '!$D:$L,2,0),IFERROR(VLOOKUP($F97,INSUMOS!$A:$D,2,0),"")))) -> PAREDE PARA ENCHIMENTO COM PLACAS DE GESSO ACARTONADO (DRYWALL), COM UMA FACE SIMPLES (RU), ESTRUTURA METÁLICA COM GUIAS SIMPLES DE 48MM | H97: =IF($F97="","",IFERROR(VLOOKUP($F97,SERVIÇOS!$B:$G,3,0),IFERROR(VLOOKUP($F97,'COMPOSIÇÕES COMPLEMENTARES '!$D:$L,3,0),IFERROR(VLOOKUP($F97,INSUMOS!$A:$D,3,0),"")))) -> M2 | I97: 17.56 | J97: =IF($F97="","",IFERROR(VLOOKUP($F97,SERVIÇOS!$B:$G,4,0),IFERROR(VLOOKUP($F97,'COMPOSIÇÕES COMPLEMENTARES '!$D:$L,6,0),IFERROR(VLOOKUP($F97,INSUMOS!$A:$D,4,0),"")))) -> 58.7 | K97: =IF($F97="","",IFERROR(VLOOKUP($F97,SERVIÇOS!$B:$G,5,0),IFERROR(VLOOKUP($F97,'COMPOSIÇÕES COMPLEMENTARES '!$D:$L,7,0),0))) -> 10.54 | L97: =IF(I97="","",J97+K97) -> 69.24 | M97: =IF(I97="","",TRUNC((I97*J97),2)) -> 1030.77 | N97: =IF(I97="","",TRUNC((I97*K97),2)) -> 185.08 | O97: =IF(I97="","",TRUNC((M97+N97),2)) -> 1215.85 | U97: =IF(OR(T97="",$O97=""),"",(T97/$I97)*$O97) | W97: =IF(OR(V97="",$O97=""),"",(V97/$I97)*$O97) | Y97: =IF(OR(X97="",$O97=""),"",(X97/$I97)*$O97) | Z97: =SUMIF($T$8:Y$1018,"QUANT.",T97:Y97) -> 0 | AA97: =SUMIF($T$8:$Y$1018,"CUSTO",T97:Y97) -> 0 | AB97: =IF(F97<>"",IF(AA97=0,"MEDIR",IF(O97-AA97=0,"OK",IF(O97-AA97>0,"MEDIR","ALERTA!"))),"") -> MEDIR | AC97: =IF(Z97="",0,I97-Z97) -> 17.56 | AD97: =IF(AA97="",0,O97-AA97) -> 1215.85
A98: =1+A97 -> 98 | C98: =+C97 -> 6.2 | D98: =1+D97 -> 6 | E98: =C98&"."&D98 -> 6.2.6 | F98: C96372 | G98: =IF($F98="","",IFERROR(VLOOKUP($F98,SERVIÇOS!$B:$G,2,0),IFERROR(VLOOKUP($F98,'COMPOSIÇÕES COMPLEMENTARES '!$D:$L,2,0),IFERROR(VLOOKUP($F98,INSUMOS!$A:$D,2,0),"")))) -> INSTALAÇÃO DE ISOLAMENTO COM LÃ DE ROCHA EM PAREDES DRYWALL. AF_06/2017 | H98: =IF($F98="","",IFERROR(VLOOKUP($F98,SERVIÇOS!$B:$G,3,0),IFERROR(VLOOKUP($F98,'COMPOSIÇÕES COMPLEMENTARES '!$D:$L,3,0),IFERROR(VLOOKUP($F98,INSUMOS!$A:$D,3,0),"")))) -> M2 | I98: 895.72 | J98: =IF($F98="","",IFERROR(VLOOKUP($F98,SERVIÇOS!$B:$G,4,0),IFERROR(VLOOKUP($F98,'COMPOSIÇÕES COMPLEMENTARES '!$D:$L,6,0),IFERROR(VLOOKUP($F98,INSUMOS!$A:$D,4,0),"")))) -> 31.89 | K98: =IF($F98="","",IFERROR(VLOOKUP($F98,SERVIÇOS!$B:$G,5,0),IFERROR(VLOOKUP($F98,'COMPOSIÇÕES COMPLEMENTARES '!$D:$L,7,0),0))) -> 1.97 | L98: =IF(I98="","",J98+K98) -> 33.86 | M98: =IF(I98="","",TRUNC((I98*J98),2)) -> 28564.51 | N98: =IF(I98="","",TRUNC((I98*K98),2)) -> 1764.56 | O98: =IF(I98="","",TRUNC((M98+N98),2)) -> 30329.07 | U98: =IF(OR(T98="",$O98=""),"",(T98/$I98)*$O98) | W98: =IF(OR(V98="",$O98=""),"",(V98/$I98)*$O98) | Y98: =IF(OR(X98="",$O98=""),"",(X98/$I98)*$O98) | Z98: =SUMIF($T$8:Y$1018,"QUANT.",T98:Y98) -> 0 | AA98: =SUMIF($T$8:$Y$1018,"CUSTO",T98:Y98) -> 0 | AB98: =IF(F98<>"",IF(AA98=0,"MEDIR",IF(O98-AA98=0,"OK",IF(O98-AA98>0,"MEDIR","ALERTA!"))),"") -> MEDIR | AC98: =IF(Z98="",0,I98-Z98) -> 895.72 | AD98: =IF(AA98="",0,O98-AA98) -> 30329.07
A99: =1+A98 -> 99 | C99: =+C98 -> 6.2 | D99: =1+D98 -> 7 | E99: =C99&"."&D99 -> 6.2.7 | F99: 96374 | G99: =IF($F99="","",IFERROR(VLOOKUP($F99,SERVIÇOS!$B:$G,2,0),IFERROR(VLOOKUP($F99,'COMPOSIÇÕES COMPLEMENTARES '!$D:$L,2,0),IFERROR(VLOOKUP($F99,INSUMOS!$A:$D,2,0),"")))) -> INSTALAÇÃO DE REFORÇO DE MADEIRA EM PAREDE DRYWALL. AF_07/2023 | H99: =IF($F99="","",IFERROR(VLOOKUP($F99,SERVIÇOS!$B:$G,3,0),IFERROR(VLOOKUP($F99,'COMPOSIÇÕES COMPLEMENTARES '!$D:$L,3,0),IFERROR(VLOOKUP($F99,INSUMOS!$A:$D,3,0),"")))) -> M | I99: 183.45 | J99: =IF($F99="","",IFERROR(VLOOKUP($F99,SERVIÇOS!$B:$G,4,0),IFERROR(VLOOKUP($F99,'COMPOSIÇÕES COMPLEMENTARES '!$D:$L,6,0),IFERROR(VLOOKUP($F99,INSUMOS!$A:$D,4,0),"")))) -> 31.62 | K99: =IF($F99="","",IFERROR(VLOOKUP($F99,SERVIÇOS!$B:$G,5,0),IFERROR(VLOOKUP($F99,'COMPOSIÇÕES COMPLEMENTARES '!$D:$L,7,0),0))) -> 2.48 | L99: =IF(I99="","",J99+K99) -> 34.1 | M99: =IF(I99="","",TRUNC((I99*J99),2)) -> 5800.68 | N99: =IF(I99="","",TRUNC((I99*K99),2)) -> 454.95 | O99: =IF(I99="","",TRUNC((M99+N99),2)) -> 6255.63 | U99: =IF(OR(T99="",$O99=""),"",(T99/$I99)*$O99) | W99: =IF(OR(V99="",$O99=""),"",(V99/$I99)*$O99) | Y99: =IF(OR(X99="",$O99=""),"",(X99/$I99)*$O99) | Z99: =SUMIF($T$8:Y$1018,"QUANT.",T99:Y99) -> 0 | AA99: =SUMIF($T$8:$Y$1018,"CUSTO",T99:Y99) -> 0 | AB99: =IF(F99<>"",IF(AA99=0,"MEDIR",IF(O99-AA99=0,"OK",IF(O99-AA99>0,"MEDIR","ALERTA!"))),"") -> MEDIR | AC99: =IF(Z99="",0,I99-Z99) -> 183.45 | AD99: =IF(AA99="",0,O99-AA99) -> 6255.63
A100: =1+A99 -> 100 | C100: =+C99 -> 6.2 | D100: =1+D99 -> 8 | E100: =C100&"."&D100 -> 6.2.8 | F100: C200023 | G100: =IF($F100="","",IFERROR(VLOOKUP($F100,SERVIÇOS!$B:$G,2,0),IFERROR(VLOOKUP($F100,'COMPOSIÇÕES COMPLEMENTARES '!$D:$L,2,0),IFERROR(VLOOKUP($F100,INSUMOS!$A:$D,2,0),"")))) -> INSTALAÇÃO DE REFORÇO DE MADEIRA PARA PORTAS DE MADEIRA EM PAREDE DRYWALL | H100: =IF($F100="","",IFERROR(VLOOKUP($F100,SERVIÇOS!$B:$G,3,0),IFERROR(VLOOKUP($F100,'COMPOSIÇÕES COMPLEMENTARES '!$D:$L,3,0),IFERROR(VLOOKUP($F100,INSUMOS!$A:$D,3,0),"")))) -> M | I100: 146.2 | J100: =IF($F100="","",IFERROR(VLOOKUP($F100,SERVIÇOS!$B:$G,4,0),IFERROR(VLOOKUP($F100,'COMPOSIÇÕES COMPLEMENTARES '!$D:$L,6,0),IFERROR(VLOOKUP($F100,INSUMOS!$A:$D,4,0),"")))) -> 25.69 | K100: =IF($F100="","",IFERROR(VLOOKUP($F100,SERVIÇOS!$B:$G,5,0),IFERROR(VLOOKUP($F100,'COMPOSIÇÕES COMPLEMENTARES '!$D:$L,7,0),0))) -> 2.49 | L100: =IF(I100="","",J100+K100) -> 28.18 | M100: =IF(I100="","",TRUNC((I100*J100),2)) -> 3755.87 | N100: =IF(I100="","",TRUNC((I100*K100),2)) -> 364.03 | O100: =IF(I100="","",TRUNC((M100+N100),2)) -> 4119.9 | U100: =IF(OR(T100="",$O100=""),"",(T100/$I100)*$O100) | W100: =IF(OR(V100="",$O100=""),"",(V100/$I100)*$O100) | Y100: =IF(OR(X100="",$O100=""),"",(X100/$I100)*$O100) | Z100: =SUMIF($T$8:Y$1018,"QUANT.",T100:Y100) -> 0 | AA100: =SUMIF($T$8:$Y$1018,"CUSTO",T100:Y100) -> 0 | AB100: =IF(F100<>"",IF(AA100=0,"MEDIR",IF(O100-AA100=0,"OK",IF(O100-AA100>0,"MEDIR","ALERTA!"))),"") -> MEDIR | AC100: =IF(Z100="",0,I100-Z100) -> 146.2 | AD100: =IF(AA100="",0,O100-AA100) -> 4119.9
...

Sheet Planilha1
F8: pintura estrutura
G10: 30 | H10: =0.15+0.05*2+0.02*2 -> 0.29 | I10: =+H10*2*G10 -> 17.4
G11: 48 | H11: =0.127+0.05*2+0.017*2 -> 0.261 | I11: =+H11*2*G11 -> 25.056
G12: 480 | H12: =0.1+0.05*2+0.017*2 -> 0.234 | I12: =+H12*2*G12 -> 224.64
G13: 162 | H13: =0.1+0.04*2 -> 0.18 | I13: =+H13*2*G13 -> 58.32
G14: 312 | H14: =0.075+0.038*2 -> 0.151 | I14: =+H14*2*G14 -> 94.224
G15: 6 | H15: =0.05*2 -> 0.1 | I15: =+H15*2*G15 -> 1.2
G16: 12 | H16: =0.05*2 -> 0.1 | I16: =+H16*2*G16 -> 2.4
G17: 222 | H17: =0.025*1.25*2 -> 0.0625 | I17: =+H17*2*G17 -> 27.75
G18: 294 | H18: =0.025*2 -> 0.05 | I18: =+H18*2*G18 -> 29.4
G19: 228 | H19: =0.025*2 -> 0.05 | I19: =+H19*2*G19 -> 22.8
G20: 498 | H20: =0.01*3.14 -> 0.0314 | I20: =+H20*2*G20 -> 31.2744
I21: =SUM(I10:I20) -> 534.4644

Sheet MEMORIAL DE CÁLCULO
A1: MEMORIA DE CÁLCULO
A2: ITEM | B2: SERVIÇO | C2: MEMÓRIA DE CÁLCULO | D2: QUANTIDADE | E2: UNIDADE | F2: OBSERVAÇÃO
A3: ITEM 19
A4: 19.1 | B4: MOVIMENTAÇÃO DE TERRA
A5: 19.1.1 | B5: Limpeza do terreno | C5: 2894 | D5: 2894 | E5: m²
A6: 19.1.2 | B6: Carga, manobra e descarga da limpeza | C6: 2.894,00 × 0,10 | D6: 289.4 | E6: m³
A7: 19.1.3 | B7: Transporte DMT 10 km | C7: 289,40 × 10,00 | D7: 2894 | E7: m³×km
A8: 19.2 | B8: TERRAPLENAGEM
A9: 19.2.1 | B9: Espalhamento de material | C9: Retirado do projeto | D9: 4174.77 | E9: m³
A10: 19.2.2 | B10: Execução e compactação de corpo de aterro | C10: Retirado do orçamento | D10: 45 | E10: m³
A11: 19.2.3 | B11: Bota-fora | C11: Retirado do projeto | D11: 3448.27 | E11: m³
A12: 19.2.4 | B12: Transporte DMT 5 km | C12: 3.448,27 × 5,00 | D12: 17241.35 | E12: m³×km
A13: ITEM 20
A14: 20.1 | B14: MURO DE ARRIMO EM BALANÇO, EM CONCRETO ARMADO, TIPO L
A15: 20.1.1 | B15: MOVIMENTO DE TERRA
A16: 20.1.1.1 | B16: Escavação mecanizada de vala | C16: Retirado do projeto | D16: 171.52 | E16: m³
A17: 20.1.2 | B17: FÔRMAS E ARMADURAS
A18: 20.1.2.1 | B18: Fôrma para cortina de contenção | C18: 628,90 + 213,52 | D18: 842.42 | E18: m² | F18: Projeto estrutural
A19: 20.1.2.2 | B19: Aço CA-50 Ø 6,3 mm | C19: 2.273,10 + 649,80 | D19: 2922.9 | E19: kg | F19: Projeto estrutural
A20: 20.1.2.3 | B20: Aço CA-50 Ø 10,0 mm | C20: 313,50 + 215,00 | D20: 528.5 | E20: kg | F20: Projeto estrutural
A21: 20.1.2.4 | B21: Aço CA-60 Ø 5,0 mm | C21: 281,10 + 93,50 | D21: 374.6 | E21: kg | F21: Projeto estrutural
A22: 20.1.3 | B22: CONCRETAGEM DA ESTRUTURA
A23: 20.1.3.1 | B23: Concreto C25 | C23: 65,22 + 22,11 | D23: 87.33 | E23: m³ | F23: Projeto estrutural
A24: 20.1.4 | B24: DRENAGEM SUPERFICIAL EXTERNA
A25: 20.1.4.1 | B25: Canaleta de concreto tipo meia cana | C25: Retirado do projeto | D25: 105.02 | E25: m
A26: 20.1.5 | B26: IMPERMEABILIZAÇÃO
A27: 20.1.5.1 | B27: Impermeabilização com manta asfáltica | C27: 293.69 | D27: 293.69 | E27: m² | F27: Face em contato com solo
A28: 20.1.5.3 | B28: Proteção mecânica vertical | C28: Área vertical impermeabilizada | D28: 293.69 | E28: m² | F28: Face em contato com solo
A29: 20.1.6 | B29: PINTURA
A30: 20.1.6.1 | B30: Pintura texturizada acrílica em parede externa | C30: Área aparente | D30: 245.02 | E30: m²
A31: 20.2 | B31: MURO DE ALVENARIA
A32: 20.2.1 | B32: ALVENARIA
A33: 20.2.1.1 | B33: Muro divisa estacionamento | C33: 25,00 × 2,20 | D33: 55 | E33: m²
A34: 20.2.1.2 | B34: Mureta bloco concreto divisa rua | C34: 66,00 × 0,40 | D34: 26.4 | E34: m²
A35: 20.2.1.3 | B35: Mureta bloco concreto interno pátio | C35: 15,00 × 0,40 | D35: 6 | E35: m²
A36: 20.2.1.4 | B36: Mureta escada | C36: 5,40 × 1,15 | D36: 6.21 | E36: m²
A37: 20.2.1.5 | B37: Mureta rampa veículo | C37: 14,00 × 1,00 | D37: 14 | E37: m²
A38: 20.2.1.6 | B38: Mureta rampa cadeirante | C38: 7,20 × 0,40 | D38: 2.88 | E38: m²
A39: 20.2.1.7 | B39: Mureta rampa cadeirante | C39: 3,60 × 0,40 | D39: 1.44 | E39: m²
A40: 20.2.1.8 | B40: Alvenaria de blocos de concreto | C40: Quantidade adotada em planilha | D40: 81.89 | E40: m²
A41: 20.2.2 | B41: REVESTIMENTO
A42: 20.2.2.1 | B42: Emboço ou massa única | C42: 81,89 + 55,00 | D42: 136.89 | E42: m²
A43: 20.2.3 | B43: PINTURA
A44: 20.2.3.1 | B44: Pintura texturizada acrílica | C44: Área revestida | D44: 136.89 | E44: m²
A45: 20.2.4 | B45: GRADIL DE FECHAMENTO
A46: 20.2.4.1 | B46: Gradil Nylofor interno | C46: 14 | D46: 14 | E46: m
A47: 20.2.4.2 | B47: Gradil Nylofor externo | C47: 173.93 | D47: 173.93 | E47: m
A48: 20.2.4.3 | B48: Gradil Nylofor total | C48: 14,00 + 173,93 | D48: 187.93 | E48: m
A49: 20.2.4.4 | B49: Baldrame — concreto | C49: 173,93 × 0,20 × 0,30 | D49: 10.44 | E49: m³
A50: 20.2.4.5 | B50: Aço CA-50 Ø 8,0 mm | C50: 695,72 × 0,395 | D50: 274.81 | E50: kg
A51: 20.2.4.6 | B51: Fôrma do baldrame | C51: 173,93 × 0,30 × 2,00 | D51: 104.36 | E51: m²
A52: 20.2.4.7 | B52: Estaca broca moldada in loco | C52: 70,00 × 2,00 | D52: 140 | E52: m
A54: 21.0 - PAVIMENTAÇÃO EXTERNA
A55: Compactação base com BG | B55: 1279.7 | C55: x | D55: 0.15 | E55: =+B55*D55 -> 191.955 | F55: m3 | G55: (retirado projeto)
A56: Transporte DMT 3,50 km | B56: =+E55 -> 191.955 | C56: x | D56: 3.5 | E56: =+B56*D56 -> 671.8425 | F56: m3/km
A57: Escavação rebaixo BG | B57: =+B55 -> 1279.7 | C57: x | D57: 0.15 | E57: =+B57*D57 -> 191.955 | F57: m3
A58: Escavação rebaixo Areia | B58: =+B55 -> 1279.7 | C58: x | D58: 0.05 | E58: =+B58*D58 -> 63.985 | F58: m3
A59: Escavação rebaixo Paver | B59: =+B58 -> 1279.7 | C59: x | D59: 0.08 | E59: =+B59*D59 -> 102.376 | F59: m3
A60: Paver | B60: 1279.7 | C60: m2 | G60: (retirado projeto)
A61: Rampa acesso veiculos | B61: 34.38 | C61: m2 | G61: (retirado projeto)
A62: 21.2 - CALÇADAS
A63: Piso direcional | B63: =1.09+0.45+15.63+0.45+1.28 -> 18.9 | C63: m2 | G63: (retirado projeto) | H63: com quebra de calçada existente
A64: Piso direcional | B64: =0.36+8.71+2.15+0.81 -> 12.03 | C64: m2 | G64: (retirado projeto) | H64: em calçada nova
A65: Demolição passeio existente p/ implantação de piso direcional | B65: =+B63*0.05 -> 0.945 | C65: m3 | G65: (retirado projeto)
A66: Calçada externa | B66: =205.71+29.33+44.92+15.64+17.54+46.6+11.33+8.15+2.57+15.64+2.33+3.78+14.29 -> 417.83 | C66: m2 | G66: (retirado projeto)
A67: Lastro de Brita - 5 cm | B67: =+B66*0.05 -> 20.8915 | C67: m3 | G67: (retirado projeto)
A68: Transporte DMT 3,50 km | B68: =+B67 -> 20.8915 | C68: x | D68: 3.5 | E68: =+B68*D68 -> 73.12025 | F68: m3/km
A70: 21.3 - GUIAS E MEIO FIO | B70: reto | D70: curva
A71: Guia Pre-fabricada com sarjeta base 25 cm - Tipo 2 DER/PR | B71: =28+5.11+7.71+12.9+3.38+0.89+10.6+12.91+19.24+0.26 -> 101 | C71: m | D71: =4.8+4.8+3.61 -> 13.21 | E71: m
A72: Guia Pre-fabricada sem sarjeta base 12 cm Tipo 3 DER/PR | B72: =6.08+13.48+28.48+5.05+3.64+7.98+15.97+19.18+26+0.14 -> 126 | C72: m
A73: Guia Pre-fabricada base 25 Tipo 7 DER/PR | B73: =0.64+0.64+14.9+1.9+0.72+0.72+1.9+0.7+0.7+4.5+0.68 -> 28 | C73: m
A75: 22.1 - PORTÕES
A76: Portão de tela | B76: 2.2 | C76: x | D76: 5 | E76: =+B76*D76 -> 11 | F76: m2
A78: 24.0 - PAISAGISMO
A79: Grama Esmeralda | B79: =1670.15+183.15 -> 1853.3 | C79: m2 | D79: taludes
B80: =3.32+3.332+22.78+26.77+69.28+88.13+9.08+9.76+10.88 -> 243.332 | C80: m2 | D80: jardins
B81: =SUM(B79:B80) -> 2096.632 | C81: m2
A82: Bancos de concreto | B82: 3.6 | C82: x | D82: 5 | E82: =+B82*D82 -> 18 | F82: m
A83: Demarcação estacionamento
A84: Funcionarios | B84: 11 | C84: x | D84: 5 | E84: =+B84*D84 -> 55 | F84: m
A85: Publico | B85: 7 | C85: x | D85: 5 | E85: =+B85*D85 -> 35 | F85: m
A86: Moto | B86: 4 | C86: x | D86: 2 | E86: =+B86*D86 -> 8 | F86: m
E87: =SUM(E84:E86) -> 98 | F87: m
A90: ITEM | B90: SERVIÇO | C90: MEMÓRIA DE CÁLCULO | D90: QUANTIDADE | E90: UNIDADE | F90: OBSERVAÇÃO
A91: ITEM 31
A92: 31.0 | B92: SISTEMA DE TRATAMENTO DE EFLUENTES
A93: 31.1 | B93: FOSSA SÉPTICA
A94: 31.1.1 | B94: Tanque séptico circular | C94: 1 | D94: 1 | E94: un
A95: 31.1.2 | B95: Escavação vertical | C95: Projeto | D95: 7.66 | E95: m³
A96: 31.1.3 | B96: Reaterro manual | C96: Projeto | D96: 2.88 | E96: m³
A97: 31.1.5 | B97: Quantidade adotada em planilha | C97: Projeto | D97: 4.77 | E97: m³
A98: 31.2 | B98: SUMIDOURO
A99: 31.2.1 | B99: Sumidouro circular | C99: 1 | D99: 1 | E99: un
A100: 31.2.2 | B100: Escavação vertical | C100: Projeto | D100: 29.96 | E100: m³
A101: 31.2.3 | B101: Reaterro manual | C101: Projeto | D101: 6.64 | E101: m³
A102: 31.3 | B102: FILTRO ANAERÓBIO
A103: 31.3.1 | B103: Filtro anaeróbio circular | C103: 1 | D103: 1 | E103: un
A104: 31.3.2 | B104: Escavação vertical | C104: Projeto | D104: 7.97 | E104: m³
A105: 31.3.3 | B105: Reaterro manual | C105: Projeto | D105: 3.09 | E105: m³

Sheet CURVA ABC
A1: 1 | E1: PLANILHA CURVA ABC DE SERVIÇOS NÃO DESONERADA
A2: =1+A1 -> 2 | D2: SECRETARIA DE ESTADO DAS CIDADES | M2: PROTOCOLO Nº: | N2: =IF('FOLHA FECHAMENTO'!K12<>"",'FOLHA FECHAMENTO'!K12," ")
A3: =1+A2 -> 3 | D3: DIRETORIA DE EDIFICAÇÕES | E3: ENDEREÇO: | F3: PADRÃO | M3: ORGÃO: | N3: =IF(DADOS!M12<>"",DADOS!M12," ") -> SESA
A4: =1+A3 -> 4 | E4: MUNICIPIO: | M4: TIPO DE OBRA/SERVIÇO: | N4: =IF('FOLHA FECHAMENTO'!K10<>"",'FOLHA FECHAMENTO'!K10," ") -> CONSTRUÇÃO
A5: =1+A4 -> 5 | D5: TABELAS DE REFERÊNCIA: SINAPI/PR (FEVEREIRO/2025) E SECID (MARÇO/2025) NÃO DESONERADA | E5: LEVANTAMENTO Nº: | I5: =IF('FOLHA FECHAMENTO'!C15<>"",'FOLHA FECHAMENTO'!C15," ") -> REV00 | M5: ART N°: | N5: =IF(DADOS!D30<>"",DADOS!D30," ") -> 1720261230534
A6: =1+A5 -> 6 | D6: =IF(DADOS!D12<>"",DADOS!D12," ") -> PRONTO ATENDIMENTO MUNICIPAL | E6: RESPONSÁVEL TÉCNICO: | I6: =IF(DADOS!D24<>"",DADOS!D24," ") -> Erick William da Silva Damaceno | M6: REG. CREA: | N6: =IF(DADOS!D28<>"",DADOS!D28," ") -> 211052/D
A7: =1+A6 -> 7
A8: =1+A7 -> 8 | C8: CÓDIGO DO SERVIÇO | D8: DESCRIÇÃO DO SERVIÇO | E8: UNIDADE DE MEDIDA | F8: QUANTIDADE | G8: MATERIAL | H8: MÃO DE OBRA | I8: CUSTO UNITÁRIO | J8: MATERIAL | K8: MÃO DE OBRA | L8: CUSTO TOTAL | M8: CUSTO TOTAL ACUMULADO | N8: % ACUMULADO | O8: FAIXA
A9: =1+A8 -> 9 | C9: C100002 | D9: =IF($C9="","",IFERROR(VLOOKUP($C9,SERVIÇOS!$B:$G,2,0),IFERROR(VLOOKUP($C9,'COMPOSIÇÕES COMPLEMENTARES '!$D:$L,2,0),IFERROR(VLOOKUP($C9,INSUMOS!$A:$D,2,0),"")))) -> ADMINISTRAÇÃO DE OBRA - EQUIPE DE APOIO | E9: =IF($C9="","",IFERROR(VLOOKUP($C9,SERVIÇOS!$B:$G,3,0),IFERROR(VLOOKUP($C9,'COMPOSIÇÕES COMPLEMENTARES '!$D:$L,3,0),IFERROR(VLOOKUP($C9,INSUMOS!$A:$D,3,0),"")))) -> % | F9: 100 | G9: =IF($C9="","",IFERROR(VLOOKUP($C9,SERVIÇOS!$B:$G,4,0),IFERROR(VLOOKUP($C9,'COMPOSIÇÕES COMPLEMENTARES '!$D:$L,6,0),IFERROR(VLOOKUP($C9,INSUMOS!$A:$D,4,0),"")))) -> 65.17 | H9: =IF($C9="","",IFERROR(VLOOKUP($C9,SERVIÇOS!$B:$G,5,0),IFERROR(VLOOKUP($C9,'COMPOSIÇÕES COMPLEMENTARES '!$D:$L,7,0),0))) -> 1729.46 | I9: =IF(F9="","",G9+H9) -> 1794.63 | J9: =IF(F9="","",TRUNC((F9*G9),2)) -> 6517 | K9: =IF(F9="","",TRUNC((F9*H9),2)) -> 172946 | L9: =IF(F9="","",TRUNC((J9+K9),2)) -> 179463 | M9: =+L9 -> 179463 | N9: =+M9/L$815 -> 0.031776622 | O9: =IF(N9<0.5,"A",IF(N9>0.8,"C","B")) -> A
A10: =1+A9 -> 10 | C10: C1365 | D10: =IF($C10="","",IFERROR(VLOOKUP($C10,SERVIÇOS!$B:$G,2,0),IFERROR(VLOOKUP($C10,'COMPOSIÇÕES COMPLEMENTARES '!$D:$L,2,0),IFERROR(VLOOKUP($C10,INSUMOS!$A:$D,2,0),"")))) -> GRUPO MOTOR GERADOR A DIESEL EM CONTAINER SSL COM POTÊNCIA NOMINAL DE: 145KW (181KVA) EM REGIME "STANDY-BY" , FREQUÊNCIA 60HZ (1800RPM), TENSÃO DE TRABALHO DE 220/127 VOLTS. INCLUSO PAINEL DE TRANSFERÊNCIA E CARENAGEM 85DB .(VIDE ESPECIFICAÇÃO NO MEMORIAL DESCRITIVO) - REF: C145 D6 MOTORMAC OU SIMILAR | E10: =IF($C10="","",IFERROR(VLOOKUP($C10,SERVIÇOS!$B:$G,3,0),IFERROR(VLOOKUP($C10,'COMPOSIÇÕES COMPLEMENTARES '!$D:$L,3,0),IFERROR(VLOOKUP($C10,INSUMOS!$A:$D,3,0),"")))) -> UN | F10: 1 | G10: =IF($C10="","",IFERROR(VLOOKUP($C10,SERVIÇOS!$B:$G,4,0),IFERROR(VLOOKUP($C10,'COMPOSIÇÕES COMPLEMENTARES '!$D:$L,6,0),IFERROR(VLOOKUP($C10,INSUMOS!$A:$D,4,0),"")))) -> 174370.05 | H10: =IF($C10="","",IFERROR(VLOOKUP($C10,SERVIÇOS!$B:$G,5,0),IFERROR(VLOOKUP($C10,'COMPOSIÇÕES COMPLEMENTARES '!$D:$L,7,0),0))) -> 0 | I10: =IF(F10="","",G10+H10) -> 174370.05 | J10: =IF(F10="","",TRUNC((F10*G10),2)) -> 174370.05 | K10: =IF(F10="","",TRUNC((F10*H10),2)) -> 0 | L10: =IF(F10="","",TRUNC((J10+K10),2)) -> 174370.05 | M10: =+L10+M9 -> 353833.05 | N10: =+M10/L$815 -> 0.06265146 | O10: =IF(N10<0.5,"A",IF(N10>0.8,"C","B")) -> A
A11: =1+A10 -> 11 | C11: C10344 | D11: =IF($C11="","",IFERROR(VLOOKUP($C11,SERVIÇOS!$B:$G,2,0),IFERROR(VLOOKUP($C11,'COMPOSIÇÕES COMPLEMENTARES '!$D:$L,2,0),IFERROR(VLOOKUP($C11,INSUMOS!$A:$D,2,0),"")))) -> PISO PORCELANATO, COR OFF WHITE, 60X60CM COM REJUNTE BRANCO A BASE EPÓXI, RETIFICADO EXTRA, ABSORÇÃO DE ÁGUA MENOR OU IGUAL A 0,5% E COEFICIENTE DE ATRITO MAIOR OU IGUAL A 0,4. | E11: =IF($C11="","",IFERROR(VLOOKUP($C11,SERVIÇOS!$B:$G,3,0),IFERROR(VLOOKUP($C11,'COMPOSIÇÕES COMPLEMENTARES '!$D:$L,3,0),IFERROR(VLOOKUP($C11,INSUMOS!$A:$D,3,0),"")))) -> M2 | F11: 706 | G11: =IF($C11="","",IFERROR(VLOOKUP($C11,SERVIÇOS!$B:$G,4,0),IFERROR(VLOOKUP($C11,'COMPOSIÇÕES COMPLEMENTARES '!$D:$L,6,0),IFERROR(VLOOKUP($C11,INSUMOS!$A:$D,4,0),"")))) -> 169.08 | H11: =IF($C11="","",IFERROR(VLOOKUP($C11,SERVIÇOS!$B:$G,5,0),IFERROR(VLOOKUP($C11,'COMPOSIÇÕES COMPLEMENTARES '!$D:$L,7,0),0))) -> 26.07 | I11: =IF(F11="","",G11+H11) -> 195.15 | J11: =IF(F11="","",TRUNC((F11*G11),2)) -> 119370.48 | K11: =IF(F11="","",TRUNC((F11*H11),2)) -> 18405.42 | L11: =IF(F11="","",TRUNC((J11+K11),2)) -> 137775.9 | M11: =+L11+M10 -> 491608.95 | N11: =+M11/L$815 -> 0.087046754 | O11: =IF(N11<0.5,"A",IF(N11>0.8,"C","B")) -> A
A12: =1+A11 -> 12 | C12: C701 | D12: =IF($C12="","",IFERROR(VLOOKUP($C12,SERVIÇOS!$B:$G,2,0),IFERROR(VLOOKUP($C12,'COMPOSIÇÕES COMPLEMENTARES '!$D:$L,2,0),IFERROR(VLOOKUP($C12,INSUMOS!$A:$D,2,0),"")))) -> REVESTIMENTO EM PLACAS DE ACM (ALUMÍNIO COMPOSTO) RECORTADO, FIXADO EM ESTRUTURA METÁLICA GALVANIZADA, E=0,3MM - FORNECIMENTO E INSTALAÇÃO | E12: =IF($C12="","",IFERROR(VLOOKUP($C12,SERVIÇOS!$B:$G,3,0),IFERROR(VLOOKUP($C12,'COMPOSIÇÕES COMPLEMENTARES '!$D:$L,3,0),IFERROR(VLOOKUP($C12,INSUMOS!$A:$D,3,0),"")))) -> M2 | F12: 201 | G12: =IF($C12="","",IFERROR(VLOOKUP($C12,SERVIÇOS!$B:$G,4,0),IFERROR(VLOOKUP($C12,'COMPOSIÇÕES COMPLEMENTARES '!$D:$L,6,0),IFERROR(VLOOKUP($C12,INSUMOS!$A:$D,4,0),"")))) -> 505.25 | H12: =IF($C12="","",IFERROR(VLOOKUP($C12,SERVIÇOS!$B:$G,5,0),IFERROR(VLOOKUP($C12,'COMPOSIÇÕES COMPLEMENTARES '!$D:$L,7,0),0))) -> 0 | I12: =IF(F12="","",G12+H12) -> 505.25 | J12: =IF(F12="","",TRUNC((F12*G12),2)) -> 101555.25 | K12: =IF(F12="","",TRUNC((F12*H12),2)) -> 0 | L12: =IF(F12="","",TRUNC((J12+K12),2)) -> 101555.25 | M12: =+L12+M11 -> 593164.2 | N12: =+M12/L$815 -> 0.10502864 | O12: =IF(N12<0.5,"A",IF(N12>0.8,"C","B")) -> A
A13: =1+A12 -> 13 | C13: C3368 | D13: =IF($C13="","",IFERROR(VLOOKUP($C13,SERVIÇOS!$B:$G,2,0),IFERROR(VLOOKUP($C13,'COMPOSIÇÕES COMPLEMENTARES '!$D:$L,2,0),IFERROR(VLOOKUP($C13,INSUMOS!$A:$D,2,0),"")))) -> FORNECIMENTO DE CONCRETO USINADO BOMBEÁVEL, CLASSE DE RESISTÊNCIA C25, COM BRITA 0 E 1, SLUMP = 100 +/- 20 MM, INCLUI SERVIÇO DE BOMBEAMENTO, SEM LANÇAMENTO, COM MÃO DE OBRA E SERVIÇOS AUXILIARES PARA APLICAÇÃO + CONCRETAGEM DE CORTINA DE CONTENÇÃO, ATRAVÉS DE BOMBA, COM LANÇAMENTO, ADENSAMENTO E ACABAMENTO. | E13: =IF($C13="","",IFERROR(VLOOKUP($C13,SERVIÇOS!$B:$G,3,0),IFERROR(VLOOKUP($C13,'COMPOSIÇÕES COMPLEMENTARES '!$D:$L,3,0),IFERROR(VLOOKUP($C13,INSUMOS!$A:$D,3,0),"")))) -> M3 | F13: 87.33 | G13: =IF($C13="","",IFERROR(VLOOKUP($C13,SERVIÇOS!$B:$G,4,0),IFERROR(VLOOKUP($C13,'COMPOSIÇÕES COMPLEMENTARES '!$D:$L,6,0),IFERROR(VLOOKUP($C13,INSUMOS!$A:$D,4,0),"")))) -> 1096.12 | H13: =IF($C13="","",IFERROR(VLOOKUP($C13,SERVIÇOS!$B:$G,5,0),IFERROR(VLOOKUP($C13,'COMPOSIÇÕES COMPLEMENTARES '!$D:$L,7,0),0))) -> 58.09 | I13: =IF(F13="","",G13+H13) -> 1154.21 | J13: =IF(F13="","",TRUNC((F13*G13),2)) -> 95724.15 | K13: =IF(F13="","",TRUNC((F13*H13),2)) -> 5072.99 | L13: =IF(F13="","",TRUNC((J13+K13),2)) -> 100797.14 | M13: =+L13+M12 -> 693961.34 | N13: =+M13/L$815 -> 0.12287629 | O13: =IF(N13<0.5,"A",IF(N13>0.8,"C","B")) -> A
A14: =1+A13 -> 14 | C14: 92398 | D14: =IF($C14="","",IFERROR(VLOOKUP($C14,SERVIÇOS!$B:$G,2,0),IFERROR(VLOOKUP($C14,'COMPOSIÇÕES COMPLEMENTARES '!$D:$L,2,0),IFERROR(VLOOKUP($C14,INSUMOS!$A:$D,2,0),"")))) -> EXECUÇÃO DE PAVIMENTO EM PISO INTERTRAVADO, COM BLOCO RETANGULAR COR NATURAL DE 20 X 10 CM, ESPESSURA 8 CM. AF_10/2022 | E14: =IF($C14="","",IFERROR(VLOOKUP($C14,SERVIÇOS!$B:$G,3,0),IFERROR(VLOOKUP($C14,'COMPOSIÇÕES COMPLEMENTARES '!$D:$L,3,0),IFERROR(VLOOKUP($C14,INSUMOS!$A:$D,3,0),"")))) -> M2 | F14: 1279.7 | G14: =IF($C14="","",IFERROR(VLOOKUP($C14,SERVIÇOS!$B:$G,4,0),IFERROR(VLOOKUP($C14,'COMPOSIÇÕES COMPLEMENTARES '!$D:$L,6,0),IFERROR(VLOOKUP($C14,INSUMOS!$A:$D,4,0),"")))) -> 67.35 | H14: =IF($C14="","",IFERROR(VLOOKUP($C14,SERVIÇOS!$B:$G,5,0),IFERROR(VLOOKUP($C14,'COMPOSIÇÕES COMPLEMENTARES '!$D:$L,7,0),0))) -> 11.23 | I14: =IF(F14="","",G14+H14) -> 78.58 | J14: =IF(F14="","",TRUNC((F14*G14),2)) -> 86187.79 | K14: =IF(F14="","",TRUNC((F14*H14),2)) -> 14371.03 | L14: =IF(F14="","",TRUNC((J14+K14),2)) -> 100558.82 | M14: =+L14+M13 -> 794520.16 | N14: =+M14/L$815 -> 0.14068174 | O14: =IF(N14<0.5,"A",IF(N14>0.8,"C","B")) -> A
A15: =1+A14 -> 15 | C15: C12050 | D15: =IF($C15="","",IFERROR(VLOOKUP($C15,SERVIÇOS!$B:$G,2,0),IFERROR(VLOOKUP($C15,'COMPOSIÇÕES COMPLEMENTARES '!$D:$L,2,0),IFERROR(VLOOKUP($C15,INSUMOS!$A:$D,2,0),"")))) -> UNIDADE CONDENSADORA - CICLO FRIO - MARCA DAIKIN (OU EQUIVALENTE TÉCNICO) - MOD. RXQ8TATL - CAP. 76.400BTU/H - TRIFÁSICA - 220V - 60Hz - 185kg - DIMENSÃO 1.657x930x765mm (A x L x P) | E15: =IF($C15="","",IFERROR(VLOOKUP($C15,SERVIÇOS!$B:$G,3,0),IFERROR(VLOOKUP($C15,'COMPOSIÇÕES COMPLEMENTARES '!$D:$L,3,0),IFERROR(VLOOKUP($C15,INSUMOS!$A:$D,3,0),"")))) -> UN | F15: 2 | G15: =IF($C15="","",IFERROR(VLOOKUP($C15,SERVIÇOS!$B:$G,4,0),IFERROR(VLOOKUP($C15,'COMPOSIÇÕES COMPLEMENTARES '!$D:$L,6,0),IFERROR(VLOOKUP($C15,INSUMOS!$A:$D,4,0),"")))) -> 45361.07 | H15: =IF($C15="","",IFERROR(VLOOKUP($C15,SERVIÇOS!$B:$G,5,0),IFERROR(VLOOKUP($C15,'COMPOSIÇÕES COMPLEMENTARES '!$D:$L,7,0),0))) -> 676.96 | I15: =IF(F15="","",G15+H15) -> 46038.03 | J15: =IF(F15="","",TRUNC((F15*G15),2)) -> 90722.14 | K15: =IF(F15="","",TRUNC((F15*H15),2)) -> 1353.92 | L15: =IF(F15="","",TRUNC((J15+K15),2)) -> 92076.06 | M15: =+L15+M14 -> 886596.22 | N15: =+M15/L$815 -> 0.15698519 | O15: =IF(N15<0.5,"A",IF(N15>0.8,"C","B")) -> A
A16: =1+A15 -> 16 | C16: C10550 | D16: =IF($C16="","",IFERROR(VLOOKUP($C16,SERVIÇOS!$B:$G,2,0),IFERROR(VLOOKUP($C16,'COMPOSIÇÕES COMPLEMENTARES '!$D:$L,2,0),IFERROR(VLOOKUP($C16,INSUMOS!$A:$D,2,0),"")))) -> PAREDE COM PLACAS DE GESSO ACARTONADO (DRYWALL), E=11,5cm, COM DUAS FACES SIMPLES STANDARD (ST/ST), ESTRUTURA METÁLICA COM GUIAS SIMPLES DE 90MM | E16: =IF($C16="","",IFERROR(VLOOKUP($C16,SERVIÇOS!$B:$G,3,0),IFERROR(VLOOKUP($C16,'COMPOSIÇÕES COMPLEMENTARES '!$D:$L,3,0),IFERROR(VLOOKUP($C16,INSUMOS!$A:$D,3,0),"")))) -> M2 | F16: 521.81 | G16: =IF($C16="","",IFERROR(VLOOKUP($C16,SERVIÇOS!$B:$G,4,0),IFERROR(VLOOKUP($C16,'COMPOSIÇÕES COMPLEMENTARES '!$D:$L,6,0),IFERROR(VLOOKUP($C16,INSUMOS!$A:$D,4,0),"")))) -> 164.4 | H16: =IF($C16="","",IFERROR(VLOOKUP($C16,SERVIÇOS!$B:$G,5,0),IFERROR(VLOOKUP($C16,'COMPOSIÇÕES COMPLEMENTARES '!$D:$L,7,0),0))) -> 3.85 | I16: =IF(F16="","",G16+H16) -> 168.25 | J16: =IF(F16="","",TRUNC((F16*G16),2)) -> 85785.56 | K16: =IF(F16="","",TRUNC((F16*H16),2)) -> 2008.96 | L16: =IF(F16="","",TRUNC((J16+K16),2)) -> 87794.52 | M16: =+L16+M15 -> 974390.74 | N16: =+M16/L$815 -> 0.17253053 | O16: =IF(N16<0.5,"A",IF(N16>0.8,"C","B")) -> A
A17: =1+A16 -> 17 | C17: C3370 | D17: =IF($C17="","",IFERROR(VLOOKUP($C17,SERVIÇOS!$B:$G,2,0),IFERROR(VLOOKUP($C17,'COMPOSIÇÕES COMPLEMENTARES '!$D:$L,2,0),IFERROR(VLOOKUP($C17,INSUMOS!$A:$D,2,0),"")))) -> CERCA/GRADIL NYLOFOR H=2,43M, MALHA 5 X 20CM - FIO 5,00MM, COM FIXADORES DE POLIAMIDA EM POSTE 40 x 60 MM CHUMBADOS EM BASE DE CONCRETO (EXCLUSIVE ESTA), REVESTIDOS EM POLIESTER POR PROCESSO DE PINTURA ELETROSTÁTICA (GRADIL E POSTE), NAS CORES VERDE OU BRANCA - FORNECIMENTO E INSTALAÇÃO | E17: =IF($C17="","",IFERROR(VLOOKUP($C17,SERVIÇOS!$B:$G,3,0),IFERROR(VLOOKUP($C17,'COMPOSIÇÕES COMPLEMENTARES '!$D:$L,3,0),IFERROR(VLOOKUP($C17,INSUMOS!$A:$D,3,0),"")))) -> M | F17: 187.93 | G17: =IF($C17="","",IFERROR(VLOOKUP($C17,SERVIÇOS!$B:$G,4,0),IFERROR(VLOOKUP($C17,'COMPOSIÇÕES COMPLEMENTARES '!$D:$L,6,0),IFERROR(VLOOKUP($C17,INSUMOS!$A:$D,4,0),"")))) -> 455.23 | H17: =IF($C17="","",IFERROR(VLOOKUP($C17,SERVIÇOS!$B:$G,5,0),IFERROR(VLOOKUP($C17,'COMPOSIÇÕES COMPLEMENTARES '!$D:$L,7,0),0))) -> 0 | I17: =IF(F17="","",G17+H17) -> 455.23 | J17: =IF(F17="","",TRUNC((F17*G17),2)) -> 85551.37 | K17: =IF(F17="","",TRUNC((F17*H17),2)) -> 0 | L17: =IF(F17="","",TRUNC((J17+K17),2)) -> 85551.37 | M17: =+L17+M16 -> 1059942.1 | N17: =+M17/L$815 -> 0.18767868 | O17: =IF(N17<0.5,"A",IF(N17>0.8,"C","B")) -> A
A18: =1+A17 -> 18 | C18: 92473 | D18: =IF($C18="","",IFERROR(VLOOKUP($C18,SERVIÇOS!$B:$G,2,0),IFERROR(VLOOKUP($C18,'COMPOSIÇÕES COMPLEMENTARES '!$D:$L,2,0),IFERROR(VLOOKUP($C18,INSUMOS!$A:$D,2,0),"")))) -> MONTAGEM E DESMONTAGEM DE FÔRMA DE VIGA, ESCORAMENTO COM GARFO DE MADEIRA, PÉ-DIREITO DUPLO, EM CHAPA DE MADEIRA PLASTIFICADA, 14 UTILIZAÇÕES. AF_09/2020 | E18: =IF($C18="","",IFERROR(VLOOKUP($C18,SERVIÇOS!$B:$G,3,0),IFERROR(VLOOKUP($C18,'COMPOSIÇÕES COMPLEMENTARES '!$D:$L,3,0),IFERROR(VLOOKUP($C18,INSUMOS!$A:$D,3,0),"")))) -> M2 | F18: 544.17 | G18: =IF($C18="","",IFERROR(VLOOKUP($C18,SERVIÇOS!$B:$G,4,0),IFERROR(VLOOKUP($C18,'COMPOSIÇÕES COMPLEMENTARES '!$D:$L,6,0),IFERROR(VLOOKUP($C18,INSUMOS!$A:$D,4,0),"")))) -> 87.31 | H18: =IF($C18="","",IFERROR(VLOOKUP($C18,SERVIÇOS!$B:$G,5,0),IFERROR(VLOOKUP($C18,'COMPOSIÇÕES COMPLEMENTARES '!$D:$L,7,0),0))) -> 47.15 | I18: =IF(F18="","",G18+H18) -> 134.46 | J18: =IF(F18="","",TRUNC((F18*G18),2)) -> 47511.48 | K18: =IF(F18="","",TRUNC((F18*H18),2)) -> 25657.61 | L18: =IF(F18="","",TRUNC((J18+K18),2)) -> 73169.09 | M18: =+L18+M17 -> 1133111.2 | N18: =+M18/L$815 -> 0.20063437 | O18: =IF(N18<0.5,"A",IF(N18>0.8,"C","B")) -> A
A19: =1+A18 -> 19 | C19: C12365 | D19: =IF($C19="","",IFERROR(VLOOKUP($C19,SERVIÇOS!$B:$G,2,0),IFERROR(VLOOKUP($C19,'COMPOSIÇÕES COMPLEMENTARES '!$D:$L,2,0),IFERROR(VLOOKUP($C19,INSUMOS!$A:$D,2,0),"")))) -> DUTO EM CHAPA DE AÇO GALVANIZADO Nº24, ESPESSURA 0,64MM COM ISOLAMENTO, PARA AR CONDICIONADO, COM SISTEMA DE VEDAÇÃO ESTANQUE, MONTADO COM SISTEMA FLANGEADO, REFERÊNCIA TDC POWERMATIC | E19: =IF($C19="","",IFERROR(VLOOKUP($C19,SERVIÇOS!$B:$G,3,0),IFERROR(VLOOKUP($C19,'COMPOSIÇÕES COMPLEMENTARES '!$D:$L,3,0),IFERROR(VLOOKUP($C19,INSUMOS!$A:$D,3,0),"")))) -> KG | F19: 1120 | G19: =IF($C19="","",IFERROR(VLOOKUP($C19,SERVIÇOS!$B:$G,4,0),IFERROR(VLOOKUP($C19,'COMPOSIÇÕES COMPLEMENTARES '!$D:$L,6,0),IFERROR(VLOOKUP($C19,INSUMOS!$A:$D,4,0),"")))) -> 33.98 | H19: =IF($C19="","",IFERROR(VLOOKUP($C19,SERVIÇOS!$B:$G,5,0),IFERROR(VLOOKUP($C19,'COMPOSIÇÕES COMPLEMENTARES '!$D:$L,7,0),0))) -> 30.51 | I19: =IF(F19="","",G19+H19) -> 64.49 | J19: =IF(F19="","",TRUNC((F19*G19),2)) -> 38057.6 | K19: =IF(F19="","",TRUNC((F19*H19),2)) -> 34171.2 | L19: =IF(F19="","",TRUNC((J19+K19),2)) -> 72228.8 | M19: =+L19+M18 -> 1205340 | N19: =+M19/L$815 -> 0.21342356 | O19: =IF(N19<0.5,"A",IF(N19>0.8,"C","B")) -> A
A20: =1+A19 -> 20 | C20: C4907 | D20: =IF($C20="","",IFERROR(VLOOKUP($C20,SERVIÇOS!$B:$G,2,0),IFERROR(VLOOKUP($C20,'COMPOSIÇÕES COMPLEMENTARES '!$D:$L,2,0),IFERROR(VLOOKUP($C20,INSUMOS!$A:$D,2,0),"")))) -> SISTEMA CENTRAL DE VÁCUO CLÍNICO, DE CAPACIDADE MÍNIMA DE OPERAÇÃO 20 M³/H E SUPRIMENTO RESERVA DE CAPACIDADE EQUIVALENTE DE 20 M³/H, CONTENDO: - DOIS FILTROS BACTERIOLÓGICOS INSTALADOS EM PARALELO; - RESERVATÓRIO DE VÁCUO; - BOMBAS DE VÁCUO DO TIPO PALHETA LUBRIFICADAS; - PAINEL DE ALARME OPERACIONAL COM TRANSMISSOR DE PRESSÃO; DADOS TÉCNICOS: 20 m³- 200KG - MONOFÁSICA - 1,55KW - 220V - 60HZ; DIMENSÃO:1800x1150x820MM (A x L x P); REF: VALMIG ASPMIG-LV-20D OU EQUIVALENTE TÉCNICO | E20: =IF($C20="","",IFERROR(VLOOKUP($C20,SERVIÇOS!$B:$G,3,0),IFERROR(VLOOKUP($C20,'COMPOSIÇÕES COMPLEMENTARES '!$D:$L,3,0),IFERROR(VLOOKUP($C20,INSUMOS!$A:$D,3,0),"")))) -> UN | F20: 1 | G20: =IF($C20="","",IFERROR(VLOOKUP($C20,SERVIÇOS!$B:$G,4,0),IFERROR(VLOOKUP($C20,'COMPOSIÇÕES COMPLEMENTARES '!$D:$L,6,0),IFERROR(VLOOKUP($C20,INSUMOS!$A:$D,4,0),"")))) -> 70282.5 | H20: =IF($C20="","",IFERROR(VLOOKUP($C20,SERVIÇOS!$B:$G,5,0),IFERROR(VLOOKUP($C20,'COMPOSIÇÕES COMPLEMENTARES '!$D:$L,7,0),0))) -> 1545.56 | I20: =IF(F20="","",G20+H20) -> 71828.06 | J20: =IF(F20="","",TRUNC((F20*G20),2)) -> 70282.5 | K20: =IF(F20="","",TRUNC((F20*H20),2)) -> 1545.56 | L20: =IF(F20="","",TRUNC((J20+K20),2)) -> 71828.06 | M20: =+L20+M19 -> 1277168.1 | N20: =+M20/L$815 -> 0.2261418 | O20: =IF(N20<0.5,"A",IF(N20>0.8,"C","B")) -> A
A21: =1+A20 -> 21 | C21: C5116 | D21: =IF($C21="","",IFERROR(VLOOKUP($C21,SERVIÇOS!$B:$G,2,0),IFERROR(VLOOKUP($C21,'COMPOSIÇÕES COMPLEMENTARES '!$D:$L,2,0),IFERROR(VLOOKUP($C21,INSUMOS!$A:$D,2,0),"")))) -> LAJE PRÉ-FABRICADA MISTA VIGOTA TRELIÇADA/LAJOTA CERÂMICA - LT 12 (8+4) E CAPA COM CONCRET | E21: =IF($C21="","",IFERROR(VLOOKUP($C21,SERVIÇOS!$B:$G,3,0),IFERROR(VLOOKUP($C21,'COMPOSIÇÕES COMPLEMENTARES '!$D:$L,3,0),IFERROR(VLOOKUP($C21,INSUMOS!$A:$D,3,0),"")))) -> M2 | F21: 470.055 | G21: =IF($C21="","",IFERROR(VLOOKUP($C21,SERVIÇOS!$B:$G,4,0),IFERROR(VLOOKUP($C21,'COMPOSIÇÕES COMPLEMENTARES '!$D:$L,6,0),IFERROR(VLOOKUP($C21,INSUMOS!$A:$D,4,0),"")))) -> 112.65 | H21: =IF($C21="","",IFERROR(VLOOKUP($C21,SERVIÇOS!$B:$G,5,0),IFERROR(VLOOKUP($C21,'COMPOSIÇÕES COMPLEMENTARES '!$D:$L,7,0),0))) -> 35.64 | I21: =IF(F21="","",G21+H21) -> 148.29 | J21: =IF(F21="","",TRUNC((F21*G21),2)) -> 52951.69 | K21: =IF(F21="","",TRUNC((F21*H21),2)) -> 16752.76 | L21: =IF(F21="","",TRUNC((J21+K21),2)) -> 69704.45 | M21: =+L21+M20 -> 1346872.5 | N21: =+M21/L$815 -> 0.23848402 | O21: =IF(N21<0.5,"A",IF(N21>0.8,"C","B")) -> A
A22: =1+A21 -> 22 | C22: C100774 | D22: =IF($C22="","",IFERROR(VLOOKUP($C22,SERVIÇOS!$B:$G,2,0),IFERROR(VLOOKUP($C22,'COMPOSIÇÕES COMPLEMENTARES '!$D:$L,2,0),IFERROR(VLOOKUP($C22,INSUMOS!$A:$D,2,0),"")))) -> ESTRUTURA TRELIÇADA DE COBERTURA, COM LIGAÇÕES SOLDADAS, INCLUSOS PERFIS METÁLICOS, CHAPAS METÁLICAS, MÃO DE OBRA E TRANSPORTE COM GUINDASTE - FORNECIMENTO E INSTALAÇÃO. AF_01/2020_PSA | E22: =IF($C22="","",IFERROR(VLOOKUP($C22,SERVIÇOS!$B:$G,3,0),IFERROR(VLOOKUP($C22,'COMPOSIÇÕES COMPLEMENTARES '!$D:$L,3,0),IFERROR(VLOOKUP($C22,INSUMOS!$A:$D,3,0),"")))) -> KG | F22: 5392.76 | G22: =IF($C22="","",IFERROR(VLOOKUP($C22,SERVIÇOS!$B:$G,4,0),IFERROR(VLOOKUP($C22,'COMPOSIÇÕES COMPLEMENTARES '!$D:$L,6,0),IFERROR(VLOOKUP($C22,INSUMOS!$A:$D,4,0),"")))) -> 12.14 | H22: =IF($C22="","",IFERROR(VLOOKUP($C22,SERVIÇOS!$B:$G,5,0),IFERROR(VLOOKUP($C22,'COMPOSIÇÕES COMPLEMENTARES '!$D:$L,7,0),0))) -> 0.63 | I22: =IF(F22="","",G22+H22) -> 12.77 | J22: =IF(F22="","",TRUNC((F22*G22),2)) -> 65468.1 | K22: =IF(F22="","",TRUNC((F22*H22),2)) -> 3397.43 | L22: =IF(F22="","",TRUNC((J22+K22),2)) -> 68865.53 | M22: =+L22+M21 -> 1415738 | N22: =+M22/L$815 -> 0.2506777 | O22: =IF(N22<0.5,"A",IF(N22>0.8,"C","B")) -> A
A23: =1+A22 -> 23 | C23: C12049 | D23: =IF($C23="","",IFERROR(VLOOKUP($C23,SERVIÇOS!$B:$G,2,0),IFERROR(VLOOKUP($C23,'COMPOSIÇÕES COMPLEMENTARES '!$D:$L,2,0),IFERROR(VLOOKUP($C23,INSUMOS!$A:$D,2,0),"")))) -> UNIDADE CONDENSADORA - SOMENTE FRIO - MARCA DAIKIN (OU EQUIVALENTE TÉCNICO) - MOD. RXQ18TATL - CAP. 171.000BTU/H - TRIFÁSICA - 220V - 60Hz - 260kg | E23: =IF($C23="","",IFERROR(VLOOKUP($C23,SERVIÇOS!$B:$G,3,0),IFERROR(VLOOKUP($C23,'COMPOSIÇÕES COMPLEMENTARES '!$D:$L,3,0),IFERROR(VLOOKUP($C23,INSUMOS!$A:$D,3,0),"")))) -> UN | F23: 1 | G23: =IF($C23="","",IFERROR(VLOOKUP($C23,SERVIÇOS!$B:$G,4,0),IFERROR(VLOOKUP($C23,'COMPOSIÇÕES COMPLEMENTARES '!$D:$L,6,0),IFERROR(VLOOKUP($C23,INSUMOS!$A:$D,4,0),"")))) -> 67406.22 | H23: =IF($C23="","",IFERROR(VLOOKUP($C23,SERVIÇOS!$B:$G,5,0),IFERROR(VLOOKUP($C23,'COMPOSIÇÕES COMPLEMENTARES '!$D:$L,7,0),0))) -> 676.96 | I23: =IF(F23="","",G23+H23) -> 68083.18 | J23: =IF(F23="","",TRUNC((F23*G23),2)) -> 67406.22 | K23: =IF(F23="","",TRUNC((F23*H23),2)) -> 676.96 | L23: =IF(F23="","",TRUNC((J23+K23),2)) -> 68083.18 | M23: =+L23+M22 -> 1483821.2 | N23: =+M23/L$815 -> 0.26273285 | O23: =IF(N23<0.5,"A",IF(N23>0.8,"C","B")) -> A
A24: =1+A23 -> 24 | C24: C200015 | D24: =IF($C24="","",IFERROR(VLOOKUP($C24,SERVIÇOS!$B:$G,2,0),IFERROR(VLOOKUP($C24,'COMPOSIÇÕES COMPLEMENTARES '!$D:$L,2,0),IFERROR(VLOOKUP($C24,INSUMOS!$A:$D,2,0),"")))) -> CONJUNTO DE VIDRO (CV01) EM PERFIL DE ALUMÍNIO SERIE 45, COM PORTA PIVOTANTE DE VIDRO TEMPERADO LISO INCOLOR E=10MM, COM PELÍCULA DE SEGURANÇA, E FOLHAS FIXAS E FOLHAS PROJETANTES COM VIDRO TEMPERADO LISO INCOLOR E=6MM, DIMENSÃO 1634X260CM, CONFORME PROJETO | E24: =IF($C24="","",IFERROR(VLOOKUP($C24,SERVIÇOS!$B:$G,3,0),IFERROR(VLOOKUP($C24,'COMPOSIÇÕES COMPLEMENTARES '!$D:$L,3,0),IFERROR(VLOOKUP($C24,INSUMOS!$A:$D,3,0),"")))) -> UN | F24: 1 | G24: =IF($C24="","",IFERROR(VLOOKUP($C24,SERVIÇOS!$B:$G,4,0),IFERROR(VLOOKUP($C24,'COMPOSIÇÕES COMPLEMENTARES '!$D:$L,6,0),IFERROR(VLOOKUP($C24,INSUMOS!$A:$D,4,0),"")))) -> 61661.83 | H24: =IF($C24="","",IFERROR(VLOOKUP($C24,SERVIÇOS!$B:$G,5,0),IFERROR(VLOOKUP($C24,'COMPOSIÇÕES COMPLEMENTARES '!$D:$L,7,0),0))) -> 4867.66 | I24: =IF(F24="","",G24+H24) -> 66529.49 | J24: =IF(F24="","",TRUNC((F24*G24),2)) -> 61661.83 | K24: =IF(F24="","",TRUNC((F24*H24),2)) -> 4867.66 | L24: =IF(F24="","",TRUNC((J24+K24),2)) -> 66529.49 | M24: =+L24+M23 -> 1550350.7 | N24: =+M24/L$815 -> 0.2745129 | O24: =IF(N24<0.5,"A",IF(N24>0.8,"C","B")) -> A
A25: =1+A24 -> 25 | C25: C3369 | D25: =IF($C25="","",IFERROR(VLOOKUP($C25,SERVIÇOS!$B:$G,2,0),IFERROR(VLOOKUP($C25,'COMPOSIÇÕES COMPLEMENTARES '!$D:$L,2,0),IFERROR(VLOOKUP($C25,INSUMOS!$A:$D,2,0),"")))) -> EXECUÇÃO DE CANALETA DE CONCRETO PARA DRENAGEM SUPERFICIAL, TIPO MEIA CANA, ASSENTADA EM ARGAMASSA, NA PARTE SUPERIOR EXTERNA DO TALUDE, INCLUSIVE ESCAVAÇÃO MANUAL DE VALA, ASSENTAMENTO E ACABAMENTO. | E25: =IF($C25="","",IFERROR(VLOOKUP($C25,SERVIÇOS!$B:$G,3,0),IFERROR(VLOOKUP($C25,'COMPOSIÇÕES COMPLEMENTARES '!$D:$L,3,0),IFERROR(VLOOKUP($C25,INSUMOS!$A:$D,3,0),"")))) -> M | F25: 105.02 | G25: =IF($C25="","",IFERROR(VLOOKUP($C25,SERVIÇOS!$B:$G,4,0),IFERROR(VLOOKUP($C25,'COMPOSIÇÕES COMPLEMENTARES '!$D:$L,6,0),IFERROR(VLOOKUP($C25,INSUMOS!$A:$D,4,0),"")))) -> 518.8 | H25: =IF($C25="","",IFERROR(VLOOKUP($C25,SERVIÇOS!$B:$G,5,0),IFERROR(VLOOKUP($C25,'COMPOSIÇÕES COMPLEMENTARES '!$D:$L,7,0),0))) -> 38.56 | I25: =IF(F25="","",G25+H25) -> 557.36 | J25: =IF(F25="","",TRUNC((F25*G25),2)) -> 54484.37 | K25: =IF(F25="","",TRUNC((F25*H25),2)) -> 4049.57 | L25: =IF(F25="","",TRUNC((J25+K25),2)) -> 58533.94 | M25: =+L25+M24 -> 1608884.6 | N25: =+M25/L$815 -> 0.28487721 | O25: =IF(N25<0.5,"A",IF(N25>0.8,"C","B")) -> A
A26: =1+A25 -> 26 | C26: C4901 | D26: =IF($C26="","",IFERROR(VLOOKUP($C26,SERVIÇOS!$B:$G,2,0),IFERROR(VLOOKUP($C26,'COMPOSIÇÕES COMPLEMENTARES '!$D:$L,2,0),IFERROR(VLOOKUP($C26,INSUMOS!$A:$D,2,0),"")))) -> SISTEMA CENTRAL DE AR COMPRIMIDO MEDICINAL, DE CAPACIDADE MÍNIMA DE OPERAÇÃO DE 12M³/H, CONTENDO: - FILTRO DE ASPIRAÇÃO; - COMPRESSORES DE AR (OPERAÇÃO E BACKUP) DO TIPO PISTÃO ISENTOS DE ÓLEO COM VAZÃO DE OPERAÇÃO; - CONJUNTO DE FILTRAGEM; - SECADOR POR ADSORÇÃO; - RESERVATÓRIO DE AR COMPRIMIDO; - SISTEMA DE REGULAGEM DE PRESSÃO; - PAINEL DE ALARME OPERACIONAL COM TRANSMISSOR DE PRESSÃO DADOS TÉCNICOS: 1810KG - MONOFÁSICA - 4,6KW - 220V - 60HZ DIMENSÃO: 2100x2000x2800MM (A x L x P). REF: VALMIG AIRMED-STD-12D OU EQUIVALENTE TÉCNICO | E26: =IF($C26="","",IFERROR(VLOOKUP($C26,SERVIÇOS!$B:$G,3,0),IFERROR(VLOOKUP($C26,'COMPOSIÇÕES COMPLEMENTARES '!$D:$L,3,0),IFERROR(VLOOKUP($C26,INSUMOS!$A:$D,3,0),"")))) -> UN | F26: 1 | G26: =IF($C26="","",IFERROR(VLOOKUP($C26,SERVIÇOS!$B:$G,4,0),IFERROR(VLOOKUP($C26,'COMPOSIÇÕES COMPLEMENTARES '!$D:$L,6,0),IFERROR(VLOOKUP($C26,INSUMOS!$A:$D,4,0),"")))) -> 56900 | H26: =IF($C26="","",IFERROR(VLOOKUP($C26,SERVIÇOS!$B:$G,5,0),IFERROR(VLOOKUP($C26,'COMPOSIÇÕES COMPLEMENTARES '!$D:$L,7,0),0))) -> 0 | I26: =IF(F26="","",G26+H26) -> 56900 | J26: =IF(F26="","",TRUNC((F26*G26),2)) -> 56900 | K26: =IF(F26="","",TRUNC((F26*H26),2)) -> 0 | L26: =IF(F26="","",TRUNC((J26+K26),2)) -> 56900 | M26: =+L26+M25 -> 1665784.6 | N26: =+M26/L$815 -> 0.29495221 | O26: =IF(N26<0.5,"A",IF(N26>0.8,"C","B")) -> A
A27: =1+A26 -> 27 | C27: 100342 | D27: =IF($C27="","",IFERROR(VLOOKUP($C27,SERVIÇOS!$B:$G,2,0),IFERROR(VLOOKUP($C27,'COMPOSIÇÕES COMPLEMENTARES '!$D:$L,2,0),IFERROR(VLOOKUP($C27,INSUMOS!$A:$D,2,0),"")))) -> ARMAÇÃO DE CORTINA DE CONTENÇÃO EM CONCRETO ARMADO, COM AÇO CA-50 DE 6,3 MM - MONTAGEM. AF_11/2024 | E27: =IF($C27="","",IFERROR(VLOOKUP($C27,SERVIÇOS!$B:$G,3,0),IFERROR(VLOOKUP($C27,'COMPOSIÇÕES COMPLEMENTARES '!$D:$L,3,0),IFERROR(VLOOKUP($C27,INSUMOS!$A:$D,3,0),"")))) -> KG | F27: 2922.9 | G27: =IF($C27="","",IFERROR(VLOOKUP($C27,SERVIÇOS!$B:$G,4,0),IFERROR(VLOOKUP($C27,'COMPOSIÇÕES COMPLEMENTARES '!$D:$L,6,0),IFERROR(VLOOKUP($C27,INSUMOS!$A:$D,4,0),"")))) -> 11.99 | H27: =IF($C27="","",IFERROR(VLOOKUP($C27,SERVIÇOS!$B:$G,5,0),IFERROR(VLOOKUP($C27,'COMPOSIÇÕES COMPLEMENTARES '!$D:$L,7,0),0))) -> 7.02 | I27: =IF(F27="","",G27+H27) -> 19.01 | J27: =IF(F27="","",TRUNC((F27*G27),2)) -> 35045.57 | K27: =IF(F27="","",TRUNC((F27*H27),2)) -> 20518.75 | L27: =IF(F27="","",TRUNC((J27+K27),2)) -> 55564.32 | M27: =+L27+M26 -> 1721349 | N27: =+M27/L$815 -> 0.30479071 | O27: =IF(N27<0.5,"A",IF(N27>0.8,"C","B")) -> A
A28: =1+A27 -> 28 | C28: C2721 | D28: =IF($C28="","",IFERROR(VLOOKUP($C28,SERVIÇOS!$B:$G,2,0),IFERROR(VLOOKUP($C28,'COMPOSIÇÕES COMPLEMENTARES '!$D:$L,2,0),IFERROR(VLOOKUP($C28,INSUMOS!$A:$D,2,0),"")))) -> UNIDADES DE TRATAMENTO DE AR MODULAR DE MONTAGEM HORIZONTAL PARA ENTREFORRO AMBIENTES ATENDIDOS: SALA DE RAIO-X LOCALIZAÇÃO: ENTREFORRO TIPO DE SISTEMA DE CLIMATIZAÇÃO: EXPANSÃO DIRETA, FLUIDO R410A (OBS: DEVE ACOMPANHAR VÁLVULA DE EXPANSÃO ELETRÔNICA CONFORME SELEÇÃO DO FABRICANTE) CARGA TÉRMICA TOTAL DA SERPENTINA: 5,03kW CARGA TÉRMICA SENSÍVEL DA SERPENTINA: 3,98kW VAZÃO DE INSUFLAMENTO: 980m³/h VAZÃO DE AR EXTERNO: 140m³/h VAZÃO DE ÁGUA GELADA: NÃO APLICÁVEL CONDIÇÕES DO AR EXTERNO TBS/TBUc (°C): 34 / 21,7 CONDIÇÕES DA SAÍDA DA SERPENTINA TBS/TBUc: 13,5 / 12,9 FILTRAGEM DE 1° ESTÁGIO: G4 FILTRAGEM DE 2° ESTÁGIO: F8 FILTRAGEM DE 3° ESTÁGIO: NÃO APLICÁVEL PRESSÃO ESTÁTICA DISPONÍVEL PARA DUTOS (mmCA): 15 PRESSÃO ESTÁTICA INTERNA CONSIDERADA (mmCA): 90* PRESSÃO ESTÁTICA TOTAL CONSIDERADA: 105* TIPO DE ROTOR: PLENUM FAN E.C OU PLENUM FAN A.C TIPO DE ACOPLAMENTO DO MOTOR: DIRETO TENSÃO ELÉTRICA MOTOR: 220/3F POTÊNCIA DO MOTOR (kW): 0,55 VARIADOR DE FREQUÊNCIA: SIM TENSÃO ELÉTRICA RESISTÊNCIA: N/A POTÊNCIA DA RESISTÊNCIA ELÉTRICA - DESUMIDIFICAÇÃO (kW): N/A TENSÃO ELÉTRICA UMIDIFICADOR: N/A CAPACIDADE DO UMIDIFICADOR (kg/h): N/A POTÊNCIA DO UMIDIFICADOR (kW): N/A MÓDULO ATENUADOR DE RUÍDO: NÃO ILUMINAÇÃO INTERNA DOS MÓDULOS: SIM LÂMPADA UVC NA SERPENTINA: SIM QUADRO COMANDO: INCLUSO PARA ACIONAMENTO, CONTROLE DE TEMPERATURA E UMIDADE E CONTROLE DE VELOCIDADE COM SATURAÇÃO DE FILTROS DAMPERS DE REGULAGEM: EM TODAS AS CONEXÕES DE ENTRADA DE AR DO EQUIPAMENTO JUNTAS FLEXÍVEIS: EM TODAS AS CONEXÕES DE ENTRADA DO EQUIPAMENTO COXINS/CALÇOS DE BORRACHA: SIM *DADOS PODEM VARIAR DE ACORDO COM FABRICANTE E FORNECEDORES DE FILTROS E ACESSÓRIOS | E28: =IF($C28="","",IFERROR(VLOOKUP($C28,SERVIÇOS!$B:$G,3,0),IFERROR(VLOOKUP($C28,'COMPOSIÇÕES COMPLEMENTARES '!$D:$L,3,0),IFERROR(VLOOKUP($C28,INSUMOS!$A:$D,3,0),"")))) -> UN | F28: 1 | G28: =IF($C28="","",IFERROR(VLOOKUP($C28,SERVIÇOS!$B:$G,4,0),IFERROR(VLOOKUP($C28,'COMPOSIÇÕES COMPLEMENTARES '!$D:$L,6,0),IFERROR(VLOOKUP($C28,INSUMOS!$A:$D,4,0),"")))) -> 51541.84 | H28: =IF($C28="","",IFERROR(VLOOKUP($C28,SERVIÇOS!$B:$G,5,0),IFERROR(VLOOKUP($C28,'COMPOSIÇÕES COMPLEMENTARES '!$D:$L,7,0),0))) -> 3651.43 | I28: =IF(F28="","",G28+H28) -> 55193.27 | J28: =IF(F28="","",TRUNC((F28*G28),2)) -> 51541.84 | K28: =IF(F28="","",TRUNC((F28*H28),2)) -> 3651.43 | L28: =IF(F28="","",TRUNC((J28+K28),2)) -> 55193.27 | M28: =+L28+M27 -> 1776542.2 | N28: =+M28/L$815 -> 0.31456351 | O28: =IF(N28<0.5,"A",IF(N28>0.8,"C","B")) -> A
A29: =1+A28 -> 29 | C29: C2719 | D29: =IF($C29="","",IFERROR(VLOOKUP($C29,SERVIÇOS!$B:$G,2,0),IFERROR(VLOOKUP($C29,'COMPOSIÇÕES COMPLEMENTARES '!$D:$L,2,0),IFERROR(VLOOKUP($C29,INSUMOS!$A:$D,2,0),"")))) -> UNIDADES DE TRATAMENTO DE AR MODULAR DE MONTAGEM HORIZONTAL PARA ENTREFORRO AMBIENTES ATENDIDOS: SALA DE EMERGÊNCIA LOCALIZAÇÃO: ENTREFORRO TIPO DE SISTEMA DE CLIMATIZAÇÃO: EXPANSÃO DIRETA, FLUIDO R410A (OBS: DEVE ACOMPANHAR VÁLVULA DE EXPANSÃO ELETRÔNICA CONFORME SELEÇÃO DO FABRICANTE) CARGA TÉRMICA TOTAL DA SERPENTINA: 4,29kW CARGA TÉRMICA SENSÍVEL DA SERPENTINA: 3,09kW VAZÃO DE INSUFLAMENTO: 830m³/h VAZÃO DE AR EXTERNO: 100m³/h VAZÃO DE ÁGUA GELADA: NÃO APLICÁVEL CONDIÇÕES DO AR EXTERNO TBS/TBUc (°C): 34 / 21,7 CONDIÇÕES DA SAÍDA DA SERPENTINA TBS/TBUc: 13,5 / 12,9 FILTRAGEM DE 1° ESTÁGIO: G4 FILTRAGEM DE 2° ESTÁGIO: F8 FILTRAGEM DE 3° ESTÁGIO: NÃO APLICÁVEL PRESSÃO ESTÁTICA DISPONÍVEL PARA DUTOS (mmCA): 15 PRESSÃO ESTÁTICA INTERNA CONSIDERADA (mmCA): 90* PRESSÃO ESTÁTICA TOTAL CONSIDERADA: 105* TIPO DE ROTOR: PLENUM FAN E.C OU PLENUM FAN A.C TIPO DE ACOPLAMENTO DO MOTOR: DIRETO TENSÃO ELÉTRICA MOTOR: 220/3F POTÊNCIA DO MOTOR (kW): 0,55 VARIADOR DE FREQUÊNCIA: SIM TENSÃO ELÉTRICA RESISTÊNCIA: N/A POTÊNCIA DA RESISTÊNCIA ELÉTRICA - DESUMIDIFICAÇÃO (kW): N/A TENSÃO ELÉTRICA UMIDIFICADOR: N/A CAPACIDADE DO UMIDIFICADOR (kg/h): N/A POTÊNCIA DO UMIDIFICADOR (kW): N/A MÓDULO ATENUADOR DE RUÍDO: NÃO ILUMINAÇÃO INTERNA DOS MÓDULOS: SIM LÂMPADA UVC NA SERPENTINA: SIM QUADRO COMANDO: INCLUSO PARA ACIONAMENTO, CONTROLE DE TEMPERATURA E UMIDADE E CONTROLE DE VELOCIDADE COM SATURAÇÃO DE FILTROS DAMPERS DE REGULAGEM: EM TODAS AS CONEXÕES DE ENTRADA DE AR DO EQUIPAMENTO JUNTAS FLEXÍVEIS: EM TODAS AS CONEXÕES DE ENTRADA DO EQUIPAMENTO COXINS/CALÇOS DE BORRACHA: SIM *DADOS PODEM VARIAR DE ACORDO COM FABRICANTE E FORNECEDORES DE FILTROS E ACESSÓRIOS | E29: =IF($C29="","",IFERROR(VLOOKUP($C29,SERVIÇOS!$B:$G,3,0),IFERROR(VLOOKUP($C29,'COMPOSIÇÕES COMPLEMENTARES '!$D:$L,3,0),IFERROR(VLOOKUP($C29,INSUMOS!$A:$D,3,0),"")))) -> UN | F29: 1 | G29: =IF($C29="","",IFERROR(VLOOKUP($C29,SERVIÇOS!$B:$G,4,0),IFERROR(VLOOKUP($C29,'COMPOSIÇÕES COMPLEMENTARES '!$D:$L,6,0),IFERROR(VLOOKUP($C29,INSUMOS!$A:$D,4,0),"")))) -> 50306.36 | H29: =IF($C29="","",IFERROR(VLOOKUP($C29,SERVIÇOS!$B:$G,5,0),IFERROR(VLOOKUP($C29,'COMPOSIÇÕES COMPLEMENTARES '!$D:$L,7,0),0))) -> 3651.43 | I29: =IF(F29="","",G29+H29) -> 53957.79 | J29: =IF(F29="","",TRUNC((F29*G29),2)) -> 50306.36 | K29: =IF(F29="","",TRUNC((F29*H29),2)) -> 3651.43 | L29: =IF(F29="","",TRUNC((J29+K29),2)) -> 53957.79 | M29: =+L29+M28 -> 1830500 | N29: =+M29/L$815 -> 0.32411754 | O29: =IF(N29<0.5,"A",IF(N29>0.8,"C","B")) -> A
A30: =1+A29 -> 30 | C30: C2715 | D30: =IF($C30="","",IFERROR(VLOOKUP($C30,SERVIÇOS!$B:$G,2,0),IFERROR(VLOOKUP($C30,'COMPOSIÇÕES COMPLEMENTARES '!$D:$L,2,0),IFERROR(VLOOKUP($C30,INSUMOS!$A:$D,2,0),"")))) -> UNIDADES DE TRATAMENTO DE AR MODULAR DE MONTAGEM HORIZONTAL PARA ENTREFORRO AMBIENTES ATENDIDOS: FARMÁCIA - DILUIÇÃO LOCALIZAÇÃO: ENTREFORRO TIPO DE SISTEMA DE CLIMATIZAÇÃO: EXPANSÃO DIRETA, FLUIDO R410A (OBS: DEVE ACOMPANHAR VÁLVULA DE EXPANSÃO ELETRÔNICA CONFORME SELEÇÃO DO FABRICANTE) CARGA TÉRMICA TOTAL DA SERPENTINA: 3,55kW CARGA TÉRMICA SENSÍVEL DA SERPENTINA: 2,51kW VAZÃO DE INSUFLAMENTO: 700m³/h VAZÃO DE AR EXTERNO: 100m³/h VAZÃO DE ÁGUA GELADA: NÃO APLICÁVEL CONDIÇÕES DO AR EXTERNO TBS/TBUc (°C): 34 / 21,7 CONDIÇÕES DA SAÍDA DA SERPENTINA TBS/TBUc: 13,5 / 12,9 FILTRAGEM DE 1° ESTÁGIO: G4 FILTRAGEM DE 2° ESTÁGIO: F8 FILTRAGEM DE 3° ESTÁGIO: NÃO APLICÁVEL PRESSÃO ESTÁTICA DISPONÍVEL PARA DUTOS (mmCA): 15 PRESSÃO ESTÁTICA INTERNA CONSIDERADA (mmCA): 90* PRESSÃO ESTÁTICA TOTAL CONSIDERADA: 105* TIPO DE ROTOR: PLENUM FAN E.C OU PLENUM FAN A.C TIPO DE ACOPLAMENTO DO MOTOR: DIRETO TENSÃO ELÉTRICA MOTOR: 220/3F POTÊNCIA DO MOTOR (kW): 0,55 VARIADOR DE FREQUÊNCIA: SIM TENSÃO ELÉTRICA RESISTÊNCIA: 220/3F POTÊNCIA DA RESISTÊNCIA ELÉTRICA - DESUMIDIFICAÇÃO (kW): 2,00 TENSÃO ELÉTRICA UMIDIFICADOR: N/A CAPACIDADE DO UMIDIFICADOR (kg/h): N/A POTÊNCIA DO UMIDIFICADOR (kW): N/A MÓDULO ATENUADOR DE RUÍDO: NÃO ILUMINAÇÃO INTERNA DOS MÓDULOS: SIM LÂMPADA UVC NA SERPENTINA: SIM QUADRO COMANDO: INCLUSO PARA ACIONAMENTO, CONTROLE DE TEMPERATURA E UMIDADE E CONTROLE DE VELOCIDADE COM SATURAÇÃO DE FILTROS DAMPERS DE REGULAGEM: EM TODAS AS CONEXÕES DE ENTRADA DE AR DO EQUIPAMENTO JUNTAS FLEXÍVEIS: EM TODAS AS CONEXÕES DE ENTRADA DO EQUIPAMENTO COXINS/CALÇOS DE BORRACHA: SIM *DADOS PODEM VARIAR DE ACORDO COM FABRICANTE E FORNECEDORES DE FILTROS E ACESSÓRIOS | E30: =IF($C30="","",IFERROR(VLOOKUP($C30,SERVIÇOS!$B:$G,3,0),IFERROR(VLOOKUP($C30,'COMPOSIÇÕES COMPLEMENTARES '!$D:$L,3,0),IFERROR(VLOOKUP($C30,INSUMOS!$A:$D,3,0),"")))) -> UN | F30: 1 | G30: =IF($C30="","",IFERROR(VLOOKUP($C30,SERVIÇOS!$B:$G,4,0),IFERROR(VLOOKUP($C30,'COMPOSIÇÕES COMPLEMENTARES '!$D:$L,6,0),IFERROR(VLOOKUP($C30,INSUMOS!$A:$D,4,0),"")))) -> 50306.36 | H30: =IF($C30="","",IFERROR(VLOOKUP($C30,SERVIÇOS!$B:$G,5,0),IFERROR(VLOOKUP($C30,'COMPOSIÇÕES COMPLEMENTARES '!$D:$L,7,0),0))) -> 3651.43 | I30: =IF(F30="","",G30+H30) -> 53957.79 | J30: =IF(F30="","",TRUNC((F30*G30),2)) -> 50306.36 | K30: =IF(F30="","",TRUNC((F30*H30),2)) -> 3651.43 | L30: =IF(F30="","",TRUNC((J30+K30),2)) -> 53957.79 | M30: =+L30+M29 -> 1884457.8 | N30: =+M30/L$815 -> 0.33367158 | O30: =IF(N30<0.5,"A",IF(N30>0.8,"C","B")) -> A
A31: =1+A30 -> 31 | C31: C2712 | D31: =IF($C31="","",IFERROR(VLOOKUP($C31,SERVIÇOS!$B:$G,2,0),IFERROR(VLOOKUP($C31,'COMPOSIÇÕES COMPLEMENTARES '!$D:$L,2,0),IFERROR(VLOOKUP($C31,INSUMOS!$A:$D,2,0),"")))) -> UNIDADES DE TRATAMENTO DE AR MODULAR DE MONTAGEM HORIZONTAL PARA ENTREFORRO AMBIENTES ATENDIDOS: FARMÁCIA - FRACIONAMENTO LOCALIZAÇÃO: ENTREFORRO TIPO DE SISTEMA DE CLIMATIZAÇÃO: EXPANSÃO DIRETA, FLUIDO R410A (OBS: DEVE ACOMPANHAR VÁLVULA DE EXPANSÃO ELETRÔNICA CONFORME SELEÇÃO DO FABRICANTE) CARGA TÉRMICA TOTAL DA SERPENTINA: 1,60kW CARGA TÉRMICA SENSÍVEL DA SERPENTINA: 1,11kW VAZÃO DE INSUFLAMENTO: 700m³/h VAZÃO DE AR EXTERNO: 30m³/h VAZÃO DE ÁGUA GELADA: NÃO APLICÁVEL CONDIÇÕES DO AR EXTERNO TBS/TBUc (°C): 34 / 21,7 CONDIÇÕES DA SAÍDA DA SERPENTINA TBS/TBUc: 13,5 / 12,9 FILTRAGEM DE 1° ESTÁGIO: G4 FILTRAGEM DE 2° ESTÁGIO: F8 FILTRAGEM DE 3° ESTÁGIO: NÃO APLICÁVEL PRESSÃO ESTÁTICA DISPONÍVEL PARA DUTOS (mmCA): 15 PRESSÃO ESTÁTICA INTERNA CONSIDERADA (mmCA): 90* PRESSÃO ESTÁTICA TOTAL CONSIDERADA: 105* TIPO DE ROTOR: PLENUM FAN E.C OU PLENUM FAN A.C TIPO DE ACOPLAMENTO DO MOTOR: DIRETO TENSÃO ELÉTRICA MOTOR: 220/3F POTÊNCIA DO MOTOR (kW): 0,55 VARIADOR DE FREQUÊNCIA: SIM TENSÃO ELÉTRICA RESISTÊNCIA: 220/3F POTÊNCIA DA RESISTÊNCIA ELÉTRICA - DESUMIDIFICAÇÃO (kW): 2,00 TENSÃO ELÉTRICA UMIDIFICADOR: N/A CAPACIDADE DO UMIDIFICADOR (kg/h): N/A POTÊNCIA DO UMIDIFICADOR (kW): N/A MÓDULO ATENUADOR DE RUÍDO: NÃO ILUMINAÇÃO INTERNA DOS MÓDULOS: SIM LÂMPADA UVC NA SERPENTINA: SIM QUADRO COMANDO: INCLUSO PARA ACIONAMENTO, CONTROLE DE TEMPERATURA E UMIDADE E CONTROLE DE VELOCIDADE COM SATURAÇÃO DE FILTROS DAMPERS DE REGULAGEM: EM TODAS AS CONEXÕES DE ENTRADA DE AR DO EQUIPAMENTO JUNTAS FLEXÍVEIS: EM TODAS AS CONEXÕES DE ENTRADA DO EQUIPAMENTO COXINS/CALÇOS DE BORRACHA: SIM *DADOS PODEM VARIAR DE ACORDO COM FABRICANTE E FORNECEDORES DE FILTROS E ACESSÓRIOS | E31: =IF($C31="","",IFERROR(VLOOKUP($C31,SERVIÇOS!$B:$G,3,0),IFERROR(VLOOKUP($C31,'COMPOSIÇÕES COMPLEMENTARES '!$D:$L,3,0),IFERROR(VLOOKUP($C31,INSUMOS!$A:$D,3,0),"")))) -> UN | F31: 1 | G31: =IF($C31="","",IFERROR(VLOOKUP($C31,SERVIÇOS!$B:$G,4,0),IFERROR(VLOOKUP($C31,'COMPOSIÇÕES COMPLEMENTARES '!$D:$L,6,0),IFERROR(VLOOKUP($C31,INSUMOS!$A:$D,4,0),"")))) -> 50306.36 | H31: =IF($C31="","",IFERROR(VLOOKUP($C31,SERVIÇOS!$B:$G,5,0),IFERROR(VLOOKUP($C31,'COMPOSIÇÕES COMPLEMENTARES '!$D:$L,7,0),0))) -> 3651.43 | I31: =IF(F31="","",G31+H31) -> 53957.79 | J31: =IF(F31="","",TRUNC((F31*G31),2)) -> 50306.36 | K31: =IF(F31="","",TRUNC((F31*H31),2)) -> 3651.43 | L31: =IF(F31="","",TRUNC((J31+K31),2)) -> 53957.79 | M31: =+L31+M30 -> 1938415.6 | N31: =+M31/L$815 -> 0.34322562 | O31: =IF(N31<0.5,"A",IF(N31>0.8,"C","B")) -> A
A32: =1+A31 -> 32 | C32: C2720 | D32: =IF($C32="","",IFERROR(VLOOKUP($C32,SERVIÇOS!$B:$G,2,0),IFERROR(VLOOKUP($C32,'COMPOSIÇÕES COMPLEMENTARES '!$D:$L,2,0),IFERROR(VLOOKUP($C32,INSUMOS!$A:$D,2,0),"")))) -> UNIDADES DE TRATAMENTO DE AR MODULAR DE MONTAGEM HORIZONTAL PARA ENTREFORRO AMBIENTES ATENDIDOS: FARMÁCIA - CAF LOCALIZAÇÃO: ENTREFORRO TIPO DE SISTEMA DE CLIMATIZAÇÃO: EXPANSÃO DIRETA, FLUIDO R410A (OBS: DEVE ACOMPANHAR VÁLVULA DE EXPANSÃO ELETRÔNICA CONFORME SELEÇÃO DO FABRICANTE) CARGA TÉRMICA TOTAL DA SERPENTINA: 4,35kW CARGA TÉRMICA SENSÍVEL DA SERPENTINA: 3,26kW VAZÃO DE INSUFLAMENTO: 700m³/h VAZÃO DE AR EXTERNO: 50m³/h VAZÃO DE ÁGUA GELADA: NÃO APLICÁVEL CONDIÇÕES DO AR EXTERNO TBS/TBUc (°C): 34 / 21,7 CONDIÇÕES DA SAÍDA DA SERPENTINA TBS/TBUc: 13,5 / 12,9 FILTRAGEM DE 1° ESTÁGIO: G4 FILTRAGEM DE 2° ESTÁGIO: F8 FILTRAGEM DE 3° ESTÁGIO: NÃO APLICÁVEL PRESSÃO ESTÁTICA DISPONÍVEL PARA DUTOS (mmCA): 15 PRESSÃO ESTÁTICA INTERNA CONSIDERADA (mmCA): 90* PRESSÃO ESTÁTICA TOTAL CONSIDERADA: 105* TIPO DE ROTOR: PLENUM FAN E.C OU PLENUM FAN A.C TIPO DE ACOPLAMENTO DO MOTOR: DIRETO TENSÃO ELÉTRICA MOTOR: 220/3F POTÊNCIA DO MOTOR (kW): 0,55 VARIADOR DE FREQUÊNCIA: SIM TENSÃO ELÉTRICA RESISTÊNCIA: 220/2F POTÊNCIA DA RESISTÊNCIA ELÉTRICA - DESUMIDIFICAÇÃO (kW): 0,50 TENSÃO ELÉTRICA UMIDIFICADOR: N/A CAPACIDADE DO UMIDIFICADOR (kg/h): N/A POTÊNCIA DO UMIDIFICADOR (kW): N/A MÓDULO ATENUADOR DE RUÍDO: NÃO ILUMINAÇÃO INTERNA DOS MÓDULOS: SIM LÂMPADA UVC NA SERPENTINA: SIM QUADRO COMANDO: INCLUSO PARA ACIONAMENTO, CONTROLE DE TEMPERATURA E UMIDADE E CONTROLE DE VELOCIDADE COM SATURAÇÃO DE FILTROS DAMPERS DE REGULAGEM: EM TODAS AS CONEXÕES DE ENTRADA DE AR DO EQUIPAMENTO JUNTAS FLEXÍVEIS: EM TODAS AS CONEXÕES DE ENTRADA DO EQUIPAMENTO COXINS/CALÇOS DE BORRACHA: SIM *DADOS PODEM VARIAR DE ACORDO COM FABRICANTE E FORNECEDORES DE FILTROS E ACESSÓRIOS | E32: =IF($C32="","",IFERROR(VLOOKUP($C32,SERVIÇOS!$B:$G,3,0),IFERROR(VLOOKUP($C32,'COMPOSIÇÕES COMPLEMENTARES '!$D:$L,3,0),IFERROR(VLOOKUP($C32,INSUMOS!$A:$D,3,0),"")))) -> UN | F32: 1 | G32: =IF($C32="","",IFERROR(VLOOKUP($C32,SERVIÇOS!$B:$G,4,0),IFERROR(VLOOKUP($C32,'COMPOSIÇÕES COMPLEMENTARES '!$D:$L,6,0),IFERROR(VLOOKUP($C32,INSUMOS!$A:$D,4,0),"")))) -> 50306.36 | H32: =IF($C32="","",IFERROR(VLOOKUP($C32,SERVIÇOS!$B:$G,5,0),IFERROR(VLOOKUP($C32,'COMPOSIÇÕES COMPLEMENTARES '!$D:$L,7,0),0))) -> 3651.43 | I32: =IF(F32="","",G32+H32) -> 53957.79 | J32: =IF(F32="","",TRUNC((F32*G32),2)) -> 50306.36 | K32: =IF(F32="","",TRUNC((F32*H32),2)) -> 3651.43 | L32: =IF(F32="","",TRUNC((J32+K32),2)) -> 53957.79 | M32: =+L32+M31 -> 1992373.4 | N32: =+M32/L$815 -> 0.35277966 | O32: =IF(N32<0.5,"A",IF(N32>0.8,"C","B")) -> A
